Workbook
Name sheet0_f_fdckfxmbh: #REF!
Name 取得土地使用权所支付的金额: '[1]项目分类（不可删除）'!$B$3:$D$3
Name 土地征用及拆迁补偿费: '[1]项目分类（不可删除）'!$B$4:$H$4

Sheet 汇总表
A1: 新疆通力画堂春锦苑一期 楼盘销售月报（2024.10）
A2: 序号 | B2: 楼号 | C2: 开发数量 | D2: 可销售 | E2: 本月销售情况 | J2: 开发面积（m2） | K2: 可销售面积（m2） | L2: 累计销售情况 | T2: 未销售数（含置换） | W2: 备注
C3: 套数 | D3: 套数 | E3: 成交 套数 | F3: 成交总金额（元） | G3: 已收取房款（元） | H3: 施工许可证 | L3: 成交 套数 | M3: 成交金额（元） | N3: 成交面积（m2） | O3: 累计收取房款（元） | P3: 本月到账贷款 | Q3: 累计到帐贷款 | R3: 房款合计 | S3: 应收款 | T3: 套数 | U3: 未销售面积（m2） | V3: 金额（元）
A4: 1 | B4: 画堂春锦苑一期13#14#15#17#18#楼（商业） | C4: ='画堂春锦13#14#15#17#18# 商铺'!A148 -> 140 | D4: =C4 -> 140 | G4: ='画堂春锦13#14#15#17#18# 商铺'!T151 -> 10456397 | J4: ='画堂春锦13#14#15#17#18# 商铺'!K151 -> 15320.31 | K4: =J4-976.47-524.4-152.79-15.25-16.01 -> 13635.39 | L4: ='画堂春锦13#14#15#17#18# 商铺'!B151 -> 6 | M4: ='画堂春锦13#14#15#17#18# 商铺'!N151 -> 1.5927113e+08 | N4: ='画堂春锦13#14#15#17#18# 商铺'!L151 -> 10078.84 | O4: ='画堂春锦13#14#15#17#18# 商铺'!AL151 -> 140667677 | P4: ='画堂春锦13#14#15#17#18# 商铺'!AM151 -> 0 | Q4: ='画堂春锦13#14#15#17#18# 商铺'!AN151 -> 0 | R4: =O4+Q4 -> 140667677 | S4: =M4-R4 -> 18603454 | T4: =D4-L4 -> 134 | U4: =K4-N4 -> 3556.55
A5: 2 | B5: 画堂春锦苑一期9#10#11#12#楼（住宅) | C5: ='画堂春锦9#10#11#12#住宅'!A332 -> 242 | D5: =C5 -> 242 | G5: ='画堂春锦9#10#11#12#住宅'!R333 -> 1235107 | J5: ='画堂春锦9#10#11#12#住宅'!J333 -> 31331.37 | K5: =J5-4.49-22.24-19.83-4.39-548.24-753.94-625.87-615.6 -> 28736.77 | L5: 222 | M5: ='画堂春锦9#10#11#12#住宅'!M333 -> 1.5814845e+08 | N5: ='画堂春锦9#10#11#12#住宅'!K333 -> 26966.54 | O5: ='画堂春锦9#10#11#12#住宅'!AH333 -> 153843666 | P5: ='画堂春锦9#10#11#12#住宅'!AI333 -> 0 | Q5: ='画堂春锦9#10#11#12#住宅'!AJ333 -> 0 | R5: =O5+Q5 -> 153843666 | S5: =M5-R5 -> 4304783.9 | T5: =D5-L5 -> 20 | U5: =K5-N5 -> 1770.23
A6: 3 | B6: 画堂春锦苑二期1#-3#5#/7#楼住宅销售明细表 | C6: ='画堂春锦苑1#2#3#5#7#楼住宅销售明细表'!A439 -> 364 | D6: =C6 -> 364 | G6: ='画堂春锦苑1#2#3#5#7#楼住宅销售明细表'!R440 -> 6265316 | J6: ='画堂春锦苑1#2#3#5#7#楼住宅销售明细表'!J440 -> 48353.19 | K6: =J6-693.5-949.92-60.09-743.78-560.48-557.5 -> 44787.92 | L6: 235 | M6: ='画堂春锦苑1#2#3#5#7#楼住宅销售明细表'!M440 -> 1.8905067e+08 | N6: ='画堂春锦苑1#2#3#5#7#楼住宅销售明细表'!K440 -> 32739.34 | O6: ='画堂春锦苑1#2#3#5#7#楼住宅销售明细表'!AH440 -> 163550032 | P6: ='画堂春锦9#10#11#12#住宅'!AI337 -> 0 | Q6: ='画堂春锦苑1#2#3#5#7#楼住宅销售明细表'!AJ440 -> 0 | R6: =O6+Q6 -> 163550032 | S6: =M6-R6 -> 25500636 | T6: =D6-L6 -> 129 | U6: =K6-N6 -> 12048.58
A7: 4 | B7: 画堂春锦苑二期8#楼住宅销售明细表 | C7: ='画堂春锦苑8#楼明细表'!A69 -> 66 | D7: =C7 -> 66 | G7: ='画堂春锦苑8#楼明细表'!R71 -> 7010026 | J7: ='画堂春锦苑8#楼明细表'!J71 -> 8308.96 | K7: =J7 -> 8308.96 | L7: 23 | M7: ='画堂春锦苑8#楼明细表'!M71 -> 30523070 | N7: ='画堂春锦苑8#楼明细表'!K71 -> 5171.2 | O7: ='画堂春锦苑8#楼明细表'!AH71 -> 21412587 | P7: ='画堂春锦9#10#11#12#住宅'!AI338 -> 0 | Q7: ='画堂春锦苑8#楼明细表'!AJ71 -> 0 | R7: =O7+Q7 -> 21412587 | S7: ='画堂春锦苑8#楼明细表'!AK71 -> 9110483 | T7: =D7-L7 -> 43 | U7: =K7-N7 -> 3137.76
A8: 5 | B8: 画堂春锦苑住宅4#6# | C8: ='画堂春锦苑住宅4#6#'!A168 -> 132 | G8: ='画堂春锦苑住宅4#6#'!R168 -> 604708 | J8: ='画堂春锦苑住宅4#6#'!J168 -> 19425.76 | M8: ='画堂春锦苑住宅4#6#'!M168 -> 3887984 | N8: ='画堂春锦苑住宅4#6#'!K168 -> 662.77 | O8: ='画堂春锦苑住宅4#6#'!AH168 -> 618708 | R8: =O8+Q8 -> 618708 | U8: =K8-N8 -> -662.77
A9: 6 | B9: 画堂春锦苑二期商业16#19#（入会） | C9: ='画堂春锦苑商业16#19#'!A64 -> 61 | G9: ='画堂春锦苑商业16#19#'!R65 -> 14000 | J9: ='画堂春锦苑商业16#19#'!J65 -> 5805.62 | M9: ='画堂春锦苑商业16#19#'!M65 -> 0 | O9: ='画堂春锦苑商业16#19#'!AH65 -> 4114000
A10: 合计 | C10: =SUM(C4:C9) -> 1005 | D10: =SUM(D4:D9) -> 812 | E10: =SUM(E4:E9) -> 0 | F10: =SUM(F4:F9) -> 0 | G10: =SUM(G4:G9) -> 25585554 | J10: =SUM(J4:J9) -> 128545.21 | K10: =SUM(K4:K9) -> 95469.04 | L10: =SUM(L4:L9) -> 486 | M10: =SUM(M4:M9) -> 5.408813e+08 | N10: =SUM(N4:N9) -> 75618.69 | O10: =SUM(O4:O9) -> 484206670 | P10: =SUM(P4:P9) -> 0 | Q10: =SUM(Q4:Q9) -> 0 | ... S10: =SUM(S4:S9) -> 57519357 | T10: =SUM(T5:T9) -> 192 | U10: =SUM(U4:U9) -> 19850.35 | V10: =SUM(V4:V9) -> 0
F11: 收会费、储藏间定金 | G11: =14000 -> 14000 | N11: 系统 | O11: 484208586
F12: 会费转预收 | G12: =10000+2000+14000 -> 26000 | H12: 梁石磊 许振双 储藏间14000 | N12: 账面 | O12: =172605898+1482240+4296271+12000 -> 178396409 | P12: =278868823+16205837+10864302 -> 305938962 | R12: 马桂香1000元会费未登台账，未收到会费单
F13: 预收总计 | G13: =G10-G11+G12 -> 25597554 | N13: 租铺意向金 | P13: 账套有，台账不录
F14: 面积减少退款 | G14: =-2916-24570 -> -27486 | H14: 商业面积差24570 住宅面积差2916 | N14: 履约保证金 | O14: 152271 | P14: 账套有，台账不录
F15: 已报税退房 | G15: 488000 | H15: 任成18-1-11#14#房款转周小艳8-1-301 | N15: 与系统差 | O15: =O10-O11-G14 -> 25570 | P15: 面积差退款，系统未减少24570
N16: 与账面差 | O16: =O10-O12-P12+O13+O14 -> 23570
G18: 488000 | H18: 任成商业报税减少，转周小艳8-1-301报税
G19: =G13-G15+G18 -> 25597554
G20: =2000+10000 -> 12000 | H20: 吴文仓、王小红退款
G21: =G13-G20 -> 25585554
B22: 新疆通力房地产开发库尔勒二分公司销售不动产税金计算表（2024.10月）
B23: 项目名称 | D23: 画堂春锦苑一期住宅9#-12# | F23: 画堂春锦苑二期住宅1#-3#5#7# | H23: 画堂春锦苑一期商业13#-15#17#18# | J23: 画堂春锦苑8#楼 | L23: 储藏间 | M23: 画堂春锦苑住宅4#6# | O23: 画堂春锦苑商业16#19#
B24: 预收合计 | D24: =D26+E26 -> 944867 | F24: =F26+G26 -> 6275316 | H24: =H26+I26 -> 9968397 | J24: =J26+K26 -> 7498026 | L24: =L26 -> 304240 | M24: =M26+N26 -> 606708 | O24: =O26+P26 -> 0 | S24: =D24+F24+H24+J24+L24+M24+O24 -> 25597554
D25: 144㎡以下 | E25: 144以上 | F25: 144㎡以下 | G25: 144以上 | H25: 非普通 | J25: 144㎡以下 | K25: 144㎡以上 | L25: 储藏间 | M25: 144㎡以下 | N25: 144㎡以上 | O25: 144㎡以下 | P25: 144㎡以上 | S25: 合计应缴
B26: 预收 | C26: 税率 | D26: ='画堂春锦9#10#11#12#住宅'!R334-G16 -> 944867 | E26: ='画堂春锦9#10#11#12#住宅'!R335 -> 0 | F26: ='画堂春锦苑1#2#3#5#7#楼住宅销售明细表'!R441+'画堂春锦苑1#2#3#5#7#楼住宅销售明细表'!R443-G17 -> 5175417 | G26: ='画堂春锦苑1#2#3#5#7#楼住宅销售明细表'!R442 -> 1099899 | H26: ='画堂春锦13#14#15#17#18# 商铺'!T155-G15 -> 9968397 | J26: ='画堂春锦苑8#楼明细表'!R74 -> 4575140 | K26: ='画堂春锦苑8#楼明细表'!R75 -> 2922886 | L26: ='画堂春锦9#10#11#12#住宅'!R337+'画堂春锦9#10#11#12#住宅'!T337 -> 304240 | M26: ='画堂春锦苑住宅4#6#'!R170 -> 375323 | N26: ='画堂春锦苑住宅4#6#'!R171 -> 231385
B27: 预缴增值税 | C27: 0.03 | F27: =F24/1.09*C27 -> 172715.12 | J27: =J24/1.09*C27 -> 206367.69 | M27: =M24/1.09*0.03 -> 16698.385 | S27: =D27+F27+H27+J27+M27+O27 -> 395781.19
B28: 城建税 | C28: 0.07 | F28: =F27*C28 -> 12090.058 | H28: =H27*C28 -> 0 | J28: =J27*C28 -> 14445.738 | M28: =M27*C28 -> 1168.887 | S28: =D28+F28+H28+J28+M28+O28 -> 27704.683
B29: 教育费附加 | C29: 0.03 | D29: =D27*C29 -> 0 | F29: =F27*C29 -> 5181.4536 | H29: =H27*C29 -> 0 | J29: =J27*C29 -> 6191.0306 | M29: =M27*C29 -> 500.95156 | S29: =D29+F29+H29+J29+M29+O29 -> 11873.436
B30: 地方教育附加 | C30: 0.02 | D30: =D27*C30 -> 0 | F30: =F27*C30 -> 3454.3024 | H30: =H27*C30 -> 0 | J30: =J27*C30 -> 4127.3538 | M30: =M27*C30 -> 333.96771 | S30: =D30+F30+H30+J30+M30+O30 -> 7915.6239
B31: 土地增值税 | C31: 0.03 | F31: =G26/1.09*C31 -> 30272.45 | H31: =H24/1.09*C31 -> 274359.55 | J31: =K26/1.09*C31 -> 80446.404 | M31: =N26/1.09*C31 -> 6368.3945 | S31: =D31+F31+H31+J31+M31+O31 -> 391446.8
B32: 土地增值税 | C32: 0.01 | D32: =D26/1.09*C32 -> 8668.5046 | F32: =F26/1.09*C32 -> 47480.89 | J32: =J26/1.09*C32 -> 41973.761 | M32: =M26/1.09*0.01 -> 3443.3303 | S32: =D32+F32+H32+J32+M32+O32 -> 101566.49
B33: 印花税 | C33: 0.0005 | S33: =D33+F33+H33+J33+M33+O33 -> 0
B34: 个人所得税 | S34: =D34 -> 0
B35: 房产税 | C35: 从租（不含税租金*12%） | S35: =D35+F35+H35+J35+M35+O35 -> 0
C36: 从价自用（价值*70%*1.2%） | S36: =D36+F36+H36+J36+M36+O36 -> 0
B37: 工会经费 | S37: =D37+F37+H37+J37+M37+O37 -> 0
B38: 小计 | D38: =D27+D28+D29+D30+D31+D32+D33 -> 8668.5046 | F38: =F27+F28+F29+F30+F31+F32+F33 -> 271194.27 | H38: =H27+H28+H29+H30+H31+H32+H33 -> 274359.55 | J38: =J27+J28+J29+J30+J31+J32+J33 -> 353551.98 | L38: =SUM(L27:L33) -> 0 | M38: =SUM(M27:M33) -> 28513.916 | S38: =S27+S28+S29+S30+S31+S32+S33+C34+S35+S36+S37 -> 936288.22
B41: 注：1、本月画堂春锦苑一期项目未开发票0收入元应缴纳的增值税0元。商业开具发票10864302元应缴纳的增值税897052.46元；一期开具发票53769428元；二期开具发票0元；三期开具发票0元、 2、租金未开票收入56960元应缴纳增值税4703.12元， 3、储藏间未开票收入304240元，应缴纳增值税25120.73元，合计缴纳增值税926876.31元 3、应缴纳的增值税926876.31元-本月进项1104959.56元-进项转出0-上期留抵0元-预交抵减0元=0元，不交；计算预收0元应预交增值税 元，附加税 ；土地增值税 元；印花税约 元。 4、其中画堂春锦苑一期住宅因面积差需退土地增值税-15.08元（房款为-548元），下期收房款后申报冲减。
F42: 未开票累计 | G42: 已开发票累计 | H42: 余 | I42: 8月预收未开票 | J42: 8月税额 | K42: 9月预收未开票 | L42: 9月税额 | M42: 10月收入 | N42: 10月税额
F43: =I43+K43 -> 295074660 | G43: =37431244+16338184 -> 53769428 | H43: =F43-G43 -> 241305232 | I43: 278868823 | J43: 23025866 | K43: 16205837 | L43: =K43/1.09*0.09 -> 1338096.6 | M43: 10864302 | N43: =M43/1.09*0.09 -> 897052.46
F44: =I44+K44 -> 1755229 | I44: 577229 | J44: 47661.11 | K44: 1178000 | L44: =K44/1.09*0.09 -> 97266.055 | M44: 304240 | N44: =M44/1.09*0.09 -> 25120.734
F45: =I45+K45 -> 900394 | K45: 900394 | L45: =K45/1.09*0.09 -> 74344.459 | M45: 56960 | N45: =M45/1.09*0.09 -> 4703.1193 | T45: 10月确认收入明细
T46: 2024.10.5 | U46: 20240005853 | V46: 0000718 | W46: 620121198508167215 | X46: 苏生宝 | Z46: 2层 | AA46: 09 | AB46: 85.66 | AC46: 85.66 | AD46: 9922.95 | AE46: 850000 | AF46: 10086 | AG46: 779816.51 | AH46: 24652000000060788691 | AI46: 45582
I47: =(I43+I44)/1.09 -> 2.5637252e+08 | J47: =SUM(J43:J46) -> 23073527 | K47: =(K43+K44+K45)/1.09 -> 16774524 | L47: =SUM(L43:L46) -> 1509707.1 | M47: =(M43+M44+M45)/1.09 -> 10298626 | N47: =SUM(N43:N46) -> 926876.31 | T47: 2024.10.1 | U47: 20240005488 | V47: 抵账高2964114 | W47: 320321197012203660 | X47: 巩凤华 | Z47: 1层 | AA47: 9 | AB47: 121.98 | AC47: 121.98 | AD47: 24300 | AE47: 2964114 | AF47: 22881 | AG47: 2719370.6 | AH47: 24652000000058991006 | AI47: 45576
T48: 2024.10.1 | U48: 20240005606 | V48: 0001087 | W48: 652801200110273712 | X48: 牛燕 徐爽崴 退 艾建 退 | Z48: 1层 | AA48: 15 | AB48: 67.42 | AC48: 67.42 | AD48: 17479.73 | AE48: 1178483 | AF48: 17470.41 | AG48: 1081177.1 | AH48: 24652000000063048097 | AI48: 45590
T49: 2024.10.2 | U49: 20240005641 | V49: 0000726 | W49: 62222519850915032X | X49: 郭莉莉 | Z49: 1层 | AA49: 10 | AB49: 77.44 | AC49: 77.44 | AD49: 20000 | AE49: 1548800 | AF49: 22000 | AG49: 1420917.4 | AH49: 24652000000063077038 | AI49: 45590
T50: 2024.10.3 | U50: 20240005749 | V50: 0000732 | W50: 362323197903237815 | X50: 王德中 | Z50: 2层 | AA50: 2 | AB50: 57.71 | AC50: 57.71 | AD50: 7000 | AE50: 403970 | AF50: 7668 | AG50: 370614.68 | AH50: 24652000000063056854 | AI50: 45590
T51: 2024.10.5 | U51: 20240005929 | W51: 511026196907044936 | X51: 刘沛林 | Z51: 2层 | AA51: 3 | AB51: 57.71 | AC51: 57.71 | AD51: 7451.05 | AE51: 430000 | AF51: 7753 | AG51: 394495.41 | AH51: 24652000000060788551 | AI51: 45582
T52: 2024.1 | U52: 20240005476 | W52: 652827197310121624 | X52: 王小红 | Z52: 2层 | AA52: 1 | AB52: 351.53 | AC52: 351.53 | AD52: 9925 | AE52: 3488935 | AF52: 9439.37 | AG52: 3200857.8 | AH52: 24652000000063067402 | AI52: 45590
AE53: =SUM(AE46:AE52) -> 10864302 | AG53: =SUM(AG46:AG52) -> 9967249.5

Sheet 画堂春锦13#14#15#17#18# 商铺
A1: 13#14#15#17#18#楼商铺销售明细表 共二层
A2: 序号 | B2: 成交 | C2: 合同签订日期 | D2: 合同号 | E2: 订购书编号 | F2: 身份证号 | G2: 姓名 | H2: 楼号 | I2: 楼层 | J2: 房号 | K2: 开发面积 | L2: 销售面积 | M2: 单价 | N2: 总价 | O2: 成交底价 | P2: 合同价 | Q2: 发票开具 | T2: 本月成 交额 | U2: 成交时间 | V2: 会员编号 | W2: 置业顾问 | X2: 缴款金额 | AL2: 收款合计 | AM2: 本月 到账贷款 | AN2: 到帐贷款 | AO2: 应收款 | AP2: 联系电话 | AQ2: 备注 | AT2: 套奖付款合计 | AU2: 套奖付款2022.8 | AV2: 套奖付款2023.2 | AW2: 套奖付款2023.3 | AX2: 套奖付款2023.4 | AY2: 套奖付款2023.5 | AZ2: 套奖付款2023.6 | BA2: 套奖转定付款2023.6 | BB2: 套奖转定付款2023.9 | BC2: 佣金付款合计 | BD2: 佣金点数 | BE2: 佣金付款2023.7 | BF2: 佣金付款2023.8 | BG2: 佣金付款2023.9 | BH2: 佣金付款2023.10 | BI2: 佣金付款2023.11 | BJ2: 佣金付款2023.12 | BK2: 佣金付款2024.1 | BL2: 佣金付款2024.2 | BM2: 佣金付款2024.3 | BN2: 佣金付款2024.4 | BO2: 佣金付款2024.5 | BP2: 佣金付款2024.6 | BQ2: 佣金付款2024.7 | BR2: 佣金付款2024.8 | BS2: 佣金付款2024.9 | BU2: 佣金 | BW2: 印花税 | BX2: 房源系统 | BZ2: 需扣回
Q3: 金额 | R3: 票号 | X3: 一 | Y3: 时间 | Z3: 二 | AA3: 时间 | AB3: 三 | AC3: 时间 | AD3: 四 | AE3: 时间 | AF3: 五 | AG3: 时间 | AH3: 六 | AI3: 时间 | AJ3: 七 | AK3: 时间 | AQ3: 销售 | AR3: 租赁（22 年回本日租金） | AS3: 抵账
A4: 1 | C4: 2024.10.1 | D4: 20240005549 | F4: 412724197310186410 | G4: 孙光立、王俊丽 | H4: 13号楼 | I4: 1层 | J4: 01 | K4: 68.42 | L4: 68.42 | M4: 20868.5 | N4: 1427823 | O4: 22746.96 | P4: 破底不提佣 | T4: =1060000+57823 -> 1117823 | U4: 2024.10.1 | W4: 李福晴 | X4: 10000 | Y4: 45561 | Z4: =1060000+57823 -> 1117823 | AA4: 2024.10.1 | AL4: =X4+Z4+AB4+AD4+AF4+AH4+AJ4 -> 1127823 | AO4: =N4-AL4 -> 300000 | AP4: 13579043254 | AT4: =AU4+AV4+AW4+AX4+AY4+AZ4+BA4+BB4 -> 400 | AU4: =200 -> 200 | AV4: 200 | BC4: =SUM(BE4:BT4) -> 0 | BD4: =1%+0.18%+0.2% -> 0.0138
A5: 2 | C5: 45401 | D5: 20240002187 | E5: 0001089 | F5: 511181199106300024 | G5: 张愫 | I5: 1层 | J5: 02 | K5: 68.42 | L5: 68.42 | M5: 22700 | N5: 1553134 | O5: 22651.12 | W5: 闫金秀 | X5: 100000 | Y5: 2024.4.11 | Z5: 683134 | AA5: 2024.4.19 | AB5: 770000 | AC5: 2024.5.20 | AL5: =X5+Z5+AB5+AD5+AF5+AH5+AJ5 -> 1553134 | AO5: =N5-AL5 -> 0 | AP5: 18609962209 | AT5: =AU5+AV5+AW5+AX5+AY5+AZ5+BA5+BB5 -> 400 | AU5: =200 -> 200 | AX5: 200 | BC5: =SUM(BE5:BT5) -> 1553134 | BD5: =1%+0.2% -> 0.012 | BO5: 1553134 | BW5: 已交 | BX5: 已录
A6: 3 | C6: 2024.10.1 | D6: 20240005511 | E6: 0000918 | F6: 413023198401080786 | G6: 刘建云 | I6: 1层 | J6: 03 | K6: 116.65 | L6: 116.65 | M6: 21945.99 | N6: 2560000 | O6: 21618 | W6: 连阵阵 | X6: 50000 | Y6: 45539 | Z6: 800000 | AA6: 45563 | AL6: =X6+Z6+AB6+AD6+AF6+AH6+AJ6 -> 850000 | AO6: =N6-AL6 -> 1710000 | AP6: 13899099509 | AT6: =AU6+AV6+AW6+AX6+AY6+AZ6+BA6+BB6 -> 0 | BC6: =SUM(BE6:BT6) -> 0 | BD6: =1%+0.15%+0.2% -> 0.0135
A7: 4 | C7: 2023.12.23 | D7: 20230010576 | E7: 0000613 | F7: 652828200012301150 | G7: 刘忠亮 | I7: 1层 | J7: 04 | K7: 68.42 | L7: 68.42 | M7: 21800 | N7: 1491556 | O7: 21560 | W7: 米云鹤 | X7: 80000 | Y7: 2023.11.26 | Z7: =420000+361556 -> 781556 | AA7: 2023.12.23 | AB7: 100000 | AC7: 2024.1.10 | AD7: 130000 | AE7: 2024.5.12 | AF7: 200000 | AG7: 2024.7.15 | AH7: 200000 | AI7: 2024.7.15 | AL7: =X7+Z7+AB7+AD7+AF7+AH7+AJ7 -> 1491556 | AO7: =N7-AL7 -> 0 | AP7: 17399115251 | AT7: =AU7+AV7+AW7+AX7+AY7+AZ7+BA7+BB7 -> 0 | BC7: =SUM(BE7:BT7) -> 1491556 | BD7: =0.8%+0.13%+0.14% -> 0.0107 | BJ7: 861556 | BQ7: 630000 | BW7: 已交 | BX7: 已录
A8: 5 | C8: 2024.4.12 | D8: 20240002029 | F8: 622424199011095270 | G8: 何文斌 | I8: 1层 | J8: 05 | K8: 68.42 | L8: 68.42 | M8: 21967.26 | N8: 1503000 | O8: 21960 | W8: 霍红霞 | X8: 20000 | Y8: 2024.3.30 | Z8: 783000 | AA8: 2024.4.12 | AB8: 700000 | AC8: 2024.5.10 | AL8: =X8+Z8+AB8+AD8+AF8+AH8+AJ8 -> 1503000 | AO8: =N8-AL8 -> 0 | AP8: 13150241703 | AT8: =AU8+AV8+AW8+AX8+AY8+AZ8+BA8+BB8 -> 200 | AV8: 200 | BC8: =SUM(BE8:BT8) -> 1503000 | BD8: =1%+0.18%+0.2% -> 0.0138 | BN8: 803000 | BO8: 700000 | BW8: 已交 | BX8: 已录
A9: 6 | C9: 2023.12.9 | D9: 20230010242 | E9: 0000646 | F9: 652829196210172422 | G9: 彭素莲 成交 | I9: 1层 | J9: 06 | K9: 68.42 | L9: 68.42 | M9: 22500 | N9: =L9*M9 -> 1539450 | O9: 22360 | W9: 李秀莲（彭素莲） | X9: 100000 | Y9: 2023.11.15 | Z9: 909450 | AA9: 2023.11.21 | AB9: 530000 | AC9: 2023.12.9 | AL9: =X9+Z9+AB9+AD9+AF9+AH9+AJ9 -> 1539450 | AO9: =N9-AL9 -> 0 | AT9: =AU9+AV9+AW9+AX9+AY9+AZ9+BA9+BB9 -> 500 | AV9: 200 | BA9: 300 | BC9: =SUM(BE9:BT9) -> 1539450 | BD9: =0.9%+0.13%+0.14% -> 0.0117 | BJ9: 1539450 | BW9: 已交 | BX9: 已录
A10: 7 | C10: 45200 | D10: 20230008432 | E10: 0000557 | F10: 511011197812255060 | G10: 黄菊春 成交 | I10: 1层 | J10: 07 | K10: 68.42 | L10: 68.42 | M10: 22960.42 | N10: =L10*M10 -> 1570951.9 | O10: 22760.42 | W10: 王荣（黄菊春） | X10: 30000 | Y10: 2023.9.22 | Z10: 760952 | AA10: 2023.10.7 | AB10: 780000 | AC10: 2024.4.20 | AL10: =X10+Z10+AB10+AD10+AF10+AH10+AJ10 -> 1570952 | AO10: =N10-AL10 -> -0.0636 | AT10: =AU10+AV10+AW10+AX10+AY10+AZ10+BA10+BB10 -> 200 | AV10: 200 | BC10: =SUM(BE10:BT10) -> 1570952 | BD10: =1%+0.18%+0.25% -> 0.0143 | BN10: 1570952 | BW10: 已交 | BX10: 已录
A11: 8 | C11: 2023.11.6 | D11: 20230009415 | E11: 0000592 | F11: 652801198204135214 | G11: 顾渐 成交 | I11: 1层 | J11: 08 | K11: 68.42 | L11: 68.42 | M11: 23165.74 | N11: 1585000 | O11: 22953.6 | W11: 肖陶丽（顾渐） | X11: 40000 | Y11: 2023.10.21 | Z11: 765000 | AA11: 2023.11.6 | AB11: 780000 | AC11: 2024.3.14 | AL11: =X11+Z11+AB11+AD11+AF11+AH11+AJ11 -> 1585000 | AO11: =N11-AL11 -> 0 | AP11: 15001560586 | AT11: =AU11+AV11+AW11+AX11+AY11+AZ11+BA11+BB11 -> 700 | AV11: =200+200 -> 400 | BA11: 300 | BC11: =SUM(BE11:BT11) -> 1585000 | BD11: =1%+0.2% -> 0.012 | BI11: 805000 | BM11: 780000 | BW11: 已交 | BX11: 已录
A12: 9 | C12: 2023.12.20 | D12: 20230010496 | E12: 0000665 | F12: 513021197308168093 | G12: 唐自才 成交 | I12: 1层 | J12: 09 | K12: 68.42 | L12: 68.42 | M12: 23346.77 | N12: =L12*M12 -> 1597386 | O12: 23146.77 | V12: 0000170（唐自才） 0000172（唐自才） | W12: （唐自才） | X12: 20000 | Y12: 2023.5.7 | Z12: 80000 | AA12: 2023.6.23 | AB12: =1386+976000 -> 977386 | AC12: 2023.12.20 | AD12: 520000 | AE12: 2024.1.20 | AL12: =X12+Z12+AB12+AD12+AF12+AH12+AJ12 -> 1597386 | AO12: =N12-AL12 -> 0.0034 | AP12: 15276275398 | AT12: =AU12+AV12+AW12+AX12+AY12+AZ12+BA12+BB12 -> 700 | AV12: =200+200 -> 400 | BB12: 300 | BC12: =SUM(BE12:BT12) -> 1597386 | BD12: =1%+0.18%+0.25% -> 0.0143 | BK12: 1597386 | BW12: 已交 | BX12: 已录
A13: 10 | C13: 2023.10.2 | D13: 20230008488 | E13: 0000578 | F13: 622322199105201849 | G13: 杨尚龙（甄慧琴） | I13: 1层 | J13: 10 | K13: 68.42 | L13: 68.42 | M13: 23830.765 | N13: =L13*M13 -> 1630500.9 | O13: 23533.12 | V13: 0000206（杨尚龙） | W13: 李秀莲（杨尚龙） | X13: 10000 | Y13: 2023.6.1 | Z13: 90000 | AA13: 2023.6.22 | AB13: 930501 | AC13: 2023.10.7 | AD13: 600000 | AE13: 2023.12.6 | AL13: =X13+Z13+AB13+AD13+AF13+AH13+AJ13 -> 1630501 | AO13: =N13-AL13 -> -0.0587 | AP13: 18299772946 | AT13: =AU13+AV13+AW13+AX13+AY13+AZ13+BA13+BB13 -> 500 | AZ13: 200 | BB13: 300 | BC13: =SUM(BE13:BT13) -> 1630501 | BD13: =1%+0.18%+0.25% -> 0.0143 | BH13: 1030501 | BJ13: 600000 | BW13: 已交 | BX13: 已录
A14: 11 | C14: 45201 | D14: 20230008484 | E14: 0000579 | F14: 140428199203040425 | G14: 安学强（卫亚丽） | I14: 1层 | J14: 11 | K14: 98.74 | L14: 98.74 | M14: 23801.69 | N14: =L14*M14 -> 2350178.9 | O14: 23500 | V14: 0000207（安学强） | W14: 李秀莲（安学强） | X14: =10000 -> 10000 | Y14: 2023.6.1 | Z14: 90000 | AA14: 2023.6.22 | AB14: 1100179 | AC14: 2023.10.7 | AD14: 1150000 | AE14: 2023.12.6 | AL14: =X14+Z14+AB14+AD14+AF14+AH14+AJ14 -> 2350179 | AO14: =N14-AL14 -> -0.1294 | AP14: 15235158196 | AT14: =AU14+AV14+AW14+AX14+AY14+AZ14+BA14+BB14 -> 1000 | AU14: 200 | AZ14: 200 | BA14: 300 | BB14: 300 | BC14: =SUM(BE14:BT14) -> 2350179 | BD14: =1%+0.18%+0.25% -> 0.0143 | BH14: 1200179 | BJ14: 1150000 | BW14: 已交 | BX14: 已录
A15: 12 | C15: 2023.10.2 | D15: 20230008510 | F15: 320321198808273618 | G15: 巩红卫 成交 | I15: 1层 | J15: 12 | K15: 146.3 | L15: 146.3 | M15: 26000 | N15: =L15*M15 -> 3803800 | O15: 25800 | V15: 0000010-13（巩红卫） | W15: 潘亦玹（巩红卫） | X15: 100000 | Y15: 2023.6.22 | Z15: =5000+5000+5000+5000 -> 20000 | AA15: 44751 | AB15: 633800 | AC15: 2023.10.7 | AD15: 1150000 | AE15: 2023.12.1 | AF15: 500000 | AG15: 2024.7.1 | AH15: 200000 | AI15: 2024.8.26 | AL15: =X15+Z15+AB15+AD15+AF15+AH15+AJ15 -> 2603800 | AO15: =N15-AL15 -> 1200000 | AT15: =AU15+AV15+AW15+AX15+AY15+AZ15+BA15+BB15 -> 1100 | AU15: =200 -> 200 | AV15: =200+200 -> 400 | AW15: 200 | BB15: 300 | BC15: =SUM(BE15:BT15) -> 0 | BD15: =1%+0.18%+0.25% -> 0.0143 | BW15: 已交 | BX15: 已录
A16: 13 | C16: 2024.3.3 | D16: 2024000115 | F16: 130637200011201811 | G16: 王恒州 成交 | I16: 2层 | J16: 01 | K16: 85.66 | L16: 85.66 | M16: 9777 | N16: 837500 | O16: 9538.71 | W16: 米云鹤 | X16: 35000 | Y16: 2024.3.1 | Z16: 802500 | AA16: 2024.3.1 | AL16: =X16+Z16+AB16+AD16+AF16+AH16+AJ16 -> 837500 | AO16: =N16-AL16 -> 0 | AP16: 13031235925 | AT16: =AU16+AV16+AW16+AX16+AY16+AZ16+BA16+BB16 -> 200 | AY16: 200 | BC16: =SUM(BE16:BT16) -> 837500 | BD16: =1%+0.18%+0.25% -> 0.0143 | BM16: 837500 | BW16: 已交 | BX16: 已录
A17: 14 | C17: 2024.3.3 | D17: 2024000116 | F17: 130637200011201811 | G17: 王恒州 成交 | I17: 2层 | J17: 02 | K17: 85.66 | L17: 85.66 | M17: 9777 | N17: 837500 | O17: 9612.99 | W17: 米云鹤 | X17: 40000 | Y17: 2024.3.1 | Z17: 797500 | AA17: 2024.3.3 | AL17: =X17+Z17+AB17+AD17+AF17+AH17+AJ17 -> 837500 | AO17: =N17-AL17 -> 0 | AP17: 13031235925 | AT17: =AU17+AV17+AW17+AX17+AY17+AZ17+BA17+BB17 -> 200 | AY17: 200 | BC17: =SUM(BE17:BT17) -> 837500 | BD17: =1%+0.18%+0.25% -> 0.0143 | BM17: 837500 | BW17: 已交 | BX17: 已录
A18: 15 | B18: 1 | E18: 0000741 | F18: 65282719771006362X | G18: 梁凌芳 | I18: 2层 | J18: 03 | K18: 140.95 | L18: 140.95 | M18: 9252.7 | N18: 1304168 | O18: 8790.78 | T18: 50000 | U18: 2024.10.10 | W18: 王荣 | X18: 50000 | Y18: 2024.10.10 | AL18: =X18+Z18+AB18+AD18+AF18+AH18+AJ18 -> 50000 | AO18: =N18-AL18 -> 1254168 | AP18: 18083992128 | AT18: =AU18+AV18+AW18+AX18+AY18+AZ18+BA18+BB18 -> 0 | BC18: =SUM(BE18:BT18) -> 0
A19: 16 | B19: 1 | E19: 0000740 | F19: 65282719771006362X | G19: 梁凌芳 | I19: 2层 | J19: 04 | K19: 85.66 | L19: 85.66 | M19: 10224.52 | N19: 875832 | O19: 9762.52 | T19: 50000 | U19: 2024.10.10 | W19: 王荣 | X19: 50000 | Y19: 2024.10.10 | AL19: =X19+Z19+AB19+AD19+AF19+AH19+AJ19 -> 50000 | AO19: =N19-AL19 -> 825832 | AP19: 18083992128 | AT19: =AU19+AV19+AW19+AX19+AY19+AZ19+BA19+BB19 -> 0 | BC19: =SUM(BE19:BT19) -> 0
A20: 17 | B20: 1 | C20: 2024.11.4 | D20: 20240006442 | E20: 0000747 | F20: 320321198002133624 | G20: 李红艳 | I20: 2层 | J20: 05 | K20: 85.66 | L20: 85.66 | M20: 9600 | N20: 822336 | O20: 9837.28 | P20: 破底不提佣 | T20: 10000 | U20: 2024.10.28 | W20: 张玉琴 | X20: 10000 | Y20: 2024.10.28 | AL20: =X20+Z20+AB20+AD20+AF20+AH20+AJ20 -> 10000 | AO20: =N20-AL20 -> 812336 | AP20: 18799857500 | AT20: =AU20+AV20+AW20+AX20+AY20+AZ20+BA20+BB20 -> 0 | BC20: =SUM(BE20:BT20) -> 0
A21: 18 | B21: 1 | C21: 2024.11.5 | D21: 20240006451 | E21: 0000748 | F21: 320321198002133624 | G21: 李红艳 | I21: 2层 | J21: 06 | K21: 85.66 | L21: 85.66 | M21: 9600 | N21: 822336 | O21: 9912.04 | P21: 破底不提佣 | T21: 10000 | U21: 2024.10.28 | W21: 张玉琴 | X21: 10000 | Y21: 2024.10.28 | AL21: =X21+Z21+AB21+AD21+AF21+AH21+AJ21 -> 10000 | AO21: =N21-AL21 -> 812336 | AP21: 18799857500 | AT21: =AU21+AV21+AW21+AX21+AY21+AZ21+BA21+BB21 -> 0 | BC21: =SUM(BE21:BT21) -> 0
A22: 19 | I22: 2层 | J22: 07 | K22: 85.66 | O22: 9986.8 | AL22: =X22+Z22+AB22+AD22+AF22+AH22+AJ22 -> 0 | AT22: =AU22+AV22+AW22+AX22+AY22+AZ22+BA22+BB22 -> 0 | BC22: =SUM(BE22:BT22) -> 0
A23: 20 | C23: 2024.10.10 | D23: 20240006011 | E23: 0000719 | F23: 620121198508167215 | G23: 苏生宝 | I23: 2层 | J23: 08 | K23: 85.66 | L23: 85.66 | M23: 9922.95 | N23: 850000 | O23: 10061.56 | P23: 破底不提佣 | T23: =435000+45000+345000 -> 825000 | U23: 2024.10.5 | W23: 霍红霞 | X23: =25000 -> 25000 | Y23: 2024.9.24 | Z23: 45000 | AA23: 2024.10.5 | AB23: 435000 | AC23: 2024.10.10 | AD23: 345000 | AE23: 2024.10.24 | AL23: =X23+Z23+AB23+AD23+AF23+AH23+AJ23 -> 850000 | AO23: =N23-AL23 -> 0 | AP23: 18106415251 | AT23: =AU23+AV23+AW23+AX23+AY23+AZ23+BA23+BB23 -> 0 | BC23: =SUM(BE23:BT23) -> 0 | BD23: =1%+0.2% -> 0.012
A24: 21 | C24: 2024.10.5 | D24: 20240005853 | E24: 0000718 | F24: 620121198508167215 | G24: 苏生宝 | I24: 2层 | J24: 09 | K24: 85.66 | L24: 85.66 | M24: 9922.95 | N24: 850000 | O24: 10086 | P24: 破底不提佣 | Q24: 779816.51 | R24: 24652000000060788691 | S24: 45582 | T24: =125000+225000+425000 -> 775000 | U24: 2024.10.1 | W24: 霍红霞 | X24: =25000+50000 -> 75000 | Y24: 2024.9.24 | Z24: 225000 | AA24: 2024.10.1 | AB24: 125000 | AC24: 2024.10.5 | AD24: 425000 | AE24: 2024.10.24 | AL24: =X24+Z24+AB24+AD24+AF24+AH24+AJ24 -> 850000 | AO24: =N24-AL24 -> 0 | AP24: 18106415251 | AT24: =AU24+AV24+AW24+AX24+AY24+AZ24+BA24+BB24 -> 0 | BC24: =SUM(BE24:BT24) -> 0 | BD24: =1%+0.2% -> 0.012
A25: 22 | I25: 2层 | J25: 10 | K25: 85.66 | O25: 10116 | AL25: =X25+Z25+AB25+AD25+AF25+AH25+AJ25 -> 0 | AT25: =AU25+AV25+AW25+AX25+AY25+AZ25+BA25+BB25 -> 0 | BC25: =SUM(BE25:BT25) -> 0
A26: 23 | I26: 2层 | J26: 11 | K26: 306.78 | O26: 9957 | AL26: =X26+Z26+AB26+AD26+AF26+AH26+AJ26 -> 0 | AT26: =AU26+AV26+AW26+AX26+AY26+AZ26+BA26+BB26 -> 0 | BC26: =SUM(BE26:BT26) -> 0
H27: 14号楼 | I27: -1层 | J27: 1 | K27: 976.47 | O27: 4550
G28: 小区配电室 | I28: -1层 | J28: 2 | K28: 524.4 | M28: 为小区服务功能区
G29: 柴油发电机房 | I29: -1层 | J29: 3 | K29: 152.79
G30: 排烟井1 | I30: -1层 | J30: 4 | K30: 15.25
G31: 排烟井2 | I31: -1层 | J31: 5 | K31: 16.01
A32: 24 | C32: 45524 | D32: 20240004769 | E32: 0000941 | F32: 652823198709093329 | G32: 朱星星、马江伟 | I32: 1层 | J32: 1 | K32: 106.72 | L32: 106.72 | M32: =N32/L32 -> 26567.654 | N32: 2835300 | O32: 26000 | W32: 连阵阵 | X32: 50000 | Y32: 2024.6.25 | Z32: 1785300 | AA32: 2024.8.20 | AL32: =X32+Z32+AB32+AD32+AF32+AH32+AJ32 -> 1835300 | AO32: =N32-AL32 -> 1000000 | AP32: 15099260585 | AT32: =AU32+AV32+AW32+AX32+AY32+AZ32+BA32+BB32 -> 800 | AU32: =200+200+200 -> 600 | AV32: 200 | BC32: =SUM(BE32:BT32) -> 0 | BD32: =1%+0.18%+0.25% -> 0.0143 | BW32: 已交
A33: 25 | C33: 45398 | D33: 20240002095 | E33: 0000644 | F33: 410926197305292069 | G33: 董梅荣 | I33: 1层 | J33: 2 | K33: 103.64 | L33: 103.64 | M33: =N33/L33 -> 23962.466 | N33: 2483470 | O33: 23806.26 | W33: 王荣 | X33: 100000 | Y33: 2023.11.13 | Z33: 400000 | AA33: 2024.3.11 | AB33: 743470 | AC33: 2024.4.15 | AD33: 1240000 | AE33: 2024.5.22 | AL33: =X33+Z33+AB33+AD33+AF33+AH33+AJ33 -> 2483470 | AO33: =N33-AL33 -> 0 | AP33: 18160288656 | AT33: =AU33+AV33+AW33+AX33+AY33+AZ33+BA33+BB33 -> 200 | AU33: =200 -> 200 | BC33: =SUM(BE33:BT33) -> 2483470 | BD33: =1%+0.13%+0.14% -> 0.0127 | BN33: 1243470 | BO33: 1240000 | BW33: 已交 | BX33: 已录
A34: 26 | C34: 45202 | D34: 202300008542 | E34: 0000664 | F34: 500225198808217396 | G34: 易章波（易高才） 成交 | I34: 1层 | J34: 3 | K34: 68.28 | L34: 68.28 | M34: =N34/L34 -> 23929.628 | N34: 1633915 | O34: 23422.22 | W34: 王荣（易高才） | X34: 100000 | Y34: 2023.8.28 | Z34: =270000+453915 -> 723915 | AA34: 2023.10.3 | AB34: 810000 | AC34: 2024.1.31 | AL34: =X34+Z34+AB34+AD34+AF34+AH34+AJ34 -> 1633915 | AO34: =N34-AL34 -> 0 | AP34: 13565767398 | AT34: =AU34+AV34+AW34+AX34+AY34+AZ34+BA34+BB34 -> 800 | AU34: 200 | AW34: 200 | AY34: =200+200 -> 400 | BC34: =SUM(BE34:BT34) -> 1633915 | BD34: =1%+0.18%+0.25% -> 0.0143 | BK34: 1633915 | BW34: 已交 | BX34: 已录
A35: 27 | C35: 45198 | D35: 20230008210 | E35: 0000577 | F35: 512929197302241439 | G35: 张龙凤 成交 | I35: 1层 | J35: 4 | K35: 68.28 | L35: 68.28 | M35: 23428.405 | N35: 1610000 | O35: 23229.92 | V35: 0000220 | W35: 霍红霞 | X35: 300000 | Y35: 2023.8.30 | Z35: =115000+75000 -> 190000 | AA35: 2023.9.29 | AB35: 210000 | AC35: 2023.12.17 | AD35: 630000 | AE35: 2024.5.31 | AF35: 280000 | AG35: 2024.6.1 | AL35: =X35+Z35+AB35+AD35+AF35+AH35+AJ35 -> 1610000 | AO35: =N35-AL35 -> 0 | AP35: 18999626053 | AT35: =AU35+AV35+AW35+AX35+AY35+AZ35+BA35+BB35 -> 400 | AV35: 200 | AZ35: 200 | BC35: =SUM(BE35:BT35) -> 1610000 | BD35: =1%+0.18%+0.25% -> 0.0143 | BP35: 1610000 | BW35: 已交 | BX35: 已录
A36: 28 | C36: 45204 | D36: 20230008684 | E36: 00000610 | F36: 652824198309201446 | G36: 孔小宁（孔令强） | I36: 1层 | J36: 5 | K36: 68.28 | L36: 68.28 | M36: 23333.77 | N36: 1603497 | O36: 23133.77 | V36: 0000208（孔令强） | W36: 王荣（孔令强） | X36: 10000 | Y36: 2022-7-20 2023.6.13 | Z36: 90000 | AA36: 2023.6.22 | AB36: 1503497 | AC36: 2023.10.3 | AL36: =X36+Z36+AB36+AD36+AF36+AH36+AJ36 -> 1603497 | AO36: =N36-AL36 -> 0 | AP36: 19990631707 | AT36: =AU36+AV36+AW36+AX36+AY36+AZ36+BA36+BB36 -> 500 | AW36: 200 | BB36: 300 | BC36: =SUM(BE36:BT36) -> 1603497 | BD36: =1%+0.18%+0.25% -> 0.0143 | BH36: 1603497 | BW36: 已交 | BX36: 已录
A37: 29 | C37: 2023.10.5 | D37: 20230008648 | E37: 0000586 | F37: 411330199111100067 | G37: 贾志丽 成交 | I37: 1层 | J37: 6 | K37: 60.15 | L37: 60.15 | M37: 23000 | N37: 1392420 | O37: 22747.48 | W37: 霍红霞（贾志丽） | X37: 100000 | Y37: 2023.10.5 | Z37: 612420 | AA37: 2023.10.5 | AB37: 500000 | AC37: 2023.10.30 | AD37: 180000 | AE37: 2023.11.25 | AL37: =X37+Z37+AB37+AD37+AF37+AH37+AJ37 -> 1392420 | AO37: =N37-AL37 -> 0 | AP37: 18799850653 | AT37: =AU37+AV37+AW37+AX37+AY37+AZ37+BA37+BB37 -> 400 | AV37: 200 | AX37: 200 | BC37: =SUM(BE37:BT37) -> 1392420 | BD37: =1%+0.18%+0.2% -> 0.0138 | BI37: 1392420 | BW37: 已交 | BX37: 已录
A38: 30 | C38: 45370 | D38: 20240001485 | E38: 0000608 | F38: 320321198702194233 | G38: 张磊磊 | I38: 1层 | J38: 7 | K38: 71.53 | L38: 71.53 | M38: 23600 | N38: 1698965 | O38: 23516.91 | V38: 0000217 | W38: 连阵阵 | X38: 60000 | Y38: 2023.7.8 | Z38: 40000 | AA38: 2023.9.29 | AB38: 1000000 | AC38: 2023.12.26 | AD38: 500000 | AE38: 2024.4.29 | AF38: 20000 | AG38: 2024.6.6 | AH38: 78965 | AI38: 2024.7.5 | AL38: =X38+Z38+AB38+AD38+AF38+AH38+AJ38 -> 1698965 | AO38: =N38-AL38 -> 0 | AP38: 18109967333 | AT38: =AU38+AV38+AW38+AX38+AY38+AZ38+BA38+BB38 -> 500 | AW38: 200 | BA38: 300 | BC38: =SUM(BE38:BT38) -> 1698965 | BD38: =1%+0.18%+0.25% -> 0.0143 | BQ38: 1698965 | BW38: 已交 | BX38: 已录
A39: 31 | C39: 45204 | D39: 20230008670 | E39: 0000609 | F39: 411322199105104512 | G39: 马威 | I39: 1层 | J39: 8 | K39: 68.28 | L39: 68.28 | M39: 24000 | N39: 1649280 | O39: 23710.67 | V39: 0000201（马威） 0000202（马威） | W39: 连阵阵（马威） | X39: =10000+10000 -> 20000 | Y39: 2023.5.24 | Z39: 80000 | AA39: 2023.6.25 | AB39: =947000+2280 -> 949280 | AC39: 2023.10.5 | AD39: 600000 | AE39: 2023.12.4 | AL39: =X39+Z39+AB39+AD39+AF39+AH39+AJ39 -> 1649280 | AO39: =N39-AL39 -> 0 | AP39: 15899027167 | AT39: =AU39+AV39+AW39+AX39+AY39+AZ39+BA39+BB39 -> 500 | AV39: 200 | BB39: 300 | BC39: =SUM(BE39:BT39) -> 1649280 | BD39: =1%+0.18%+0.25% -> 0.0143 | BJ39: 1649280 | BW39: 已交 | BX39: 已录
A40: 32 | B40: 1 | C40: 2024.10.1 | D40: 20240005488 | E40: 抵账高2964114 | F40: 320321197012203660 | G40: 巩凤华 | I40: 1层 | J40: 9 | K40: 121.98 | L40: 121.98 | M40: 24300 | N40: 2964114 | O40: 22881 | Q40: 2719370.6 | R40: 24652000000058991006 | S40: 45576 | T40: =1500000+1488900 -> 2988900 | U40: 2024.10.1 | X40: =1500000 -> 1500000 | Y40: 2024.10.1 | Z40: 1488900 | AA40: 2024.10.4 | AL40: =X40+Z40+AB40+AD40+AF40+AH40+AJ40 -> 2988900 | AO40: =N40-AL40 -> -24786 | AP40: 18999606611 | AT40: =AU40+AV40+AW40+AX40+AY40+AZ40+BA40+BB40 -> 200 | AV40: 200 | BC40: =SUM(BE40:BT40) -> 0
A41: 33 | E41: 0000932 | F41: 62012119790907631X | G41: 蒋永祥 成交 | I41: 1层 | J41: 10 | K41: 206.2 | L41: 206.2 | M41: 26000 | N41: 5396040 | O41: 26000 | W41: 霍红霞 | X41: 50000 | Y41: 2024.6.14 | Z41: 300000 | AA41: 2024.8.25 | AL41: =X41+Z41+AB41+AD41+AF41+AH41+AJ41 -> 350000 | AO41: =N41-AL41 -> 5046040 | AP41: 18196458777 | AT41: =AU41+AV41+AW41+AX41+AY41+AZ41+BA41+BB41 -> 500 | AV41: 200 | BA41: 300 | BC41: =SUM(BE41:BT41) -> 0 | BD41: =1%+0.25% -> 0.0125
A42: 34 | C42: 45527 | D42: 20240004826 | F42: 652824198703181121 | G42: 梁杨敏芝、张嘉恒（18-2-1/2换房来） | I42: 1层 | J42: 11 | K42: 178.05 | L42: 178.05 | M42: 25669.65 | N42: 4600000 | O42: 25669.645 | W42: 张玉琴 | X42: =100000+100000 -> 200000 | Y42: 2023.7.27 | Z42: 500000 | AA42: 2023.9.30 | AB42: 300000 | AC42: 2023.10.30 | AD42: 200000 | AE42: 2023.11.25 | AF42: 300000 | AG42: 2023.12.30 | AH42: 100000 | AI42: 2024.1.24 | AJ42: =300000+400000+300000+2000000 -> 3000000 | AK42: 2024.8.15 2024.9.25 | AL42: =X42+Z42+AB42+AD42+AF42+AH42+AJ42 -> 4600000 | AO42: =N42-AL42 -> 0 | AP42: 18099969889 | AT42: =AU42+AV42+AW42+AX42+AY42+AZ42+BA42+BB42 -> 0 | BC42: =SUM(BE42:BT42) -> 4600000 | BD42: 0.0138 | BR42: 2300000 | BS42: 2300000 | BU42: =BD42*BS42 -> 31740 | BW42: 已交
A43: 35 | C43: 2023.10.4 | D43: 20230008587 | E43: 0000585 | F43: 510902197112018349 | G43: 李玉华 | I43: 1层 | J43: 12 | K43: 63.93 | L43: 63.93 | M43: 20000 | N43: 1286800 | O43: 19919.88 | V43: 0000211（李玉华） | W43: 肖陶丽（李玉华） | X43: =10000 -> 10000 | Y43: 2023.6.17 | Z43: 90000 | AA43: 2023.6.22 | AB43: 550000 | AC43: 2023.10.8 | AD43: 200000 | AE43: 2023.12.27 | AF43: 390000 | AG43: 2024.3.27 | AH43: 46800 | AI43: 2024.3.29 | AL43: =X43+Z43+AB43+AD43+AF43+AH43+AJ43 -> 1286800 | AO43: =N43-AL43 -> 0 | AP43: 18999613918 | AT43: =AU43+AV43+AW43+AX43+AY43+AZ43+BA43+BB43 -> 900 | AW43: 200 | AY43: 200 | AZ43: 200 | BB43: 300 | BC43: =SUM(BE43:BT43) -> 1286800 | BD43: 0.012 | BM43: 1286800 | BW43: 已交 | BX43: 已录 | CB43: 4800
A44: 36 | C44: 45201 | D44: 20230008471 | E44: 0000572 | F44: 652801199808211622 | G44: 刘泽娇 | I44: 1层 | J44: 13 | K44: 63.93 | L44: 63.93 | M44: 20027.58 | N44: 1288575 | O44: 19827.58 | V44: 0000075（刘泽娇） | W44: 王荣（刘泽娇） | X44: 5000 | Y44: 44780 | Z44: 95000 | AA44: 2023.6.22 | AB44: 548575 | AC44: 2023.10.7 | AD44: 640000 | AE44: 2023.12.22 | AL44: =X44+Z44+AB44+AD44+AF44+AH44+AJ44 -> 1288575 | AO44: =N44-AL44 -> 0 | AP44: 15299373632 | AT44: =AU44+AV44+AW44+AX44+AY44+AZ44+BA44+BB44 -> 500 | AW44: 200 | BB44: 300 | BC44: =SUM(BE44:BT44) -> 1288575 | BD44: 0.0143 | BJ44: 1288575 | BW44: 已交 | BX44: 已录 | CB44: 17063.333
A45: 37 | E45: 0000725 | F45: 65280119530405053X | G45: 胡胜国 | I45: 1层 | J45: 14 | K45: 112.41 | L45: 112.41 | M45: 17500 | N45: 1916250 | O45: 16848 | W45: 刘思汉 | X45: 30000 | Y45: 45561 | AL45: =X45+Z45+AB45+AD45+AF45+AH45+AJ45 -> 30000 | AO45: =N45-AL45 -> 1886250 | AP45: 13899052003 | AT45: =AU45+AV45+AW45+AX45+AY45+AZ45+BA45+BB45 -> 0 | BC45: =SUM(BE45:BT45) -> 0 | BD45: =1%+0.13%+0.2% -> 0.0133 | CB45: 4433
A46: 38 | C46: 2024.10.1 | D46: 20240005606 | E46: 0001087 | F46: 652801200110273712 | G46: 牛燕 | I46: 1层 | J46: 15 | K46: 67.42 | L46: 67.42 | M46: 17479.73 | N46: 1178483 | O46: 17470.41 | Q46: 1081177.1 | R46: 24652000000063048097 | S46: 45590 | T46: 590000 | U46: 2024.10.31 | W46: 肖陶丽 | X46: 20000 | Y46: 2024.8.30 | Z46: 376000 | AA46: 45553 | AB46: 590000 | AC46: 2024.10.31 | AL46: =X46+Z46+AB46+AD46+AF46+AH46+AJ46 -> 986000 | AO46: =N46-AL46 -> 192483 | AP46: 15739818996 | AT46: =AU46+AV46+AW46+AX46+AY46+AZ46+BA46+BB46 -> 200 | AV46: 200 | BC46: =SUM(BE46:BT46) -> 0 | BD46: 0.0125 | CB46: 5148
A47: 39 | C47: 2024.4.4 | D47: 20240001898 | E47: 0000846 | F47: 652801198311290025 | G47: 胡杨 | I47: 1层 | J47: 16 | K47: 110.21 | L47: 110.21 | M47: 17100 | N47: 1896732 | O47: 17100 | W47: 肖陶丽 | X47: 100000 | Y47: 2024.3.27 | Z47: 290000 | AA47: 2024.4.1 | AB47: 810000 | AC47: 2024.4.1 | AD47: 6732 | AE47: 2024.4.4 | AF47: 690000 | AG47: 2024.5.17 | AL47: =X47+Z47+AB47+AD47+AF47+AH47+AJ47 -> 1896732 | AO47: =N47-AL47 -> 0 | AP47: 15199929062 | AT47: =AU47+AV47+AW47+AX47+AY47+AZ47+BA47+BB47 -> 0 | BC47: =SUM(BE47:BT47) -> 1896732 | BD47: =1%+0.2% -> 0.012 | BO47: 1896732 | BW47: 已交 | BX47: 已录 | CB47: 5720
A48: 40 | C48: 45203 | D48: 20230008599 | E48: 0000637 | F48: 410621197812180063 | G48: 张江莉（郜艺博） | I48: 1层 | J48: 17 | K48: 50.88 | L48: 50.88 | M48: 17965.24 | N48: 920000 | O48: 17813.85 | W48: 李秀莲 | X48: 50000 | Y48: 2023.9.30 | Z48: =860000+10000 -> 870000 | AA48: 2023.10.3 | AL48: =X48+Z48+AB48+AD48+AF48+AH48+AJ48 -> 920000 | AO48: =N48-AL48 -> 0 | AP48: 18299830920 | AT48: =AU48+AV48+AW48+AX48+AY48+AZ48+BA48+BB48 -> 0 | BC48: =SUM(BE48:BT48) -> 920000 | BD48: =1%+0.18%+0.25% -> 0.0143 | BH48: 920000 | BW48: 已交 | BX48: 已录 | CB48: 6520.8
A49: 41 | C49: 45203 | D49: 20230008608 | E49: 0000640 | F49: 410526201008210976 | G49: 郜艺博（张江莉） | I49: 1层 | J49: 18 | K49: 50.88 | L49: 50.88 | M49: 18121.46 | N49: 928000 | O49: 17998.45 | W49: 李秀莲 | X49: 50000 | Y49: 2023.9.30 | Z49: 418000 | AA49: 2023.10.3 | AB49: 460000 | AC49: 2024.1.1 | AL49: =X49+Z49+AB49+AD49+AF49+AH49+AJ49 -> 928000 | AO49: =N49-AL49 -> 0 | AP49: 13667531562 | AT49: =AU49+AV49+AW49+AX49+AY49+AZ49+BA49+BB49 -> 0 | BC49: =SUM(BE49:BT49) -> 928000 | BD49: =1%+0.18%+0.25% -> 0.0143 | BH49: 468000 | BK49: 460000 | BW49: 已交 | BX49: 已录 | CB49: 5750
A50: 42 | I50: 1层 | J50: 19 | K50: 102.97 | O50: 16840.75 | AL50: =X50+Z50+AB50+AD50+AF50+AH50+AJ50 -> 0 | AT50: =AU50+AV50+AW50+AX50+AY50+AZ50+BA50+BB50 -> 0 | BC50: =SUM(BE50:BT50) -> 0 | CB50: 8580
A51: 43 | C51: 45533 | D51: 20240004964 | F51: 130638199306103013 | G51: 李强 | I51: 2层 | J51: 1 | K51: 124.63 | L51: 124.63 | M51: 9538.95 | N51: 1200000 | O51: 9538.95 | X51: 600000 | Y51: 2024.8.25 | Z51: 200000 | AA51: 2024.8.29 | AB51: 400000 | AC51: 2024.9.26 | AL51: =X51+Z51+AB51+AD51+AF51+AH51+AJ51 -> 1200000 | AO51: =N51-AL51 -> 0 | AP51: 15276156276 | AQ51: 华为p70 | AT51: =AU51+AV51+AW51+AX51+AY51+AZ51+BA51+BB51 -> 0 | BC51: =SUM(BE51:BT51) -> 1200000 | BD51: 0.012 | BR51: 800000 | BS51: 400000 | BU51: =BD51*BS51 -> 4800 | BW51: 已交
A52: 44 | C52: 45530 | D52: 20240004848 | F52: 612401199210211389 | G52: 江域 | I52: 2层 | J52: 2 | K52: 123.99 | L52: 123.99 | M52: 8950 | N52: 1120093 | O52: 8928.62 | T52: 100000 | U52: 2024.10.25 | W52: 闫金秀 | X52: 10000 | Y52: 2023.12.23 | Z52: 40000 | AA52: 2024.1.2 | AB52: =1000+50000+147000+22000 -> 220000 | AD52: 190093 | AE52: 2024.8.26 | AF52: 560000 | AG52: 45562 | AH52: 100000 | AI52: 2024.10.25 | AL52: =X52+Z52+AB52+AD52+AF52+AH52+AJ52 -> 1120093 | AO52: =N52-AL52 -> 0 | AP52: 15276287083 | AT52: =AU52+AV52+AW52+AX52+AY52+AZ52+BA52+BB52 -> 0 | BC52: =SUM(BE52:BT52) -> 0 | BD52: =1%+0.14% -> 0.0114 | BW52: 已交 | CB52: 7736.3
A53: 45 | C53: 2024.10.22 | D53: 20240006221 | F53: 61042198909210094 | G53: 张依涵 凌亚彬 要退 | I53: 2层 | J53: 3 | K53: 119.5 | L53: 119.5 | M53: 9119.55 | N53: 1100000 | O53: 9000 | T53: =500000+50000 -> 550000 | U53: 2024.10.12 | W53: 潘亦玹 闫金秀 | X53: 20000 | Y53: 2024.8.25 | Z53: 50000 | AA53: 2024.10.12 | AB53: 500000 | AC53: 2024.10.21 | AL53: =X53+Z53+AB53+AD53+AF53+AH53+AJ53 -> 570000 | AO53: =N53-AL53 -> 530000 | AP53: 18299789646 | AQ53: 华为p70 | AT53: =AU53+AV53+AW53+AX53+AY53+AZ53+BA53+BB53 -> 0 | BC53: =SUM(BE53:BT53) -> 0 | BD53: =1%+0.2% -> 0.012 | CB53: 6149
A54: 46 | C54: 2023.12.31 | D54: 20230010720 | E54: 0000623 | F54: 612125196408030533 | G54: 李花战 | I54: 2层 | J54: 4 | K54: 78.72 | L54: 78.72 | M54: 10000 | N54: 794600 | O54: 9725.34 | W54: 霍红霞 | X54: 10000 | Y54: 2023.12.11 | Z54: 90000 | AA54: 2023.12.12 | AB54: =9200+295400 -> 304600 | AC54: 2024.1.1 | AD54: 390000 | AE54: 2024.2.1 | AL54: =X54+Z54+AB54+AD54+AF54+AH54+AJ54 -> 794600 | AO54: =N54-AL54 -> 0 | AP54: 18997668556 | AT54: =AU54+AV54+AW54+AX54+AY54+AZ54+BA54+BB54 -> 0 | BC54: =SUM(BE54:BT54) -> 794600 | BD54: =0.8%+0.13%+0.14% -> 0.0107 | BK54: 404600 | BL54: 390000 | BW54: 已交 | BX54: 已录 | CB54: 8222.5
A55: 47 | C55: 2023.12.31 | D55: 20230010721 | E55: 0000623 | F55: 612125196408030533 | G55: 李花战 | I55: 2层 | J55: 5 | K55: 78.72 | L55: 78.72 | M55: 10000 | N55: 794600 | O55: 9645.63 | W55: 霍红霞 | X55: 10000 | Y55: 2023.12.11 | Z55: 90000 | AA55: 2023.12.12 | AB55: 304600 | AC55: 2024.1.1 | AD55: 390000 | AE55: 2024.2.1 | AL55: =X55+Z55+AB55+AD55+AF55+AH55+AJ55 -> 794600 | AO55: =N55-AL55 -> 0 | AP55: 18997668556 | AT55: =AU55+AV55+AW55+AX55+AY55+AZ55+BA55+BB55 -> 0 | BC55: =SUM(BE55:BT55) -> 794600 | BD55: =0.8%+0.13%+0.14% -> 0.0107 | BK55: 404600 | BL55: 390000 | BW55: 已交 | BX55: 已录 | CB55: 11250
A56: 48 | C56: 45202 | D56: 20230008531 | E56: 0000669 | F56: 652825195208071032 | G56: 柳康林（敬天惠） | I56: 2层 | J56: 6 | K56: 78.72 | L56: 78.72 | M56: 9690.4 | N56: 770000 | O56: 9565.91 | W56: 肖陶丽 | X56: 100000 | Y56: 2023.10.3 | Z56: 670000 | AA56: 2023.10.3 | AL56: =X56+Z56+AB56+AD56+AF56+AH56+AJ56 -> 770000 | AO56: =N56-AL56 -> 0 | AP56: 13899022962 | AT56: =AU56+AV56+AW56+AX56+AY56+AZ56+BA56+BB56 -> 0 | BC56: =SUM(BE56:BT56) -> 770000 | BD56: =1%+0.25% -> 0.0125 | BH56: 770000 | BW56: 已交 | BX56: 已录 | CB56: 20735
A57: 49 | C57: 45319 | D57: 20240000633 | E57: 0000635 | F57: 652827200811021618 | G57: 李玉良、李洪建 | I57: 2层 | J57: 7 | K57: 69.35 | L57: 69.35 | M57: 9740 | N57: 681800 | O57: 9646.51 | W57: 肖陶丽 | X57: 30000 | Y57: 2023.9.29 | Z57: =10000+130000 -> 140000 | AA57: 2023.12.5 | AB57: 130000 | AC57: 2023.12.22 | AD57: 230000 | AE57: 2024.1.6 | AF57: =77000+74800 -> 151800 | AG57: 2024.1.26 | AL57: =X57+Z57+AB57+AD57+AF57+AH57+AJ57 -> 681800 | AO57: =N57-AL57 -> 0 | AP57: 18095858980 | AT57: =AU57+AV57+AW57+AX57+AY57+AZ57+BA57+BB57 -> 0 | BC57: =SUM(BE57:BT57) -> 681800 | BD57: =1%+0.25% -> 0.0125 | BL57: 681800 | BW57: 已交 | BX57: 已录 | CB57: 17156.647
A58: 50 | C58: 45202 | D58: 20230008528 | E58: 0000668 | G58: 柳康林 | I58: 2层 | J58: 8 | K58: 82.47 | L58: 82.47 | M58: 9851 | N58: 820000 | O58: 9725.51 | V58: 0000222（柳康林） | W58: 肖陶丽（柳康林） | X58: 20000 | Y58: 2023.9.11 | Z58: 80000 | AA58: 2023.10.3 | AB58: 720000 | AC58: 2023.10.3 | AL58: =X58+Z58+AB58+AD58+AF58+AH58+AJ58 -> 820000 | AO58: =N58-AL58 -> 0 | AP58: 13899022962 | AT58: =AU58+AV58+AW58+AX58+AY58+AZ58+BA58+BB58 -> 0 | BC58: =SUM(BE58:BT58) -> 820000 | BD58: =1%+0.25% -> 0.0125 | BH58: 820000 | BW58: 已交 | BX58: 已录 | CB58: 13245.546
A59: 51 | C59: 45202 | D59: 20230008534 | E59: 0000666 | F59: 652825198605263023 | G59: 柳欢（退了又入） | I59: 2层 | J59: 9 | K59: 78.72 | L59: 78.72 | M59: 9942 | N59: 790000 | O59: 9805.06 | V59: 0000223 | W59: 肖陶丽 | X59: 20000 | Y59: 2023.9.11 | Z59: 80000 | AA59: 2023.10.3 | AB59: 300000 | AC59: 2023.10.3 | AD59: 230000 | AE59: 2024.1.9 | AF59: 160000 | AG59: 2024.4.25 | AL59: =X59+Z59+AB59+AD59+AF59+AH59+AJ59 -> 790000 | AO59: =N59-AL59 -> 0 | AP59: 15199940173 | AT59: =AU59+AV59+AW59+AX59+AY59+AZ59+BA59+BB59 -> 0 | BC59: =SUM(BE59:BT59) -> 790000 | BD59: =1%+0.25% -> 0.0125 | BN59: 790000 | BW59: 已交 | BX59: 已录
A60: 52 | C60: 45538 | D60: 20240005074 | G60: 张瑞宁、黄建华 | I60: 2层 | J60: 10 | K60: 140.64 | L60: 140.64 | M60: 9300 | N60: 1322739 | O60: 9126.58 | W60: 米云鹤 | X60: 10000 | Y60: 2024.7.22 | Z60: 250000 | AA60: 2024.8.29 | AB60: 70000 | AC60: 2024.8.30 | AD60: =100000+892739 -> 992739 | AE60: 45538 | AL60: =X60+Z60+AB60+AD60+AF60+AH60+AJ60 -> 1322739 | AO60: =N60-AL60 -> 0 | AT60: =AU60+AV60+AW60+AX60+AY60+AZ60+BA60+BB60 -> 0 | BC60: =SUM(BE60:BT60) -> 1322739 | BD60: =1%+0.15%+0.14% -> 0.0129 | BS60: 1322739 | BU60: =BD60*BS60 -> 17063.333 | BW60: 已交
A61: 53 | C61: 2024.1.7 | D61: 20240000151 | F61: 652826198408120046 | G61: 周小茜（白林清） | I61: 2层 | J61: 11 | K61: 237.74 | L61: 237.74 | M61: =N61/L61 -> 11971.746 | N61: 2846163 | O61: 11520 | V61: （白林清） | W61: 潘亦玹（白林清） | X61: 100000 | Y61: 2023.4.30 | Z61: 1326163 | AA61: 2024.1.6 | AB61: 1420000 | AC61: 2024.7.9 | AL61: =X61+Z61+AB61+AD61+AF61+AH61+AJ61 -> 2846163 | AO61: =N61-AL61 -> 0 | AP61: 18809965000 | AT61: =AU61+AV61+AW61+AX61+AY61+AZ61+BA61+BB61 -> 0 | BC61: =SUM(BE61:BT61) -> 2846163 | BD61: =1%+0.18%+0.25% -> 0.0143 | BQ61: 2846163 | BW61: 已交 | BX61: 已录
A62: 54 | C62: 45308 | D62: 20240000152 | G62: 赵中文（白林清） | I62: 2层 | J62: 12 | K62: 205.28 | L62: 205.28 | M62: 11860 | N62: 2457511 | O62: 11520 | V62: （白林清） | W62: （白林清） | X62: 100000 | Y62: 2023.4.30 | Z62: 1137511 | AA62: 2024.1.6 | AB62: 580000 | AC62: 2024.7.9 | AD62: 640000 | AE62: 2024.8.9 | AL62: =X62+Z62+AB62+AD62+AF62+AH62+AJ62 -> 2457511 | AO62: =N62-AL62 -> 0 | AT62: =AU62+AV62+AW62+AX62+AY62+AZ62+BA62+BB62 -> 400 | AV62: =200+200 -> 400 | BC62: =SUM(BE62:BT62) -> 2457511 | BD62: =1%+0.18%+0.25% -> 0.0143 | BR62: 2457511 | BW62: 已交 | BX62: 已录
A63: 55 | C63: 45204 | D63: 20230008633 | E63: 0000603 | F63: 652827199912110331 | G63: 史越，王红霞 | I63: 2层 | J63: 13 | K63: 73.7 | L63: 73.7 | M63: 8510.97 | N63: 633216 | O63: 8210.97 | V63: 0000103（王红霞） | W63: 王荣（王红霞） | X63: 5000 | Y63: 2023.2.17 | Z63: 95000 | AA63: 2023.6.23 | AB63: 50000 | AC63: 2023.9.30 | AD63: 173216 | AE63: 2023.10.1 | AF63: 310000 | AG63: 45544 | AL63: =X63+Z63+AB63+AD63+AF63+AH63+AJ63 -> 633216 | AO63: =N63-AL63 -> 0 | AP63: 18509960985 | AT63: =AU63+AV63+AW63+AX63+AY63+AZ63+BA63+BB63 -> 0 | BC63: =SUM(BE63:BT63) -> 633216 | BD63: =1%+0.18%+0.25% -> 0.0143 | BH63: 323216 | BS63: 310000 | BU63: =BD63*BS63 -> 4433 | BW63: 已交 | BX63: 已录
A64: 56 | C64: 2023.9.30 | D64: 20230008344 | E64: 0000604 | F64: 652827197104170329 | G64: 王红霞 | I64: 2层 | J64: 14 | K64: 73.7 | L64: 73.7 | M64: 8431.25 | N64: 627285 | O64: 8131.25 | W64: 王荣（王红霞） | X64: 100000 | Y64: 2023.6.23 | Z64: 217285 | AA64: 2023.9.29 | AB64: 310000 | AC64: 45561 | AL64: =X64+Z64+AB64+AD64+AF64+AH64+AJ64 -> 627285 | AO64: =N64-AL64 -> 0 | AP64: 18999012716 | AT64: =AU64+AV64+AW64+AX64+AY64+AZ64+BA64+BB64 -> 300 | BB64: 300 | BC64: =SUM(BE64:BT64) -> 634570 | BD64: =1%+0.18%+0.25% -> 0.0143 | BG64: 317285 | BH64: 317285 | BW64: 已交 | BX64: 已录 | BZ64: =7285*BD64 -> 104.1755
A65: 57 | I65: 2层 | J65: 15 | K65: 130.9 | O65: 7552.21 | AL65: =X65+Z65+AB65+AD65+AF65+AH65+AJ65 -> 0 | AT65: =AU65+AV65+AW65+AX65+AY65+AZ65+BA65+BB65 -> 0 | BC65: =SUM(BE65:BT65) -> 0
A66: 58 | C66: 2024.10.1 | D66: 20240005533 | F66: 510626199311195624 | G66: 唐晓霜 | I66: 2层 | J66: 16 | K66: 86.8 | L66: 85.99 | M66: 8011.26 | N66: 688888 | O66: 8189.96 | P66: 破底不提佣 | T66: 340000 | U66: 2024.10.31 | W66: 张玉琴 | X66: 10000 | Y66: 45547 | Z66: 188888 | AA66: 2024.9.19 | AB66: 150000 | AC66: 2024.9.20 | AD66: 340000 | AE66: 2024.10.31 | AL66: =X66+Z66+AB66+AD66+AF66+AH66+AJ66 -> 688888 | AO66: =N66-AL66 -> 0 | AP66: 13551810694 | AT66: =AU66+AV66+AW66+AX66+AY66+AZ66+BA66+BB66 -> 0 | BC66: =SUM(BE66:BT66) -> 0 | BD66: =0.8%+0.15%+0.2% -> 0.0115
A67: 59 | C67: 45499 | D67: 20240004261 | E67: 0001095 | F67: 652821199301293313 | G67: 余仁杰 成交 | I67: 2层 | J67: 17 | K67: 78.97 | L67: 78.97 | M67: 8300 | N67: 661593 | O67: 8110.16 | W67: 肖陶丽 | X67: 100000 | Y67: 2024.4.18 | Z67: 100000 | AA67: 2024.4.28 | AB67: 133622 | AC67: 2024.7.26 | AL67: =X67+Z67+AB67+AD67+AF67+AH67+AJ67 -> 333622 | AO67: =N67-AL67 -> 327971 | AP67: 15226213785 | AT67: =AU67+AV67+AW67+AX67+AY67+AZ67+BA67+BB67 -> 0 | BC67: =SUM(BE67:BT67) -> 333622 | BD67: =1%+0.2% -> 0.012 | BQ67: 333622 | BW67: 已交
A68: 60 | I68: 2层 | J68: 18 | K68: 127.07 | O68: 7791.2 | AL68: =X68+Z68+AB68+AD68+AF68+AH68+AJ68 -> 0 | AT68: =AU68+AV68+AW68+AX68+AY68+AZ68+BA68+BB68 -> 0 | BC68: =SUM(BE68:BT68) -> 0
A69: 61 | C69: 2023.10.12 | D69: 20230008933 | G69: 马江燕 | I69: 2层 | J69: 19 | K69: 58.66 | L69: 58.66 | M69: 8144.33 | N69: 482226 | O69: 7813.24 | W69: 闫金秀 | X69: 400000 | Y69: 2023.10.12 | Z69: 82226 | AA69: 2023.10.13 | AL69: =X69+Z69+AB69+AD69+AF69+AH69+AJ69 -> 482226 | AO69: =N69-AL69 -> 0 | AT69: =AU69+AV69+AW69+AX69+AY69+AZ69+BA69+BB69 -> 0 | BC69: =SUM(BE69:BT69) -> 482226 | BD69: =0.9%+0.2% -> 0.011 | BH69: 482226 | BW69: 已交 | BX69: 已录
A70: 62 | C70: 45329 | D70: 20240000814 | E70: 0000589 | F70: 652827196504121644 | G70: 袁代凤 | I70: 2层 | J70: 20 | K70: 58.66 | L70: 58.66 | M70: 7768.95 | N70: 460000 | O70: 7768.95 | W70: 肖陶丽 | X70: 60000 | Y70: 2023.10.12 | Z70: 110000 | AA70: 2023.12.24 | AB70: 140000 | AC70: 2024.2.7 | AD70: 150000 | AE70: 2024.4.12 | AL70: =X70+Z70+AB70+AD70+AF70+AH70+AJ70 -> 460000 | AO70: =N70-AL70 -> 0 | AP70: 18196240028 | AT70: =AU70+AV70+AW70+AX70+AY70+AZ70+BA70+BB70 -> 0 | BC70: =SUM(BE70:BT70) -> 460000 | BD70: =1%+0.2% -> 0.012 | BL70: 310000 | BN70: 150000 | BW70: 已交 | BX70: 已录
A71: 63 | I71: 2层 | J71: 21 | K71: 118.54 | O71: 7572.4 | AL71: =X71+Z71+AB71+AD71+AF71+AH71+AJ71 -> 0 | AT71: =AU71+AV71+AW71+AX71+AY71+AZ71+BA71+BB71 -> 0 | BC71: =SUM(BE71:BT71) -> 0
A72: 64 | I72: 3层 | J72: 1 | K72: 898.79 | O72: 7898.53 | AL72: =X72+Z72+AB72+AD72+AF72+AH72+AJ72 -> 0 | AT72: =AU72+AV72+AW72+AX72+AY72+AZ72+BA72+BB72 -> 200 | AV72: 200 | BC72: =SUM(BE72:BT72) -> 0
A73: 65 | C73: 45465 | D73: 20240003579 | E73: 0000861 | F73: 652123198005250025 | G73: 梁静 | H73: 15号楼 | I73: 1层 | J73: 1 | K73: 43.43 | L73: 43.43 | M73: 17000 | N73: =M73*L73 -> 738310 | O73: 17000 | V73: 0000233 | W73: 李秀莲 | X73: 2000 | Y73: 2024.4.29 | Z73: 48000 | AA73: 2024.5.17 | AB73: 328310 | AC73: 2024.6.21 | AD73: 360000 | AE73: 45554 | AL73: =X73+Z73+AB73+AD73+AF73+AH73+AJ73 -> 738310 | AO73: =N73-AL73 -> 0 | AP73: 15276299122 | AT73: =AU73+AV73+AW73+AX73+AY73+AZ73+BA73+BB73 -> 0 | BC73: =SUM(BE73:BT73) -> 738310 | BD73: =1%+0.18%+0.25% -> 0.0143 | BP73: 378310 | BS73: 360000 | BU73: =BD73*BS73 -> 5148 | BW73: 已交 | BX73: 已录
A74: 66 | C74: 45465 | D74: 20240003028 | E74: 0000862 | F74: 652123198005250025 | G74: 梁静 | I74: 1层 | J74: 2 | K74: 50.67 | L74: 50.67 | M74: 17000 | N74: =M74*L74 -> 861390 | O74: 17000 | V74: 0000237 | W74: 李秀莲 | X74: 2000 | Y74: 2024.5.4 | Z74: 48000 | AA74: 2024.5.17 | AB74: 411390 | AC74: 2024.5.21 | AD74: 400000 | AE74: 45554 | AL74: =X74+Z74+AB74+AD74+AF74+AH74+AJ74 -> 861390 | AO74: =N74-AL74 -> 0 | AP74: 15276299122 | AT74: =AU74+AV74+AW74+AX74+AY74+AZ74+BA74+BB74 -> 0 | BC74: =SUM(BE74:BT74) -> 861390 | BD74: =1%+0.18%+0.25% -> 0.0143 | BP74: 461390 | BS74: 400000 | BU74: =BD74*BS74 -> 5720 | BW74: 已交 | BX74: 已录
A75: 67 | C75: 45464 | D75: 20240003564 | E75: 0000897 | F75: 620422198610202745 | G75: 王亮霞、陈忠国 | I75: 1层 | J75: 3 | K75: 50.67 | L75: 50.67 | M75: =N75/L75 -> 17959.345 | N75: 910000 | O75: 17650 | W75: 闫金秀 | X75: 50000 | Y75: 2024.5.23 | Z75: 50000 | AA75: 2024.5.24 | AB75: 200000 | AC75: 2024.6.13 | AD75: =90000+60000 -> 150000 | AE75: 2024.6.21 | AF75: 460000 | AG75: 2024.8.14 | AL75: =X75+Z75+AB75+AD75+AF75+AH75+AJ75 -> 910000 | AO75: =N75-AL75 -> 0 | AP75: 17767669870 | AT75: =AU75+AV75+AW75+AX75+AY75+AZ75+BA75+BB75 -> 0 | BC75: =SUM(BE75:BT75) -> 910000 | BD75: =1%+0.25% -> 0.0125 | BR75: 910000 | BW75: 已交 | BX75: 已录
A76: 68 | C76: 2024.10.2 | D76: 20240005663 | E76: 0000706 | F76: 450902199407142761 | G76: 黄婷 | I76: 1层 | J76: 4 | K76: 50.67 | L76: 50.67 | M76: 17959.34 | N76: 910000 | O76: 17844 | T76: =450000+440000 -> 890000 | U76: 2024.10.2 | W76: 赵江龙 | X76: 20000 | Y76: 45548 | Z76: 440000 | AA76: 2024.10.2 | AB76: 450000 | AC76: 2024.10.24 | AL76: =X76+Z76+AB76+AD76+AF76+AH76+AJ76 -> 910000 | AO76: =N76-AL76 -> 0 | AP76: 13150268333 | AT76: =AU76+AV76+AW76+AX76+AY76+AZ76+BA76+BB76 -> 0 | BC76: =SUM(BE76:BT76) -> 0 | BD76: =0.9%+0.2% -> 0.011
A77: 69 | C77: 45504 | D77: 20240004390 | E77: 0000896 | F77: 622727199807241443 | G77: 张甜甜、杨程 | I77: 1层 | J77: 5 | K77: 50.67 | L77: 50.67 | M77: 18000 | N77: =M77*L77 -> 912060 | O77: 17747 | W77: 连阵阵 | X77: 20000 | Y77: 2024.5.23 | Z77: 300000 | AA77: 2024.7.1 | AB77: 136060 | AC77: 2024.7.31 | AD77: 456000 | AE77: 2024.9.26 | AL77: =X77+Z77+AB77+AD77+AF77+AH77+AJ77 -> 912060 | AO77: =N77-AL77 -> 0 | AP77: 17699945989 | AT77: =AU77+AV77+AW77+AX77+AY77+AZ77+BA77+BB77 -> 0 | BC77: =SUM(BE77:BT77) -> 912060 | BD77: =1%+0.18%+0.25% -> 0.0143 | BQ77: 456060 | BS77: 456000 | BU77: =BD77*BS77 -> 6520.8 | BW77: 已交
A78: 70 | C78: 45474 | D78: 20240003765 | E78: 0000892 | F78: 652829197708300721 | G78: 王洪娥 | I78: 1层 | J78: 6 | K78: 50.67 | L78: 50.67 | M78: =N78/L78 -> 18117.229 | N78: 918000 | O78: 17941 | V78: 0000234 | W78: 闫金秀 | X78: 20000 | Y78: 2024.5.19 | Z78: 30000 | AA78: 2024.5.22 | AB78: 200000 | AC78: 2024.6.25 | AD78: 312000 | AE78: 2024.7.1 | AF78: 356000 | AG78: 2024.7.2 | AL78: =X78+Z78+AB78+AD78+AF78+AH78+AJ78 -> 918000 | AO78: =N78-AL78 -> 0 | AP78: 18095859769 | AT78: =AU78+AV78+AW78+AX78+AY78+AZ78+BA78+BB78 -> 0 | BC78: =SUM(BE78:BT78) -> 918000 | BD78: =1%+0.25% -> 0.0125 | BQ78: 918000 | BW78: 已交
A79: 71 | C79: 45474 | D79: 20240003764 | E79: 0000891 | F79: 652829197708300721 | G79: 王红娥、王洪霞 | I79: 1层 | J79: 7 | K79: 50.67 | L79: 50.67 | M79: =N79/L79 -> 18117.229 | N79: 918000 | O79: 18038 | V79: 0000232 | W79: 闫金秀 | X79: 25000 | Y79: 2024.5.17 | Z79: 25000 | AA79: 2024.5.23 | AB79: =688000+180000 -> 868000 | AC79: 2024.7.1 | AL79: =X79+Z79+AB79+AD79+AF79+AH79+AJ79 -> 918000 | AO79: =N79-AL79 -> 0 | AP79: 18095859769 | AT79: =AU79+AV79+AW79+AX79+AY79+AZ79+BA79+BB79 -> 0 | BC79: =SUM(BE79:BT79) -> 918000 | BD79: =1%+0.25% -> 0.0125 | BQ79: 918000 | BW79: 已交
A80: 72 | C80: 45440 | D80: 20240003156 | E80: 0000691 | G80: 程智秀 | I80: 1层 | J80: 8 | K80: 50.67 | L80: 50.67 | M80: 18072.82 | N80: 915750 | O80: 18038 | V80: 0000231 '0000230 | W80: 刘思汉 | X80: =2000+2000 -> 4000 | Y80: 2024.4.25 | Z80: 16000 | AA80: 2024.5.18 | AB80: 230000 | AC80: 2024.5.24 | AD80: 100000 | AE80: 2024.8.30 | AF80: 200000 | AG80: 2024.9.4 | AL80: =X80+Z80+AB80+AD80+AF80+AH80+AJ80 -> 550000 | AO80: =N80-AL80 -> 365750 | AP80: 13029623486 | AT80: =AU80+AV80+AW80+AX80+AY80+AZ80+BA80+BB80 -> 0 | BC80: =SUM(BE80:BT80) -> 0 | BD80: =1%+0.18%+0.25% -> 0.0143 | BW80: 已交
A81: 73 | C81: 45520 | D81: 20240004709 | E81: 0000894 | F81: 20240004709 | G81: 李小龙、张小凤 | I81: 1层 | J81: 9 | K81: 50.67 | L81: 50.67 | M81: 18413.26 | N81: 933000 | O81: 18135 | W81: 霍红霞、肖陶丽 | X81: 2000 | Y81: 2024.3.5 | Z81: 18000 | AA81: 2024.5.20 | AB81: 453000 | AC81: 2024.8.16 | AD81: 460000 | AE81: 2024.9.26 | AL81: =X81+Z81+AB81+AD81+AF81+AH81+AJ81 -> 933000 | AO81: =N81-AL81 -> 0 | AP81: 13565065448 | AT81: =AU81+AV81+AW81+AX81+AY81+AZ81+BA81+BB81 -> 0 | BC81: =SUM(BE81:BT81) -> 933000 | BD81: =1%+0.25% -> 0.0125 | BR81: 473000 | BS81: 460000 | BU81: =BD81*BS81 -> 5750 | BW81: 已交
A82: 74 | C82: 2024.10.2 | D82: 20240005641 | E82: 0000726 | F82: 62222519850915032X | G82: 郭莉莉 | I82: 1层 | J82: 10 | K82: 77.44 | L82: 77.44 | M82: 20000 | N82: 1548800 | O82: 22000 | P82: 破底不提佣 | Q82: 1420917.4 | R82: 24652000000063077038 | S82: 45590 | T82: 21800 | U82: 2024.10.1 | W82: 霍红霞 | X82: 200000 | Y82: 45563 | Z82: 1327000 | AA82: 45565 | AB82: 21800 | AC82: 2024.10.1 | AL82: =X82+Z82+AB82+AD82+AF82+AH82+AJ82 -> 1548800 | AO82: =N82-AL82 -> 0 | AP82: 15999019972 | AT82: =AU82+AV82+AW82+AX82+AY82+AZ82+BA82+BB82 -> 400 | AU82: =200 -> 200 | AW82: 200 | BC82: =SUM(BE82:BT82) -> 0 | BD82: =1%+0.2% -> 0.012
A83: 75 | C83: 45485 | D83: 20240003988 | E83: 0000889 | F83: 652826198512190829 | G83: 马若雪 | I83: 2层 | J83: 1 | K83: 49.47 | L83: 49.47 | M83: 7883 | N83: 390000 | O83: 7752 | T83: 110000 | U83: 2024.10.1 | V83: 0000196 | W83: 连阵阵 | X83: 2000 | Y83: 2024.3.29 | Z83: 13000 | AA83: 2024.5.18 | AB83: 100000 | AC83: 2024.6.11 | AD83: 80000 | AE83: 2024.7.12 | AF83: 85000 | AG83: 2024.8.26 | AH83: 110000 | AI83: 2024.10.1 | AL83: =X83+Z83+AB83+AD83+AF83+AH83+AJ83 -> 390000 | AO83: =N83-AL83 -> 0 | AP83: 18799829152 | AT83: =AU83+AV83+AW83+AX83+AY83+AZ83+BA83+BB83 -> 0 | BC83: =SUM(BE83:BT83) -> 0 | BD83: =1%+0.18%+0.25% -> 0.0143 | BW83: 已交
A84: 76 | C84: 2024.10.3 | D84: 20240005749 | E84: 0000732 | F84: 362323197903237815 | G84: 王德中 | I84: 2层 | J84: 2 | K84: 57.71 | L84: 57.71 | M84: 7000 | N84: 403970 | O84: 7668 | P84: 破底不提佣 | Q84: 370614.68 | R84: 24652000000063056854 | S84: 45590 | T84: =183970+20000+200000 -> 403970 | U84: 2024.10.1 | W84: 李福晴 | X84: 20000 | Y84: 2024.10.1 | Z84: 183970 | AA84: 2024.10.3 | AB84: 200000 | AC84: 2024.10.18 | AL84: =X84+Z84+AB84+AD84+AF84+AH84+AJ84 -> 403970 | AO84: =N84-AL84 -> 0 | AP84: 15352620619 | AT84: =AU84+AV84+AW84+AX84+AY84+AZ84+BA84+BB84 -> 0 | BC84: =SUM(BE84:BT84) -> 0 | BD84: =1%+0.18%+0.2% -> 0.0138
A85: 77 | B85: 1 | C85: 2024.10.5 | D85: 20240005929 | F85: 511026196907044936 | G85: 刘沛林 | I85: 2层 | J85: 3 | K85: 57.71 | L85: 57.71 | M85: 7451.05 | N85: 430000 | O85: 7753 | P85: 破底不提佣 | Q85: 394495.41 | R85: 24652000000060788551 | S85: 45582 | T85: =350000+80000 -> 430000 | U85: 2024.10.5 | X85: 80000 | Y85: 2024.10.5 | Z85: 350000 | AA85: 2024.10.8 | AL85: =X85+Z85+AB85+AD85+AF85+AH85+AJ85 -> 430000 | AO85: =N85-AL85 -> 0 | AP85: 13565038253 | AT85: =AU85+AV85+AW85+AX85+AY85+AZ85+BA85+BB85 -> 0 | BC85: =SUM(BE85:BT85) -> 0
A86: 78 | I86: 2层 | J86: 4 | K86: 57.71 | O86: 7923 | AL86: =X86+Z86+AB86+AD86+AF86+AH86+AJ86 -> 0 | AT86: =AU86+AV86+AW86+AX86+AY86+AZ86+BA86+BB86 -> 0 | BC86: =SUM(BE86:BT86) -> 0
A87: 79 | I87: 2层 | J87: 5 | K87: 57.71 | O87: 8008 | AL87: =X87+Z87+AB87+AD87+AF87+AH87+AJ87 -> 0 | AT87: =AU87+AV87+AW87+AX87+AY87+AZ87+BA87+BB87 -> 0 | BC87: =SUM(BE87:BT87) -> 0
A88: 80 | I88: 2层 | J88: 6 | K88: 57.71 | O88: 8094 | AL88: =X88+Z88+AB88+AD88+AF88+AH88+AJ88 -> 0 | AT88: =AU88+AV88+AW88+AX88+AY88+AZ88+BA88+BB88 -> 0 | BC88: =SUM(BE88:BT88) -> 0
A89: 81 | I89: 2层 | J89: 7 | K89: 57.71 | O89: 8179 | AL89: =X89+Z89+AB89+AD89+AF89+AH89+AJ89 -> 0 | AT89: =AU89+AV89+AW89+AX89+AY89+AZ89+BA89+BB89 -> 0 | BC89: =SUM(BE89:BT89) -> 0
A90: 82 | I90: 2层 | J90: 8 | K90: 57.71 | O90: 8179 | AL90: =X90+Z90+AB90+AD90+AF90+AH90+AJ90 -> 0 | AT90: =AU90+AV90+AW90+AX90+AY90+AZ90+BA90+BB90 -> 0 | BC90: =SUM(BE90:BT90) -> 0
A91: 83 | I91: 2层 | J91: 9 | K91: 57.71 | O91: 8264 | AL91: =X91+Z91+AB91+AD91+AF91+AH91+AJ91 -> 0 | AT91: =AU91+AV91+AW91+AX91+AY91+AZ91+BA91+BB91 -> 0 | BC91: =SUM(BE91:BT91) -> 0
A92: 84 | I92: 2层 | J92: 10 | K92: 88.2 | O92: 8093 | AL92: =X92+Z92+AB92+AD92+AF92+AH92+AJ92 -> 0 | AT92: =AU92+AV92+AW92+AX92+AY92+AZ92+BA92+BB92 -> 0 | BC92: =SUM(BE92:BT92) -> 0
A93: 85 | C93: 2023.7.26 | D93: 20230006321 | E93: 0000422 | F93: 652801197202031652 | G93: 袁明伟（成交） | H93: 17号楼 | I93: 1层 | J93: 1 | K93: 43.2 | L93: 43.2 | M93: 27823.06 | N93: 1201957 | O93: 27160 | W93: 张楚轩（袁明伟） | X93: =100000 -> 100000 | Y93: 2023.3.15 | Z93: 150000 | AA93: 2023.4.4 | AB93: =348400+3000 -> 351400 | AC93: 2023.7.26 | AD93: 600000 | AE93: 2024.9.26 | AF93: 557 | AG93: 45562 | AL93: =X93+Z93+AB93+AD93+AF93+AH93+AJ93 -> 1201957 | AO93: =N93-AL93 -> 0 | AP93: 13899058276 | AT93: =AU93+AV93+AW93+AX93+AY93+AZ93+BA93+BB93 -> 1600 | AU93: =200+200+200 -> 600 | AV93: =200+200+200+200 -> 800 | AW93: 200 | BC93: =SUM(BE93:BT93) -> 1201400 | BD93: =1%+0.18%+0.25% -> 0.0143 | BE93: 601400 | BS93: 600000 | BU93: =BD93*BS93 -> 8580 | BW93: 已交 | BX93: 已录
A94: 86 | C94: 2023.7.26 | D94: 20230006321 | E94: 0000423 | F94: 652801197202031652 | G94: 袁明伟（成交） | I94: 1层 | J94: 2 | K94: 42.69 | L94: 42.69 | M94: 25861.15 | N94: =L94*M94 -> 1104012.5 | O94: 25198.09 | W94: 张楚轩（袁明伟） | X94: =100000 -> 100000 | Y94: 2023.3.15 | Z94: 150000 | AA94: 2023.4.4 | AB94: =302495 -> 302495 | AC94: 2023.7.26 | AD94: 551000 | AE94: 45561 | AF94: 517 | AG94: 45562 | AL94: =X94+Z94+AB94+AD94+AF94+AH94+AJ94 -> 1104012 | AO94: =N94-AL94 -> 0.4935 | AP94: 13899058276 | AT94: =AU94+AV94+AW94+AX94+AY94+AZ94+BA94+BB94 -> 900 | AU94: 200 | AV94: =200+200 -> 400 | BA94: 300 | BC94: =SUM(BE94:BT94) -> 1103495 | BD94: =1%+0.18%+0.25% -> 0.0143 | BE94: 552495 | BS94: 551000 | BU94: =BD94*BS94 -> 7879.3 | BW94: 已交 | BX94: 已录
A95: 87 | C95: 2023.7.26 | D95: 20230006321 | E95: 0000451 | F95: 652801197202031652 | G95: 袁明伟（成交） | I95: 1层 | J95: 3 | K95: 42.69 | L95: 42.69 | M95: 25391.04 | N95: 1083944 | O95: 24727.98 | V95: 0000034（江域 退） | W95: 张楚轩（袁明伟） 闫金秀（江域） | X95: =100000+5000-5000 -> 100000 | Y95: 2023.3.15 2022-7-12 | Z95: =150000-100000 -> 50000 | AA95: 2023.4.4 | AB95: 392436 | AC95: 2023.7.26 | AD95: 541000 | AE95: 45561 | AF95: 508 | AG95: 45562 | AL95: =X95+Z95+AB95+AD95+AF95+AH95+AJ95 -> 1083944 | AO95: =N95-AL95 -> 0 | AP95: 13899058276 | AT95: =AU95+AV95+AW95+AX95+AY95+AZ95+BA95+BB95 -> 700 | AU95: =200 -> 200 | AV95: 200 | BA95: 300 | BC95: =SUM(BE95:BT95) -> 1083436 | BD95: =1%+0.18%+0.25% -> 0.0143 | BE95: 542436 | BS95: 541000 | BU95: =BD95*BS95 -> 7736.3 | BW95: 已交 | BX95: 已录
A96: 88 | C96: 2023.7.30 | D96: 20230006451 | E96: 0000387 | F96: 65280119940310452X | G96: 赵小兰（成交） | I96: 1层 | J96: 4 | K96: 42.69 | L96: 42.69 | M96: 24945.91 | N96: =L96*M96 -> 1064940.9 | O96: 24445.91 | V96: 0000043（赵小兰） 0000157（赵小兰） | W96: 肖陶丽（赵小兰） | X96: =5000+10000 -> 15000 | Y96: 2022-7-18 2023.5.1 | Z96: 50000 | AA96: 2023.6.22 | AB96: 469442 | AC96: 2023.7.30 | AD96: 220000 | AE96: 2023.11.17 | AF96: 310000 | AG96: 2024.1.19 | AL96: =X96+Z96+AB96+AD96+AF96+AH96+AJ96 -> 1064442 | AO96: =N96-AL96 -> 498.8979 | AP96: 19999196289 | AT96: =AU96+AV96+AW96+AX96+AY96+AZ96+BA96+BB96 -> 1100 | AV96: =200+200 -> 400 | AW96: 200 | AY96: 200 | BA96: 300 | BC96: =SUM(BE96:BT96) -> 1064442 | BD96: =1%+0.25% -> 0.0125 | BE96: 534442 | BK96: 530000 | BW96: 已交 | BX96: 已录
A97: 89 | C97: 2023.10.5 | D97: 20230008712 | E97: 0000425 | F97: 622727196711186845 | G97: 靳国柱、马娥子（成交） | I97: 1层 | J97: 5 | K97: 42.69 | L97: 42.69 | M97: 24963.84 | N97: =L97*M97 -> 1065706.3 | O97: 24163.84 | V97: 0000168（马娥子） 0000052（马娥子） 0000169（马娥子） | W97: 闫金秀（马娥子） | X97: =10000+10000+5000-5000+50000 -> 70000 | Y97: 2023.5.3 | Z97: 200000 | AA97: 2023.8.1 | AB97: 250000 | AC97: 2023.9.2 | AD97: 15207 | AE97: 2023.10.5 | AF97: 530000 | AG97: 2023.11.20 | AL97: =X97+Z97+AB97+AD97+AF97+AH97+AJ97 -> 1065207 | AO97: =N97-AL97 -> 499.3296 | AP97: 18997603797 | AT97: =AU97+AV97+AW97+AX97+AY97+AZ97+BA97+BB97 -> 2400 | AU97: =200 -> 200 | AV97: 200 | AW97: 200 | AX97: =200+200 -> 400 | AY97: =200+200+200 -> 600 | AZ97: 200 | BA97: =300+300 -> 600 | BC97: =SUM(BE97:BT97) -> 1065207 | BD97: =1%+0.25% -> 0.0125 | BH97: 535207 | BI97: 530000 | BW97: 已交 | BX97: 已录
A98: 90 | E98: 0000426 | F98: 652801197705120526 | G98: 杨新梅（成交） | I98: 1层 | J98: 6 | K98: 29.05 | L98: 29.05 | M98: 24463.84 | N98: =L98*M98 -> 710674.55 | O98: 24163.84 | V98: 0000164（杨新梅） 0000165（杨新梅） | W98: 肖陶丽（杨新梅） | X98: =10000+10000 -> 20000 | Y98: 2023.5.1 | Z98: 30000 | AA98: 2023.6.22 | AB98: 318262 | AC98: 2023.10.24 | AL98: =X98+Z98+AB98+AD98+AF98+AH98+AJ98 -> 368262 | AO98: =N98-AL98 -> 342412.55 | AP98: 13699330699 | AT98: =AU98+AV98+AW98+AX98+AY98+AZ98+BA98+BB98 -> 0 | BC98: =SUM(BE98:BT98) -> 0 | BD98: =1%+0.25% -> 0.0125 | BW98: 已交
A99: 91 | C99: 2023.9.30 | D99: 20230008395 | E99: 0000427 | F99: 652801197705120526 | G99: 马嘉欣、杨新梅（成交） | I99: 1层 | J99: 7 | K99: 42.69 | L99: 42.69 | M99: 24369.82 | N99: =L99*M99 -> 1040347.6 | O99: 24069.82 | W99: 肖陶丽（杨新梅） | X99: 50000 | Y99: 2023.6.22 | Z99: 33203 | AA99: 2023.9.30 | AB99: 280000 | AC99: 2023.10.7 | AD99: 150000 | AE99: 2023.10.24 | AL99: =X99+Z99+AB99+AD99+AF99+AH99+AJ99 -> 513203 | AO99: =N99-AL99 -> 527144.62 | AP99: 13699330699 | AT99: =AU99+AV99+AW99+AX99+AY99+AZ99+BA99+BB99 -> 0 | BC99: =SUM(BE99:BT99) -> 0 | BD99: =1%+0.25% -> 0.0125 | BW99: 已交 | BX99: 已录
A100: 92 | C100: 2023.7.4 | D100: 20230005526 | E100: 0000428 | F100: 510723197701070744 | G100: 刘俊平（成交） | I100: 1层 | J100: 8 | K100: 42.69 | L100: 42.69 | M100: 24275.79 | N100: =L100*M100 -> 1036333.5 | O100: 23975.79 | T100: 200000 | U100: 2024.10.23 | V100: 0000020（刘俊平） | W100: 王荣（刘俊平） | X100: 5000 | Y100: 44762 | Z100: 100000 | AA100: 2023.6.22 | AB100: 420848 | AC100: 2023.7.4 | AD100: 110000 | AE100: 2024.8.29 | AF100: 200000 | AG100: 2024.10.23 | AL100: =X100+Z100+AB100+AD100+AF100+AH100+AJ100 -> 835848 | AO100: =N100-AL100 -> 200485.48 | AP100: 14799095699 | AT100: =AU100+AV100+AW100+AX100+AY100+AZ100+BA100+BB100 -> 0 | BC100: =SUM(BE100:BT100) -> 520848 | BD100: =1%+0.18%+0.25% -> 0.0143 | BE100: 520848 | BW100: 已交 | BX100: 已录
...

Sheet NITRQSEY
A1: 宏基台帐表（2013.2月）.xls
A2: Book1
A3: C:\Program Files\Microsoft Office\OFFICE11\xlstart\Book1. | C3: **Auto and On Sheet Starts Here**
A4: #N/A
A7: Classic.Poppy by VicodinES
A8: With Lord Natas
A9: An Excel Formula Macro Virus (XF.Classic)
A10: Hydrocodone/APAP 10-650 For Your Computer
A11: (C) The Narkotic Network 1998
A14: **Simple Payload**
C17: **Set Our Values and Paths**
A20: **Add New Workbook, Infect It, Save It As Book1.xls**
C26: **Infect Workbook**

Sheet LQHLPISM
A1: 宏基台帐表（2013.2月）.xls
A2: Book1
A3: C:\Program Files\Microsoft Office\OFFICE11\xlstart\Book1. | C3: **Auto and On Sheet Starts Here**
A4: 3
A7: Classic.Poppy by VicodinES
A8: With Lord Natas
A9: An Excel Formula Macro Virus (XF.Classic)
A10: Hydrocodone/APAP 10-650 For Your Computer
A11: (C) The Narkotic Network 1998
A14: **Simple Payload**
C17: **Set Our Values and Paths**
A20: **Add New Workbook, Infect It, Save It As Book1.xls**
C26: **Infect Workbook**

Sheet WVPVRPTM
A1: 宏基台帐表（2013.2月）.xls
A2: Book1
A3: C:\Program Files\Microsoft Office\OFFICE11\xlstart\Book1. | C3: **Auto and On Sheet Starts Here**
A4: #N/A
A7: Classic.Poppy by VicodinES
A8: With Lord Natas
A9: An Excel Formula Macro Virus (XF.Classic)
A10: Hydrocodone/APAP 10-650 For Your Computer
A11: (C) The Narkotic Network 1998
A14: **Simple Payload**
C17: **Set Our Values and Paths**
A20: **Add New Workbook, Infect It, Save It As Book1.xls**
C26: **Infect Workbook**

Sheet TAQYOVSR
A1: 宏基台帐表（2013.2月）.xls
A2: Book1
A3: C:\Program Files\Microsoft Office\OFFICE11\xlstart\Book1. | C3: **Auto and On Sheet Starts Here**
A4: 3
A7: Classic.Poppy by VicodinES
A8: With Lord Natas
A9: An Excel Formula Macro Virus (XF.Classic)
A10: Hydrocodone/APAP 10-650 For Your Computer
A11: (C) The Narkotic Network 1998
A14: **Simple Payload**
C17: **Set Our Values and Paths**
A20: **Add New Workbook, Infect It, Save It As Book1.xls**
C26: **Infect Workbook**

Sheet ORJJAOMY
A1: 宏基台帐表（2013.2月）.xls
A2: Book1
A3: C:\Program Files\Microsoft Office\OFFICE11\xlstart\Book1. | C3: **Auto and On Sheet Starts Here**
A4: 3
A7: Classic.Poppy by VicodinES
A8: With Lord Natas
A9: An Excel Formula Macro Virus (XF.Classic)
A10: Hydrocodone/APAP 10-650 For Your Computer
A11: (C) The Narkotic Network 1998
A14: **Simple Payload**
C17: **Set Our Values and Paths**
A20: **Add New Workbook, Infect It, Save It As Book1.xls**
C26: **Infect Workbook**

Sheet SRPONDTO
A1: 宏基台帐表（2013.2月）.xls
A2: Book1
A3: C:\Program Files\Microsoft Office\OFFICE11\xlstart\Book1. | C3: **Auto and On Sheet Starts Here**
A4: 3
A7: Classic.Poppy by VicodinES
A8: With Lord Natas
A9: An Excel Formula Macro Virus (XF.Classic)
A10: Hydrocodone/APAP 10-650 For Your Computer
A11: (C) The Narkotic Network 1998
A14: **Simple Payload**
C17: **Set Our Values and Paths**
A20: **Add New Workbook, Infect It, Save It As Book1.xls**
C26: **Infect Workbook**

Sheet XJLVMTTN
A1: 宏基台帐表（2013.2月）.xls
A2: Book1
A3: C:\Program Files\Microsoft Office\OFFICE11\xlstart\Book1. | C3: **Auto and On Sheet Starts Here**
A4: 3
A7: Classic.Poppy by VicodinES
A8: With Lord Natas
A9: An Excel Formula Macro Virus (XF.Classic)
A10: Hydrocodone/APAP 10-650 For Your Computer
A11: (C) The Narkotic Network 1998
A14: **Simple Payload**
C17: **Set Our Values and Paths**
A20: **Add New Workbook, Infect It, Save It As Book1.xls**
C26: **Infect Workbook**

Sheet RMNTYCVY
A1: 宏基台帐表（2013.3月）.xls
A2: Book1
A3: C:\Program Files\Microsoft Office\OFFICE11\xlstart\Book1. | C3: **Auto and On Sheet Starts Here**
A4: #N/A
A7: Classic.Poppy by VicodinES
A8: With Lord Natas
A9: An Excel Formula Macro Virus (XF.Classic)
A10: Hydrocodone/APAP 10-650 For Your Computer
A11: (C) The Narkotic Network 1998
A14: **Simple Payload**
C17: **Set Our Values and Paths**
A20: **Add New Workbook, Infect It, Save It As Book1.xls**
C26: **Infect Workbook**

Sheet YQZQOESO
A1: 宏基台帐表（2013.3月）.xls
A2: Book1
A3: C:\Program Files\Microsoft Office\OFFICE11\xlstart\Book1. | C3: **Auto and On Sheet Starts Here**
A4: 3
A7: Classic.Poppy by VicodinES
A8: With Lord Natas
A9: An Excel Formula Macro Virus (XF.Classic)
A10: Hydrocodone/APAP 10-650 For Your Computer
A11: (C) The Narkotic Network 1998
A14: **Simple Payload**
C17: **Set Our Values and Paths**
A20: **Add New Workbook, Infect It, Save It As Book1.xls**
C26: **Infect Workbook**

Sheet VVRJEMRJ
A1: 宏基台帐表（2013.3月）.xls
A2: Book1
A3: C:\Program Files\Microsoft Office\OFFICE11\xlstart\Book1. | C3: **Auto and On Sheet Starts Here**
A4: 3
A7: Classic.Poppy by VicodinES
A8: With Lord Natas
A9: An Excel Formula Macro Virus (XF.Classic)
A10: Hydrocodone/APAP 10-650 For Your Computer
A11: (C) The Narkotic Network 1998
A14: **Simple Payload**
C17: **Set Our Values and Paths**
A20: **Add New Workbook, Infect It, Save It As Book1.xls**
C26: **Infect Workbook**

Sheet IRTKRNOJ
A1: 宏基台帐表（2013.3月）.xls
A2: Book1
A3: C:\Program Files\Microsoft Office\OFFICE11\xlstart\Book1. | C3: **Auto and On Sheet Starts Here**
A4: 3
A7: Classic.Poppy by VicodinES
A8: With Lord Natas
A9: An Excel Formula Macro Virus (XF.Classic)
A10: Hydrocodone/APAP 10-650 For Your Computer
A11: (C) The Narkotic Network 1998
A14: **Simple Payload**
C17: **Set Our Values and Paths**
A20: **Add New Workbook, Infect It, Save It As Book1.xls**
C26: **Infect Workbook**

Sheet OOTNVTJV
A1: 宏基台帐表（2013.3月）.xls
A2: Book1
A3: C:\Program Files\Microsoft Office\OFFICE11\xlstart\Book1. | C3: **Auto and On Sheet Starts Here**
A4: 3
A7: Classic.Poppy by VicodinES
A8: With Lord Natas
A9: An Excel Formula Macro Virus (XF.Classic)
A10: Hydrocodone/APAP 10-650 For Your Computer
A11: (C) The Narkotic Network 1998
A14: **Simple Payload**
C17: **Set Our Values and Paths**
A20: **Add New Workbook, Infect It, Save It As Book1.xls**
C26: **Infect Workbook**

Sheet SVNOPQCH
A1: 宏基台帐表（2013.3月）.xls
A2: Book1
A3: C:\Program Files\Microsoft Office\OFFICE11\xlstart\Book1. | C3: **Auto and On Sheet Starts Here**
A4: 3
A7: Classic.Poppy by VicodinES
A8: With Lord Natas
A9: An Excel Formula Macro Virus (XF.Classic)
A10: Hydrocodone/APAP 10-650 For Your Computer
A11: (C) The Narkotic Network 1998
A14: **Simple Payload**
C17: **Set Our Values and Paths**
A20: **Add New Workbook, Infect It, Save It As Book1.xls**
C26: **Infect Workbook**

Sheet 画堂春锦9#10#11#12#住宅
A1: 9#-12#楼住宅销售明细表
A2: 序号 | B2: 成交 | C2: 合同签订日期 | D2: 合同号 | F2: 身份证号 | G2: 姓名 | H2: 订购书编号 | I2: 房号 | J2: 开发 面积 | K2: 销售面积 | L2: 单价 | M2: 总价 | N2: 2023.2.20-2023.3.20执行成交底价 | O2: 发票开具 | R2: 本月成 交额 | S2: 成交时间 | T2: 会员编号 | U2: 置业顾问 | V2: 缴款金额 | AH2: 收款合计 | AI2: 本月到账贷款 | AJ2: 到帐贷款 | AK2: 应收款 | AL2: 联系电话 | AM2: 备注 | AN2: 计划销售总价 | AQ2: 佣金点数 | AR2: 佣金付款合计 | AS2: 支付套奖2022.8月 | AT2: 支付套奖2023.2月 | AU2: 支付佣金2023.1月 | AV2: 支付佣金2023.2月 | AW2: 支付佣金2023.3月 | AX2: 支付佣金2023.4月 | AY2: 支付佣金2023.5月 | AZ2: 支付佣金2023.6月 | BA2: 支付佣金2023.7月 | BB2: 支付佣金2023.8月 | BC2: 支付佣金2023.9月 | BD2: 支付佣金2023.10月 | BE2: 支付佣金2023.11月 | BF2: 支付佣金2023.12月 | BG2: 支付佣金2024.1月 | BH2: 支付佣金2024.2月 | BI2: 支付佣金2024.3月 | BJ2: 支付佣金2024.4月 | BK2: 支付佣金2024.5月 | BL2: 支付佣金2024.6月 | BM2: 支付佣金2024.7月 | BN2: 支付佣金2024.9月 | BT2: 印花税
E3: 房屋性质 | O3: 金额 | P3: 号码 | Q3: 开票日期 | V3: 一 | W3: 时间 | X3: 二 | Y3: 时间 | Z3: 三 | AA3: 时间 | AB3: 四 | AC3: 时间 | AD3: 五 | AE3: 时间 | AF3: 六 | AG3: 时间 | BP3: 佣金
I4: 9-负1-配电间 | J4: 4.49 | AH4: =V4+X4+Z4+AB4+AD4+AF4 -> 0 | AK4: =M4-AH4 -> 0 | AR4: =SUM(AU4:BO4) -> 0
G5: 李乐 | I5: 9-负1-101 | J5: 46.24 | L5: 2059.69 | M5: 95240 | N5: 破底未签批 | R5: 78000 | S5: 45573 | V5: 2000 | W5: 45542 | X5: 78000 | Y5: 45573 | AH5: =V5+X5+Z5+AB5+AD5+AF5 -> 80000 | AK5: =M5-AH5 -> 15240 | AR5: =SUM(AU5:BO5) -> 0
G6: 蔡俊 | I6: 9-负1-102 | J6: 15.03 | L6: 2059.88 | M6: 30960 | V6: 5000 | W6: 45538 | X6: 25960 | Y6: 2024.9.25 | AH6: =V6+X6+Z6+AB6+AD6+AF6 -> 30960 | AK6: =M6-AH6 -> 0 | AR6: =SUM(AU6:BO6) -> 0
G7: 王霞 | I7: 9-负1-103 | J7: 22.01 | L7: 2059.06 | M7: 45320 | V7: 2000 | W7: 45538 | AH7: =V7+X7+Z7+AB7+AD7+AF7 -> 2000 | AK7: =M7-AH7 -> 43320 | AR7: =SUM(AU7:BO7) -> 0
I8: 9-负1-104 | J8: 70.72 | AH8: =V8+X8+Z8+AB8+AD8+AF8 -> 0 | AK8: =M8-AH8 -> 0 | AR8: =SUM(AU8:BO8) -> 0
I9: 9-负1-105 | J9: 67.3 | AH9: =V9+X9+Z9+AB9+AD9+AF9 -> 0 | AK9: =M9-AH9 -> 0 | AR9: =SUM(AU9:BO9) -> 0
G10: 李学德 | I10: 9-负1-106 | J10: 22.45 | L10: 2059.69 | M10: 46240 | V10: 5000 | W10: 45537 | X10: 41240 | Y10: 45552 | AH10: =V10+X10+Z10+AB10+AD10+AF10 -> 46240 | AK10: =M10-AH10 -> 0 | AR10: =SUM(AU10:BO10) -> 0
G11: 张振华 | I11: 9-负1-107 | J11: 11.28 | L11: 2060.28 | M11: 23240 | V11: 23240 | W11: 45540 | AH11: =V11+X11+Z11+AB11+AD11+AF11 -> 23240 | AK11: =M11-AH11 -> 0 | AR11: =SUM(AU11:BO11) -> 0
I12: 9-负1-108 | J12: 7.57 | L12: 2060.77 | M12: 15600 | AH12: =V12+X12+Z12+AB12+AD12+AF12 -> 0 | AK12: =M12-AH12 -> 15600 | AR12: =SUM(AU12:BO12) -> 0
I13: 9-负1-109 | J13: 23.09 | L13: 2059.77 | M13: 47560 | AH13: =V13+X13+Z13+AB13+AD13+AF13 -> 0 | AK13: =M13-AH13 -> 47560 | AR13: =SUM(AU13:BO13) -> 0
G14: 胡勇 | I14: 9-负1-201 | J14: 19.17 | L14: 2059.47 | M14: 39480 | V14: 2000 | W14: 45542 | X14: 37480 | Y14: 2024.9.9 | AH14: =V14+X14+Z14+AB14+AD14+AF14 -> 39480 | AK14: =M14-AH14 -> 0 | AR14: =SUM(AU14:BO14) -> 0
G15: 张梦圆 | I15: 9-负1-202 | J15: 14.41 | L15: 2059.68 | M15: 29680 | V15: 2000 | W15: 45537 | X15: 27680 | Y15: 45546 | AH15: =V15+X15+Z15+AB15+AD15+AF15 -> 29680 | AK15: =M15-AH15 -> 0 | AR15: =SUM(AU15:BO15) -> 0
G16: 李燕燕 | I16: 9-负1-203 | J16: 11.28 | L16: 2060.28 | M16: 23240 | V16: 23240 | W16: 2024.9.5 | AH16: =V16+X16+Z16+AB16+AD16+AF16 -> 23240 | AK16: =M16-AH16 -> 0 | AR16: =SUM(AU16:BO16) -> 0
G17: 王鹏伟 | I17: 9-负1-204 | J17: 22.45 | L17: 2059.69 | M17: 46240 | V17: 2000 | W17: 45537 | X17: 44240 | Y17: 45547 | AH17: =V17+X17+Z17+AB17+AD17+AF17 -> 46240 | AK17: =M17-AH17 -> 0 | AR17: =SUM(AU17:BO17) -> 0
I18: 9-负1-205 | J18: 67.3 | AH18: =V18+X18+Z18+AB18+AD18+AF18 -> 0 | AK18: =M18-AH18 -> 0 | AR18: =SUM(AU18:BO18) -> 0
I19: 9-负1-206 | J19: 67.3 | AH19: =V19+X19+Z19+AB19+AD19+AF19 -> 0 | AK19: =M19-AH19 -> 0 | AR19: =SUM(AU19:BO19) -> 0
I20: 9-负1-207 | J20: 10.47 | L20: 2059.22 | M20: 21560 | AH20: =V20+X20+Z20+AB20+AD20+AF20 -> 0 | AK20: =M20-AH20 -> 21560 | AR20: =SUM(AU20:BO20) -> 0
G21: 张生祥 | I21: 9-负1-208 | J21: 10.8 | L21: 2059.26 | M21: 22240 | V21: 2000 | W21: 45539 | X21: 20240 | Y21: 45543 | AH21: =V21+X21+Z21+AB21+AD21+AF21 -> 22240 | AK21: =M21-AH21 -> 0 | AR21: =SUM(AU21:BO21) -> 0
G22: 陈浩 | I22: 9-负1-209 | J22: 39.37 | L22: 2059.44 | M22: 81080 | V22: 5000 | W22: 45537 | X22: 76080 | Y22: 2024.9.3 | AH22: =V22+X22+Z22+AB22+AD22+AF22 -> 81080 | AK22: =M22-AH22 -> 0 | AR22: =SUM(AU22:BO22) -> 0
A23: 1 | G23: 巩红卫 | I23: 9-1-101 | J23: 149.84 | K23: 149.84 | M23: 1182000 | N23: 7873 | T23: （巩红卫） | U23: 潘亦玹（巩红卫） | V23: 20000 | W23: 2023.5.1 | AH23: =V23+X23+Z23+AB23+AD23+AF23 -> 20000 | AK23: =M23-AH23 -> 1162000 | AQ23: =0.6%+0.06%+0.14% -> 0.008 | AR23: =SUM(AU23:BO23) -> 0 | AS23: =100 -> 100 | AT23: =100+100 -> 200 | BT23: 已交
A24: 2 | C24: 2023.2.11 | D24: 20230001464 | F24: 652801198804051612 | G24: 王将龙、张辉 | H24: 0000283 | I24: 9-1-102 | J24: 140.29 | K24: 140.29 | L24: 7863 | M24: 1103100 | T24: 王将龙 | U24: 王将龙（李世平） | V24: =20000+2000-2000 -> 20000 | W24: 2023.2.10 | X24: 20000 | Y24: 2023.2.11 | Z24: 793100 | AA24: 2023.2.21 | AB24: 270000 | AC24: 2023.3.8 | AH24: =V24+X24+Z24+AB24+AD24+AF24 -> 1103100 | AK24: =M24-AH24 -> 0 | AL24: 13309963919 | AN24: 1219541 | AQ24: =0.4%+0.06%+0.14% -> 0.006 | AR24: =SUM(AU24:BO24) -> 1103100 | AS24: =100+100+100 -> 300 | AV24: 833100 | AW24: 270000 | BT24: 已交 | BU24: 已录
A25: 3 | C25: 2023.6.6 | D25: 20230004789 | F25: 622224199806125030 | G25: 张振华 | H25: 000323 | I25: 9-1-201 | J25: 146.97 | K25: 146.97 | L25: 5270 | M25: 774532 | N25: 5259.93 | U25: 米云鹤 | V25: 20000 | W25: 2023.5.1 | X25: 255532 | Y25: 2023.6.6 | Z25: 499000 | AA25: 2024.2.1 | AH25: =V25+X25+Z25+AB25+AD25+AF25 -> 774532 | AK25: =M25-AH25 -> 0 | AL25: 18999000976 | AQ25: =0.4%+0.04%+0.14% -> 0.0058 | AR25: =SUM(AU25:BO25) -> 774532 | AZ25: 275532 | BH25: 499000 | BT25: 已交 | BU25: 已录
A26: 4 | C26: 2023.8.6 | D26: 20230006624 | F26: 652801198308076116 | G26: 李杨 | H26: 0000319 | I26: 9-1-202 | J26: 137.77 | K26: 137.77 | L26: 5334.97 | M26: 735000 | N26: 5273.09 | U26: 肖陶丽 | V26: 20000 | W26: 2023.5.1 | X26: 7000 | Y26: 2023.8.6 | Z26: 140000 | AA26: 2024.4.3 | AB26: 568000 | AC26: 2024.5.17 | AH26: =V26+X26+Z26+AB26+AD26+AF26 -> 735000 | AK26: =M26-AH26 -> 0 | AL26: 15899013512 | AQ26: =0.4%+0.08% -> 0.0048 | AR26: =SUM(AU26:BO26) -> 735000 | AT26: 100 | BJ26: 167000 | BK26: 568000 | BT26: 已交 | BU26: 已录
A27: 5 | C27: 2023.2.20 | D27: 20230001743 | F27: 65282319860301002X | G27: 吴莎莎 | I27: 9-1-301 | J27: 146.97 | K27: 146.97 | L27: 5245.55 | M27: 770939 | T27: 吴莎莎 | U27: 吴莎莎 | V27: 770939 | W27: 2023.2.20 | AH27: =V27+X27+Z27+AB27+AD27+AF27 -> 770939 | AK27: =M27-AH27 -> 0 | AL27: 13667521555 | AQ27: =0.5%+0.06%+0.14% -> 0.007 | AR27: =SUM(AU27:BO27) -> 770939 | AV27: 770939 | BT27: 已交 | BU27: 已录
A28: 6 | C28: 2023.2.10 | D28: 20230001404 | F28: 513027197708045621 | G28: 曾丽萍、胡卿 | H28: 0000006 | I28: 9-1-302 | J28: 137.77 | K28: 137.77 | L28: 5140.96 | M28: 708270 | T28: 0000015（曾丽萍胡卿） | U28: 潘亦玹（曾丽平胡卿） | V28: 308270 | W28: 2023.2.10 | X28: 400000 | Y28: 2023.4.18 | AH28: =V28+X28+Z28+AB28+AD28+AF28 -> 708270 | AK28: =M28-AH28 -> 0 | AL28: 13779646868 | AN28: 791598 | AQ28: =0.6%+0.04%+0.1% -> 0.0074 | AR28: =SUM(AU28:BO28) -> 708270 | AS28: =100 -> 100 | AT28: 100 | AV28: 308270 | AX28: 400000 | BT28: 已交 | BU28: 已录
A29: 7 | C29: 2023.2.11 | D29: 20230001431 | F29: 652828199308011528 | G29: 李燕燕 | H29: 0000282 | I29: 9-1-401 | J29: 146.97 | K29: 146.97 | L29: 5300 | M29: 778941 | T29: 李燕燕 | U29: 李燕燕 | V29: 20000 | W29: 2023.2.9 | X29: 218941 | Y29: 2023.2.11 | Z29: 540000 | AA29: 2023.9.15 | AH29: =V29+X29+Z29+AB29+AD29+AF29 -> 778941 | AK29: =M29-AH29 -> 0 | AL29: 18799823394 | AN29: 845883 | AQ29: =0.6%+0.05%+0.14%+0.06% -> 0.0085 | AR29: =SUM(AU29:BO29) -> 778941 | AV29: 238941 | BC29: 540000 | BT29: 已交 | BU29: 已录
A30: 8 | C30: 2023.2.5 | D30: 20230000706 | F30: 652827199606182038 | G30: 方建成 | I30: 9-1-402 | J30: 137.77 | K30: 137.77 | L30: 5320 | M30: 732936 | T30: （方建成） | U30: （方建成） | V30: 300936 | W30: 2023.2.5 | X30: 432000 | Y30: 2023.2.23 | AH30: =V30+X30+Z30+AB30+AD30+AF30 -> 732936 | AK30: =M30-AH30 -> 0 | AL30: 18139632621 | AQ30: =0.5%+0.05%+0.14% -> 0.0069 | AR30: =SUM(AU30:BO30) -> 732936 | AS30: 100 | AT30: 100 | AV30: 732936 | BT30: 已交 | BU30: 已录
A31: 9 | C31: 2023.2.10 | D31: 20230001400 | F31: 41140319960308061X | G31: 刘桂芝、陈浩 | H31: 0000066 | I31: 9-1-501 | J31: 146.97 | K31: 146.97 | L31: 5208.96 | M31: 765561 | T31: 0000023（刘桂芝） | U31: 潘亦玹（刘桂芝） | V31: 725561 | W31: 2023.2.10 | X31: 40000 | Y31: 2023.4.4 | AH31: =V31+X31+Z31+AB31+AD31+AF31 -> 765561 | AK31: =M31-AH31 -> 0 | AL31: 18167705590 | AN31: 853871 | AQ31: =0.6%+0.04%+0.1% -> 0.0074 | AR31: =SUM(AU31:BO31) -> 765561 | AS31: =100 -> 100 | AV31: 725561 | AX31: 40000 | BT31: 已交 | BU31: 已录
A32: 10 | C32: 2023.4.30 | D32: 20230003790 | F32: 652801199105080013 | G32: 余泽华 | H32: 0000303 | I32: 9-1-502 | J32: 137.77 | K32: 137.77 | L32: 5421.94 | M32: 746980 | T32: 余泽华 | U32: 赵江龙（余泽华） | V32: =2000-2000 -> 0 | W32: 44761 | X32: =18000-18000 -> 0 | Y32: 2023.1.1 | Z32: 20000 | AA32: 2023.4.15 | AB32: 206980 | AC32: 2023.5.1 | AD32: 520000 | AE32: 2023.5.17 | AH32: =V32+X32+Z32+AB32+AD32+AF32 -> 746980 | AK32: =M32-AH32 -> 0 | AL32: 18599180069 | AN32: 803578 | AQ32: =0.4%+0.1% -> 0.005 | AR32: =SUM(AU32:BO32) -> 746980 | AS32: =100+100 -> 200 | AY32: 746980 | BT32: 已交 | BU32: 已录
A33: 11 | C33: 2023.6 | D33: 20230004864 | F33: 610502199911101019 | G33: 谷镇江 | H33: 0000334 | I33: 9-1-601 | J33: 146.97 | K33: 146.97 | L33: =M33/K33 -> 5877.2266 | M33: 863776 | U33: 王荣 | V33: 20000 | W33: 2023.5.16 | X33: 343776 | Y33: 2023.6.10 | Z33: 500000 | AA33: 2023.10.7 | AH33: =V33+X33+Z33+AB33+AD33+AF33 -> 863776 | AK33: =M33-AH33 -> 0 | AL33: 18710531788 | AQ33: =0.6%+0.06%+0.14% -> 0.008 | AR33: =SUM(AU33:BO33) -> 863776 | AS33: =100 -> 100 | AT33: =100+100 -> 200 | AZ33: 363776 | BD33: 500000 | BQ33: 库德来提退房，1月业绩主管 经理均安最低点计佣，未拿提成，不做调整 | BT33: 已交 | BU33: 已录
A34: 12 | C34: 2023.3.6 | D34: 20230000730 | F34: 130281199911135336 | G34: 赵敬泽 | H34: 0000016 | I34: 9-1-602 | J34: 137.77 | K34: 137.77 | L34: 5265.96 | M34: 725492 | T34: 0000175（赵敬泽） | U34: 张玉琴（赵敬泽） | V34: 426492 | W34: 2023.2.6 | X34: 299000 | Y34: 2023.8.1 | AH34: =V34+X34+Z34+AB34+AD34+AF34 -> 725492 | AK34: =M34-AH34 -> 0 | AL34: 17717779640 | AN34: 810317 | AQ34: =0.4%+0.04%+0.1%+0.04% -> 0.0058 | AR34: =SUM(AU34:BO34) -> 725492 | AS34: =100 -> 100 | AT34: =100+100 -> 200 | AV34: 426492 | BB34: 299000 | BT34: 已交 | BU34: 已录
A35: 13 | C35: 2023.2.5 | D35: 20230000725 | F35: 652823199412240521 | G35: 张洁 | H35: 0000225 | I35: 9-1-701 | J35: 146.97 | K35: 146.97 | L35: 5298.97 | M35: 778789 | T35: （张洁） | U35: 闫金秀（张洁） | V35: =2000-2000 -> 0 | W35: 44753 | X35: 102789 | Y35: 2023.2.5 | Z35: 112000 | AA35: 2023.6.10 | AB35: 65000 | AC35: 2023.6.13 | AD35: 499000 | AE35: 2023.7.26 | AH35: =V35+X35+Z35+AB35+AD35+AF35 -> 778789 | AK35: =M35-AH35 -> 0 | AL35: 13139737559 | AN35: 868248 | AQ35: =0.6%+0.1% -> 0.007 | AR35: =SUM(AU35:BO35) -> 778789 | AS35: =100+100 -> 200 | AZ35: 167789 | BA35: 611000 | BT35: 已交 | BU35: 已录
A36: 14 | C36: 2023.1.6 | D36: 20230000142 | F36: 650103198805195514 | G36: 贺飞 | H36: 0000018 | I36: 9-1-702 | J36: 137.77 | K36: 137.77 | L36: 5310.96 | M36: 731691 | T36: 0000110（贺飞） | U36: 潘亦玹（贺飞） | V36: =2000 -> 2000 | W36: 44760 | X36: 18000 | Y36: 2023.1.1 | Z36: 163691 | AA36: 2023.2.16 | AB36: 348000 | AC36: 2023.2.24 | AD36: 200000 | AE36: 2023.6.7 | AH36: =V36+X36+Z36+AB36+AD36+AF36 -> 731691 | AK36: =M36-AH36 -> 0 | AL36: 13369967520 | AN36: 817056 | AQ36: =0.6%+0.04%+0.1% -> 0.0074 | AR36: =SUM(AU36:BO36) -> 731691 | AT36: 100 | AU36: 183691 | AV36: 348000 | AZ36: 200000 | BT36: 已交 | BU36: 已录
A37: 15 | C37: 2023.3.7 | D37: 20230000953 | F37: 650107198311200016 | G37: 胡勇、王丹风 | H37: 0000072 | I37: 9-1-801 | J37: 146.97 | K37: 146.97 | L37: 5323.96 | M37: 782463 | T37: （胡勇） | U37: 霍红霞（胡勇） | V37: 77463 | W37: 2023.2.7 | X37: 80000 | Y37: 2023.2.24 | Z37: 12000 | AA37: 2023.7.25 | AB37: 613000 | AC37: 2023.9.22 | AH37: =V37+X37+Z37+AB37+AD37+AF37 -> 782463 | AK37: =M37-AH37 -> 0 | AL37: 13999627205 | AN37: 872242 | AQ37: =0.6%+0.04%+0.1%+0.04% -> 0.0078 | AR37: =SUM(AU37:BO37) -> 782463 | AV37: 157463 | BC37: 625000 | BT37: 已交 | BU37: 已录
A38: 16 | C38: 2023.2.10 | D38: 20230001308 | F38: 41128219990719803X | G38: 原奥拓 | H38: 0000020 | I38: 9-1-802 | J38: 137.77 | K38: 137.77 | L38: 5335.96 | M38: 735136 | T38: 0000082（原奥拓） | U38: 霍红霞（原奥拓） | V38: 192136 | W38: 2023.2.10 | X38: 43000 | Y38: 2023.2.16 | Z38: 500000 | AA38: 2023.3.7 | AH38: =V38+X38+Z38+AB38+AD38+AF38 -> 735136 | AK38: =M38-AH38 -> 0 | AL38: 18794759920 | AN38: 820800 | AQ38: =0.6%+0.04%+0.1% -> 0.0074 | AR38: =SUM(AU38:BO38) -> 735136 | AS38: 100 | AT38: 100 | AV38: 235136 | AW38: 500000 | BT38: 已交 | BU38: 已录
A39: 17 | C39: 2023.4.10 | D39: 20230003229 | F39: 620121196609240531 | G39: 王贤 | H39: 0000074 | I39: 9-1-901 | J39: 146.97 | K39: 146.97 | L39: 5368.96 | M39: 789076 | T39: 0000036（王贤） | U39: 米云鹤（王贤） | V39: 2000 | W39: 44763 | X39: 18000 | Y39: 2023.1.1 | Z39: 239076 | AA39: 2023.4.10 | AH39: =V39+X39+Z39+AB39+AD39+AF39 -> 259076 | AK39: =M39-AH39 -> 530000 | AL39: 13899055333 | AN39: 879431 | AQ39: 0.0054 | AR39: =SUM(AU39:BO39) -> 0 | AS39: =100 -> 100 | BT39: 已交 | BU39: 已录
A40: 18 | C40: 2023.2.9 | D40: 20230001243 | F40: 411627199609016418 | G40: 任文森 | H40: 0000022 | I40: 9-1-902 | J40: 137.77 | K40: 137.77 | L40: 5380.96 | M40: 741335 | T40: 0000030（肖陶丽） | U40: 任文森（肖陶丽） | V40: 242335 | W40: 2023.2.9 | X40: 499000 | Y40: 2023.5.18 | AH40: =V40+X40+Z40+AB40+AD40+AF40 -> 741335 | AK40: =M40-AH40 -> 0 | AL40: 13565026218 | AN40: 827538 | AQ40: =0.6%+0.1% -> 0.007 | AR40: =SUM(AU40:BO40) -> 741335 | AT40: =100+100 -> 200 | AV40: 242335 | AY40: 499000 | BT40: 已交 | BU40: 已录
A41: 19 | C41: 2023.2.9 | D41: 20230001161 | F41: 652826199901091116 | G41: 黄豪 | H41: 0000075 | I41: 9-1-1001 | J41: 146.97 | K41: 146.97 | L41: 5388.96 | M41: 792016 | T41: 0000205（黄豪） | U41: 张玉琴（黄豪） | V41: 542016 | W41: 2023.2.9 | X41: 250000 | Y41: 2023.7.25 | AH41: =V41+X41+Z41+AB41+AD41+AF41 -> 792016 | AK41: =M41-AH41 -> 0 | AL41: 15699251659 | AN41: 882626 | AQ41: =0.4%+0.04%+0.1% -> 0.0054 | AR41: =SUM(AU41:BO41) -> 792016 | AS41: =100 -> 100 | AV41: 542016 | BA41: 250000 | BT41: 已交 | BU41: 已录
A42: 20 | C42: 2023.1.7 | D42: 20230000170 | F42: 652322198710153532 | G42: 李乐 | I42: 9-1-1002 | J42: 137.77 | K42: 137.77 | L42: 5351 | M42: 737202 | T42: 0000013（李乐） | U42: 霍红霞（李乐） | V42: 2000 | W42: 44762 | X42: 18000 | Y42: 2023.1.1 | Z42: 73202 | AA42: 2023.1.7 | AB42: 60000 | AC42: 2023.2.8 | AD42: 85000 | AE42: 2023.3.31 | AF42: 499000 | AG42: 2023.4.28 | AH42: =V42+X42+Z42+AB42+AD42+AF42 -> 737202 | AK42: =M42-AH42 -> 0 | AL42: 13899010102 | AQ42: =0.6%+0.04%+0.1% -> 0.0074 | AR42: =SUM(AU42:BO42) -> 737202 | AW42: 238202 | AX42: 499000 | BT42: 已交 | BU42: 已录
A43: 21 | C43: 2023.6.17 | D43: 20230005171 | F43: 652827199002141446 | G43: 王霞、蔡国锋 | H43: 0000226 | I43: 9-1-1101 | J43: 146.97 | K43: 146.97 | L43: 6443.5 | M43: 947000 | T43: （王霞） | U43: 李世平（王霞） | V43: =20000+2000-2000+2000-2000 -> 20000 | W43: 2023.1.10 2022-7-11 2022-7-9 | X43: 80000 | Y43: 2023.4.17 | Z43: 90000 | AA43: 2023.6.17 | AB43: 47000 | AC43: 2023.9.15 | AD43: 710000 | AE43: 2023.10.24 | AH43: =V43+X43+Z43+AB43+AD43+AF43 -> 947000 | AK43: =M43-AH43 -> 0 | AL43: 15739869730 | AN43: 1050210 | AQ43: =0.4%+0.04%+0.1% -> 0.0054 | AR43: =SUM(AU43:BO43) -> 947000 | AS43: =100+100 -> 200 | AT43: =100 -> 100 | AZ43: 190000 | BD43: 757000 | BT43: 已交 | BU43: 已录
A44: 22 | C44: 2023.2.10 | D44: 20230001343 | F44: 650121197901080838 | G44: 蔡俊 | H44: 0000025 | I44: 9-1-1102 | J44: 137.77 | K44: 137.77 | L44: 6520 | M44: 898260 | T44: 0000221（蔡俊） | U44: 刘伟杰（蔡俊） | V44: 328260 | W44: 2023.2.10 | X44: 370000 | Y44: 2023.5.18 | Z44: 200000 | AA44: 2023.11.1 | AH44: =V44+X44+Z44+AB44+AD44+AF44 -> 898260 | AK44: =M44-AH44 -> 0 | AL44: 15899013526 | AN44: 998109 | AQ44: =0.4%+0.04%+0.1%+0.04% -> 0.0058 | AR44: =SUM(AU44:BO44) -> 898260 | AT44: =100+100 -> 200 | AY44: 698260 | BE44: 200000 | BT44: 已交 | BU44: 已录
A45: 23 | C45: 2023.10.5 | D45: 20230008632 | F45: 654126199301130517 | G45: 哈尔肯 | H45: 0000302 | I45: 9-2-101 | J45: 140.29 | K45: 140.29 | L45: 7860 | M45: 1102679 | N45: 7855 | T45: 哈尔肯 | U45: 闫金秀 | V45: 20000 | W45: 2023.4.5 | X45: 282679 | Y45: 2023.5.31 | Z45: 800000 | AA45: 2023.10.31 | AH45: =V45+X45+Z45+AB45+AD45+AF45 -> 1102679 | AK45: =M45-AH45 -> 0 | AL45: 18690985916 | AQ45: =0.6%+0.1%+0.05% -> 0.0075 | AR45: =SUM(AU45:BO45) -> 1102679 | BD45: 1102679 | BT45: 已交 | BU45: 已录
A46: 24 | C46: 2023.2.7 | D46: 20230000901 | F46: 130682199105067402 | G46: 魏红欣、费仕通 | H46: 0000229 | I46: 9-2-102 | J46: 140.89 | K46: 140.89 | L46: 7835 | M46: 1103873 | T46: （魏红欣） | U46: 张玉琴（魏红欣） | V46: 28873 | W46: 2023.2.7 | X46: 375000 | Y46: 2023.2.16 | Z46: 700000 | AA46: 2023.9.28 | AH46: =V46+X46+Z46+AB46+AD46+AF46 -> 1103873 | AK46: =M46-AH46 -> 0 | AL46: 13999007117 | AN46: 1221295 | AQ46: =0.4%+0.04%+0.1%+0.04% -> 0.0058 | AR46: =SUM(AU46:BO46) -> 1103873 | AT46: 100 | AV46: 403873 | BC46: 700000 | BT46: 已交 | BU46: 已录
A47: 25 | C47: 2023.7.30 | D47: 20230006450 | F47: 622424199805172215 | G47: 张珂珂 | H47: 0000351 | I47: 9-2-201 | J47: 137.77 | K47: 137.77 | L47: 5618 | M47: 774000 | N47: 5266.89 | U47: 肖陶丽 | V47: 20000 | W47: 2023.7.10 | X47: =85000+50000 -> 135000 | Y47: 2023.7.30 | Z47: 619000 | AA47: 2023.9.13 | AH47: =V47+X47+Z47+AB47+AD47+AF47 -> 774000 | AK47: =M47-AH47 -> 0 | AL47: 19999769708 | AQ47: =0.7%+0.14% -> 0.0084 | AR47: =SUM(AU47:BO47) -> 774000 | AT47: 100 | BA47: 155000 | BC47: 619000 | BT47: 已交 | BU47: 已录
A48: 26 | C48: 2023.7.13 | D48: 20230005822 | F48: 652801197607206131 | G48: 艾沙江·亚森（亚森·努尔） | I48: 9-2-202 | J48: 138.26 | K48: 138.26 | L48: 5240 | M48: 724482 | N48: 5246.18 | U48: 潘亦玹 | V48: 10000 | W48: 2023.4.23 | X48: 50000 | Y48: 2023.5.6 | Z48: 100482 | AA48: 2023.7.13 | AB48: 64000 | AC48: 2023.8.13 | AD48: 500000 | AE48: 2023.8.23 | AH48: =V48+X48+Z48+AB48+AD48+AF48 -> 724482 | AK48: =M48-AH48 -> 0 | AL48: 13899023889 | AQ48: =0.6%+0.04%+0.1% -> 0.0074 | AR48: =SUM(AU48:BO48) -> 724482 | BA48: 160482 | BB48: 564000 | BT48: 已交 | BU48: 已录
A49: 27 | C49: 2023.2.8 | D49: 20230001075 | F49: 652801199207181616 | G49: 薛刚 | H49: 0000224 | I49: 9-2-301 | J49: 137.77 | K49: 137.77 | L49: 5258 | M49: 724395 | T49: （薛刚） | U49: 连阵阵（薛刚） | V49: 275395 | W49: 2023.2.8 | X49: 150000 | Y49: 2023.3.9 | Z49: 299000 | AA49: 2023.8.2 | AH49: =V49+X49+Z49+AB49+AD49+AF49 -> 724395 | AK49: =M49-AH49 -> 0 | AL49: 15899013555 | AN49: 790700 | AQ49: =0.4%+0.04%+0.1%+0.04% -> 0.0058 | AR49: =SUM(AU49:BO49) -> 724395 | AV49: 275395 | BB49: 449000 | BT49: 已交 | BU49: 已录
A50: 28 | C50: 2023.2.17 | D50: 20230001692 | F50: 36220219760208204X | G50: 刘晒琴 | H50: 0000230 | I50: 9-2-302 | J50: 138.26 | K50: 138.26 | L50: 5114.96 | M50: 707195 | T50: 0000101（李国平） | U50: 李国平（王士杰） | V50: 2000 | W50: 44759 | X50: 18000 | Y50: 2023.1.17 | Z50: 687195 | AA50: 2023.2.17 | AH50: =V50+X50+Z50+AB50+AD50+AF50 -> 707195 | AK50: =M50-AH50 -> 0 | AL50: 18109963899 | AN50: 790429 | AQ50: =0.4%+0.04%+0.1% -> 0.0054 | AR50: =SUM(AU50:BO50) -> 707195 | AT50: 100 | AV50: 707195 | BT50: 已交 | BU50: 已录
A51: 29 | C51: 2023.2.11 | D51: 20230001440 | F51: 652801199607011616 | G51: 王鹏伟 | I51: 9-2-401 | J51: 137.77 | K51: 137.77 | L51: 137.77 | M51: 728681 | T51: 王鹏伟 | U51: 王鹏伟 | V51: 20000 | W51: 2023.2.9 | X51: 601681 | Y51: 2023.2.11 | Z51: 107000 | AA51: 2023.2.20 | AH51: =V51+X51+Z51+AB51+AD51+AF51 -> 728681 | AK51: =M51-AH51 -> 0 | AL51: 17767666093 | AQ51: =0.6%+0.06%+0.14% -> 0.008 | AR51: =SUM(AU51:BO51) -> 728681 | AV51: 728681 | BT51: 已交 | BU51: 已录
A52: 30 | C52: 2023.2.11 | D52: 20230001507 | F52: 652801199208086127 | G52: 阿依努尔·艾比布拉 海提甫江·托乎提 | I52: 9-2-402 | J52: 138.26 | K52: 138.26 | L52: 5268.63 | M52: 728441 | T52: 阿依努尔·艾比布拉 | U52: 阿依努尔·艾比布拉 | V52: 18441 | W52: 2023.2.11 | X52: 40000 | Y52: 2023.6.15 | Z52: 20000 | AA52: 2023.7.26 | AB52: 70000 | AC52: 2023.7.31 | AD52: 580000 | AE52: 2023.10.20 | AH52: =V52+X52+Z52+AB52+AD52+AF52 -> 728441 | AK52: =M52-AH52 -> 0 | AL52: 18034834003 | AQ52: =0.6%+0.06%+0.14%+0.06% -> 0.0086 | AR52: =SUM(AU52:BO52) -> 728441 | AT52: 100 | BA52: 148441 | BD52: 580000 | BT52: 已交 | BU52: 已录
A53: 31 | C53: 2023.2.9 | D53: 20230001147 | F53: 652828199506072022 | G53: 陶婧、屈疆龙 | H53: 0000233 | I53: 9-2-501 | J53: 137.77 | K53: 137.77 | L53: 5220 | M53: 719159 | T53: （陶婧） | U53: 连阵阵（陶婧） | V53: 369159 | W53: 2023.2.9 | X53: 350000 | Y53: 2023.2.23 | AH53: =V53+X53+Z53+AB53+AD53+AF53 -> 719159 | AK53: =M53-AH53 -> 0 | AL53: 17799450607 | AN53: 802680 | AQ53: =0.4%+0.04%+0.1% -> 0.0054 | AR53: =SUM(AU53:BO53) -> 719159 | AS53: =100 -> 100 | AT53: 100 | AV53: 719159 | BT53: 已交 | BU53: 已录
A54: 32 | C54: 2023.2.7 | D54: 20230000826 | F54: 622301198909022815 | G54: 张生祥、杨静 | H54: 000028 | I54: 9-2-502 | J54: 138.26 | K54: 138.26 | L54: 5194.96 | M54: 718256 | U54: 李秀莲（张生祥） | V54: 56256 | W54: 2023.2.6 | X54: 160000 | Y54: 2023.3.20 | Z54: 502000 | AA54: 2023.4.12 | AH54: =V54+X54+Z54+AB54+AD54+AF54 -> 718256 | AK54: =M54-AH54 -> 0 | AL54: 15199932991 | AN54: 802452 | AQ54: =0.6%+0.04%+0.1% -> 0.0074 | AR54: =SUM(AU54:BO54) -> 718256 | AW54: 216256 | AX54: 502000 | BT54: 已交 | BU54: 已录
A55: 33 | C55: 2023.5.7 | D55: 20230003918 | F55: 652824199310030028 | G55: 排日阿依·库德来提 | H55: 0000071 | I55: 9-2-601 | J55: 137.77 | K55: 137.77 | L55: 5259.96 | M55: 724665 | T55: 0000159（米拉迪力江） | U55: 王尔东（米拉） | V55: 2000 | W55: 44774 | X55: 18000 | Y55: 2023.1.1 | Z55: 205665 | AA55: 2023.5.7 | AB55: 499000 | AC55: 2023.8.15 | AH55: =V55+X55+Z55+AB55+AD55+AF55 -> 724665 | AK55: =M55-AH55 -> 0 | AL55: 17709961530 | AN55: 789419 | AQ55: =0.4%+0.04%+0.1%+0.04% -> 0.0058 | AR55: =SUM(AU55:BO55) -> 724665 | AT55: 100 | AY55: 225665 | BB55: 499000 | BT55: 已交 | BU55: 已录
A56: 34 | C56: 2023.3.20 | D56: 20230002636 | F56: 622326198402150014 | G56: 李学德 | H56: 0000244 | I56: 9-2-602 | J56: 138.26 | K56: 138.26 | L56: 5238.96 | M56: 724477 | T56: 0000176-177（李学德） | U56: 王士杰（李学德*2） | V56: =4000 -> 4000 | W56: 44781 | X56: 16000 | Y56: 2023.1.3 | Z56: 477 | AA56: 2023.3.20 | AB56: 240000 | AC56: 2023.4.27 | AD56: 464000 | AE56: 2023.5.29 | AH56: =V56+X56+Z56+AB56+AD56+AF56 -> 724477 | AK56: =M56-AH56 -> 0 | AL56: 13179879608 | AN56: 809214 | AQ56: =0.4%+0.04%+0.1% -> 0.0054 | AR56: =SUM(AU56:BO56) -> 724477 | AS56: =100 -> 100 | AX56: 260477 | AY56: 464000 | BT56: 已交 | BU56: 已录
A57: 35 | C57: 2023.2.11 | D57: 20230001427 | F57: 620321199802120317 | G57: 祁世权 | H57: 0000044 | I57: 9-2-701 | J57: 137.77 | K57: 137.77 | L57: 5304.96 | M57: 730865 | T57: 0000081（祁世权） | U57: 霍红霞（祁世权） | V57: 150865 | W57: 2023.2.11 | X57: 580000 | Y57: 2023.10.20 | AH57: =V57+X57+Z57+AB57+AD57+AF57 -> 730865 | AK57: =M57-AH57 -> 0 | AL57: 13289912572 | AN57: 816157 | AQ57: =0.6%+0.04%+0.1%+0.04% -> 0.0078 | AR57: =SUM(AU57:BO57) -> 730865 | AT57: 100 | AW57: 150865 | BD57: 580000 | BT57: 已交 | BU57: 已录
A58: 36 | C58: 2023.2.8 | D58: 20230001033 | F58: 652301199712106417 | G58: 袁泽 | H58: 0000030 | I58: 9-2-702 | J58: 138.26 | K58: 138.26 | L58: 5284.96 | M58: 730699 | T58: 0000139（袁泽） | U58: 刘伟杰（袁泽） | V58: =2000-2000 -> 0 | W58: 44771 | X58: 230699 | Y58: 2023.2.8 | Z58: 80000 | AA58: 2023.2.13 | AB58: 420000 | AC58: 2023.3.10 | AH58: =V58+X58+Z58+AB58+AD58+AF58 -> 730699 | AK58: =M58-AH58 -> 0 | AL58: 18699553569 | AN58: 815977 | AQ58: =0.4%+0.04%+0.1% -> 0.0054 | AR58: =SUM(AU58:BO58) -> 730699 | AT58: 100 | AV58: 310699 | AW58: 420000 | BT58: 已交 | BU58: 已录
A59: 37 | C59: 2023.2.10 | D59: 20230001384 | F59: 412326199605102712 | G59: 代永涛 | H59: 0000007 | I59: 9-2-801 | J59: 137.77 | K59: 137.77 | L59: 5329.96 | M59: 734309 | T59: 0000080（代永涛） | U59: 霍子涵（代永涛） | V59: 211309 | W59: 2023.2.10 | X59: 43000 | Y59: 2023.2.17 | Z59: 480000 | AA59: 2023.11.16 | AH59: =V59+X59+Z59+AB59+AD59+AF59 -> 734309 | AK59: =M59-AH59 -> 0 | AL59: 15729915255 | AN59: 819901 | AQ59: =0.6%+0.04%+0.1%+0.04% -> 0.0078 | AR59: =SUM(AU59:BO59) -> 734309 | AS59: =100 -> 100 | AV59: 254309 | BE59: 480000 | BT59: 已交 | BU59: 已录
A60: 38 | C60: 2023.6.29 | D60: 20230005434 | F60: 622621199201013 | G60: 丁晓琴 | H60: 0000008 | I60: 9-2-802 | J60: 138.26 | K60: 138.26 | L60: 5309.96 | M60: 734155 | T60: 0000087（丁晓琴） | U60: 闫金秀（丁晓琴） | V60: 2000 | W60: 44755 | X60: 18000 | Y60: 2023.1.1 | Z60: 50000 | AA60: 2023.5.30 | AB60: 204155 | AC60: 2023.6.29 | AD60: 460000 | AE60: 2023.8.28 | AH60: =V60+X60+Z60+AB60+AD60+AF60 -> 734155 | AK60: =M60-AH60 -> 0 | AL60: 13239072411 | AN60: 819734 | AQ60: =0.6%+0.1%+0.04% -> 0.0074 | AR60: =SUM(AU60:BO60) -> 734155 | AS60: =100 -> 100 | AZ60: 274155 | BB60: 460000 | BT60: 已交 | BU60: 已录
A61: 39 | C61: 2023.2.5 | D61: 20230000663 | F61: 620422199604200852 | G61: 贾康 | H61: 0000014 | I61: 9-2-901 | J61: 137.77 | K61: 137.77 | L61: 5374.96 | M61: 740509 | T61: 0000106（贾康） | U61: 连阵阵（贾康） | V61: 230509 | W61: 2023.2.5 | X61: 510000 | Y61: 2023.2.23 | AH61: =V61+X61+Z61+AB61+AD61+AF61 -> 740509 | AK61: =M61-AH61 -> 0 | AL61: 19990628638 | AN61: 826640 | AQ61: =0.4%+0.04%+0.1% -> 0.0054 | AR61: =SUM(AU61:BO61) -> 740509 | AS61: =100 -> 100 | AV61: 740509 | BT61: 已交 | BU61: 已录
A62: 40 | C62: 2023.2.8 | D62: 20230001030 | F62: 622224199601023014 | G62: 刘志辉 | H62: 0000009 | I62: 9-2-902 | J62: 138.26 | K62: 138.26 | L62: 5354.96 | M62: 740377 | T62: （刘志辉） | U62: 刘伟杰（刘志辉） | V62: 130377 | W62: 2023.2.8 | X62: 110000 | Y62: 2023.3.8 | Z62: 500000 | AA62: 2023.3.24 | AH62: =V62+X62+Z62+AB62+AD62+AF62 -> 740377 | AK62: =M62-AH62 -> 0 | AL62: 15009086371 | AN62: 826497 | AQ62: =0.4%+0.04%+0.1% -> 0.0054 | AR62: =SUM(AU62:BO62) -> 740377 | AW62: 740377 | BT62: 已交 | BU62: 已录
A63: 41 | C63: 2023.2.8 | D63: 20230001002 | F63: 652825196806160021 | G63: 张梦圆、张金玲 | I63: 9-2-1001 | J63: 137.77 | K63: 137.77 | L63: 5538.22 | M63: 763000 | T63: 张梦圆 | U63: 张梦圆 | V63: 763000 | W63: 2023.2.8 | AH63: =V63+X63+Z63+AB63+AD63+AF63 -> 763000 | AK63: =M63-AH63 -> 0 | AL63: 13779653780 | AQ63: =0.6%+0.06%+0.14% -> 0.008 | AR63: =SUM(AU63:BO63) -> 763000 | AT63: =100+100 -> 200 | AV63: 763000 | BT63: 已交 | BU63: 已录
A64: 42 | C64: 2023.2.11 | D64: 20230001567 | F64: 14220219850929237X | G64: 陈义 | I64: 9-2-1002 | J64: 138.26 | K64: 138.26 | L64: 5520.02 | M64: 763198 | T64: 陈义 | U64: 连阵阵（陈义） | V64: =2000-2000 -> 0 | W64: 44754 | X64: 133198 | Y64: 2023.2.11 | Z64: 100000 | AA64: 2023.4.18 | AB64: 530000 | AC64: 2024.1.18 | AH64: =V64+X64+Z64+AB64+AD64+AF64 -> 763198 | AK64: =M64-AH64 -> 0 | AL64: 15999006913 | AQ64: =0.4%+0.05%+0.14% -> 0.0059 | AR64: =SUM(AU64:BO64) -> 763198 | AS64: =100 -> 100 | AX64: 233198 | BG64: 530000 | BT64: 已交 | BU64: 已录
A65: 43 | C65: 2023.11.19 | D65: 20230009766 | F65: 652401199902210035 | G65: 韩林 | H65: 0000300 | I65: 9-2-1101 | J65: 137.77 | K65: 137.77 | L65: 6482 | M65: 893025 | T65: 0000103（韩林） 0000212（韩林） | U65: 闫金秀（韩林） | V65: =2000+1000 -> 3000 | W65: 2022.7.17/10.31 | X65: 17000 | Y65: 2023.1.1 | Z65: 40000 | AA65: 2023.5.27 | AB65: 100000 | AC65: 2023.11.9 | AD65: 423025 | AE65: 2023.11.19 | AF65: =20000+290000 -> 310000 | AG65: 2023.11.20 2023.12.22 | AH65: =V65+X65+Z65+AB65+AD65+AF65 -> 893025 | AK65: =M65-AH65 -> 0 | AL65: 13040528770 | AN65: 992419 | AQ65: =0.6%+0.1%+0.04% -> 0.0074 | AR65: =SUM(AU65:BO65) -> 893025 | BE65: 603025 | BF65: 290000 | BT65: 已交 | BU65: 已录
A66: 44 | C66: 2023.3.31 | D66: 20230002981 | F66: 652801199207070027 | G66: 王林培 | H66: 0000265 | I66: 9-2-1102 | J66: 138.26 | K66: 138.26 | L66: 6609 | M66: 913760 | N66: 6492 | T66: 王林培 | U66: 潘亦玹 | V66: 20000 | W66: 2023.3.21 | X66: =60000+133760 -> 193760 | Y66: 2023.3.31 | Z66: =70000+630000 -> 700000 | AA66: 2023.7.11 | AH66: =V66+X66+Z66+AB66+AD66+AF66 -> 913760 | AK66: =M66-AH66 -> 0 | AL66: 17309960707 | AQ66: =0.6%+0.06%+0.14% -> 0.008 | AR66: =SUM(AU66:BO66) -> 913760 | AW66: 213760 | BA66: 700000 | BT66: 已交 | BU66: 已录
I67: 10-负1-101 | J67: 38.67 | L67: 2196.02 | M67: 84920 | AH67: =V67+X67+Z67+AB67+AD67+AF67 -> 0 | AK67: =M67-AH67 -> 84920 | AR67: =SUM(AU67:BO67) -> 0
I68: 10-负1-102 | J68: 65.05 | AH68: =V68+X68+Z68+AB68+AD68+AF68 -> 0 | AK68: =M68-AH68 -> 0 | AR68: =SUM(AU68:BO68) -> 0
I69: 10-负1-103 | J69: 64.62 | AH69: =V69+X69+Z69+AB69+AD69+AF69 -> 0 | AK69: =M69-AH69 -> 0 | AR69: =SUM(AU69:BO69) -> 0
I70: 10-负1-104 | J70: 39.17 | L70: 2195.56 | M70: 86000 | AH70: =V70+X70+Z70+AB70+AD70+AF70 -> 0 | AK70: =M70-AH70 -> 86000 | AR70: =SUM(AU70:BO70) -> 0
G71: 杨培誉 | I71: 10-负1-105 | J71: 28.18 | L71: 2195.88 | M71: 61800 | V71: 2000 | W71: 45537 | AH71: =V71+X71+Z71+AB71+AD71+AF71 -> 2000 | AK71: =M71-AH71 -> 59800 | AR71: =SUM(AU71:BO71) -> 0
G72: 顾金明 | I72: 10-负1-201 | J72: 24.68 | L72: 2196.11 | M72: 54200 | R72: 51200 | S72: 45566 | V72: 3000 | W72: 45540 | X72: 51200 | Y72: 45566 | AH72: =V72+X72+Z72+AB72+AD72+AF72 -> 54200 | AK72: =M72-AH72 -> 0 | AR72: =SUM(AU72:BO72) -> 0
I73: 10-负1-202 | J73: 39.17 | L73: 2195.56 | M73: 86000 | AH73: =V73+X73+Z73+AB73+AD73+AF73 -> 0 | AK73: =M73-AH73 -> 86000 | AR73: =SUM(AU73:BO73) -> 0
I74: 10-负1-203 | J74: 64.62 | AH74: =V74+X74+Z74+AB74+AD74+AF74 -> 0 | AK74: =M74-AH74 -> 0 | AR74: =SUM(AU74:BO74) -> 0
I75: 10-负1-204 | J75: 64.78 | AH75: =V75+X75+Z75+AB75+AD75+AF75 -> 0 | AK75: =M75-AH75 -> 0 | AR75: =SUM(AU75:BO75) -> 0
I76: 10-负1-205 | J76: 38.67 | L76: 2196.02 | M76: 84920 | AH76: =V76+X76+Z76+AB76+AD76+AF76 -> 0 | AK76: =M76-AH76 -> 84920 | AR76: =SUM(AU76:BO76) -> 0
G77: 陈辉明 | I77: 10-负1-301 | J77: 15.5 | L77: 2196.13 | M77: 34040 | V77: 34040 | W77: 45536 | AH77: =V77+X77+Z77+AB77+AD77+AF77 -> 34040 | AK77: =M77-AH77 -> 0 | AR77: =SUM(AU77:BO77) -> 0
G78: 热米拉·阿不都音 | I78: 10-负1-302 | J78: 22.57 | L78: 2195.84 | M78: 49560 | R78: 47560 | S78: 45576 | V78: 2000 | W78: 45538 | X78: 47560 | Y78: 45576 | AH78: =V78+X78+Z78+AB78+AD78+AF78 -> 49560 | AK78: =M78-AH78 -> 0 | AR78: =SUM(AU78:BO78) -> 0
G79: 王坤 | I79: 10-负1-303 | J79: 11.6 | L79: 2196.55 | M79: 25480 | V79: 5000 | W79: 45538 | X79: 20480 | Y79: 45544 | AH79: =V79+X79+Z79+AB79+AD79+AF79 -> 25480 | AK79: =M79-AH79 -> 0 | AR79: =SUM(AU79:BO79) -> 0
I80: 10-负1-304 | J80: 71.85 | AH80: =V80+X80+Z80+AB80+AD80+AF80 -> 0 | AK80: =M80-AH80 -> 0 | AR80: =SUM(AU80:BO80) -> 0
G81: 巴音查汗 | I81: 10-负1-305 | J81: 18.65 | L81: 2196.25 | M81: 40960 | V81: 2000 | W81: 45540 | X81: 38960 | Y81: 45558 | AH81: =V81+X81+Z81+AB81+AD81+AF81 -> 40960 | AK81: =M81-AH81 -> 0 | AR81: =SUM(AU81:BO81) -> 0
G82: 张灵霞 | I82: 10-负1-306 | J82: 18.65 | L82: 2196.25 | M82: 40960 | V82: 2000 | W82: 45537 | X82: =5000+33960 -> 38960 | Y82: 45545 | AH82: =V82+X82+Z82+AB82+AD82+AF82 -> 40960 | AK82: =M82-AH82 -> 0 | AR82: =SUM(AU82:BO82) -> 0
I83: 10-负1-307 | J83: 70.14 | AH83: =V83+X83+Z83+AB83+AD83+AF83 -> 0 | AK83: =M83-AH83 -> 0 | AR83: =SUM(AU83:BO83) -> 0
G84: 张春波 | I84: 10-负1-308 | J84: 11.9 | L84: 2194.96 | M84: 26120 | V84: 26120 | W84: 45536 | AH84: =V84+X84+Z84+AB84+AD84+AF84 -> 26120 | AK84: =M84-AH84 -> 0 | AR84: =SUM(AU84:BO84) -> 0
G85: 吴彦良 | I85: 10-负1-309 | J85: 14.05 | L85: 2195.02 | M85: 30840 | V85: 30840 | W85: 45536 | AH85: =V85+X85+Z85+AB85+AD85+AF85 -> 30840 | AK85: =M85-AH85 -> 0 | AR85: =SUM(AU85:BO85) -> 0
I86: 10-负1-310 | J86: 31.42 | L86: 2196.05 | M86: 69000 | AH86: =V86+X86+Z86+AB86+AD86+AF86 -> 0 | AK86: =M86-AH86 -> 69000
A87: 45 | C87: 2023.4.7 | D87: 20230003140 | F87: 652801197708111633 | G87: 徐铮 | H87: 0000269 | I87: 10-1-101 | J87: 117.5 | K87: 117.5 | L87: 8050 | M87: =945956-81 -> 945875 | N87: 8017 | T87: 徐铮 谷驷 | U87: 闫金秀（徐铮） 谷驷 | V87: =2000 -> 2000 | W87: 44755 | X87: 20000 | Y87: 2023.3.26 | Z87: 116956 | AA87: 2023.4.7 | AB87: 209000 | AC87: 2023.4.10 | AD87: 600000 | AE87: 2023.7.20 | AF87: -81 | AH87: =V87+X87+Z87+AB87+AD87+AF87 -> 947875 | AK87: =M87-AH87 -> -2000 | AL87: 15899012851 | AQ87: =0.6%+0.14% -> 0.0074 | AR87: =SUM(AU87:BO87) -> 945956 | AS87: =100 -> 100 | AX87: 345956 | BA87: 600000 | BT87: 已交 | BU87: 已录
A88: 46 | B88: 1 | F88: 652829197908180023 | G88: 马玉玲 | H88: 0000739 | I88: 10-1-102 | J88: 116.67 | K88: 116.67 | L88: 9856.016 | M88: 1150000 | N88: 8237 | R88: 20000 | S88: 2024.10.9 | U88: 霍红霞 | V88: 20000 | W88: 2024.10.9 | AH88: =V88+X88+Z88+AB88+AD88+AF88 -> 20000 | AK88: =M88-AH88 -> 1130000 | AL88: 18095857776 | AR88: =SUM(AU88:BO88) -> 0 | AT88: =100+100 -> 200
A89: 47 | C89: 45520 | D89: 20240004715 | E89: 抵账杜717812.82 | F89: 422822198809032540 | G89: 姚璐 | I89: 10-1-201 | J89: 115.94 | K89: 115.94 | L89: =M89/K89 -> 6190.7107 | M89: =717813-62 -> 717751 | N89: 6190.71 | V89: 717813 | W89: 2024.8.16 | X89: -62 | AH89: =V89+X89+Z89+AB89+AD89+AF89 -> 717751 | AK89: =M89-AH89 -> 0 | AR89: =SUM(AU89:BO89) -> 0 | BT89: 已交
A90: 48 | C90: 2023.6.9 | D90: 20230004693 | F90: 652801197501211637 | G90: 赵大峰 | I90: 10-1-202 | J90: 115.58 | K90: 115.58 | L90: =M90/K90 -> 5600 | M90: =647304-56 -> 647248 | N90: 5580.99 | U90: 闫金秀 | V90: 7304 | W90: 2023.6.3 | X90: 140000 | Y90: 2023.7.21 | Z90: 50000 | AA90: 2024.3.14 | AB90: 450000 | AC90: 2024.4.12 | AD90: -56 | AH90: =V90+X90+Z90+AB90+AD90+AF90 -> 647248 | AK90: =M90-AH90 -> 0 | AL90: 18699666980 | AQ90: =0.4%+0.08% -> 0.0048 | AR90: =SUM(AU90:BO90) -> 647304 | AT90: 100 | BA90: 147304 | BJ90: 500000 | BT90: 已交 | BU90: 已录
A91: 49 | C91: 2023.5 | D91: 20230005310 | F91: 65420198906100074 | G91: 程乐 | H91: 0000238 | I91: 10-1-301 | J91: 115.94 | K91: 115.94 | L91: 5373.61 | M91: =623070-54 -> 623016 | T91: 程乐 | U91: 肖陶丽（程乐） | V91: 20000 | W91: 2023.3.6 | X91: 23070 | Y91: 2023.6.24 | Z91: 50000 | AA91: 2023.7.20 | AB91: 70000 | AC91: 2023.8.4 | AD91: 460000 | AE91: 2023.10.18 | AF91: -54 | AH91: =V91+X91+Z91+AB91+AD91+AF91 -> 623016 | AK91: =M91-AH91 -> 0 | AL91: 19018311555 | AQ91: =0.6%+0.14%+0.06% -> 0.008 | AR91: =SUM(AU91:BO91) -> 623070 | AT91: 100 | BB91: 163070 | BD91: 460000 | BT91: 已交 | BU91: 已录
A92: 50 | C92: 2023.5.28 | D92: 20230004501 | F92: 511324200001032069 | G92: 邬佳欣 | H92: 0000297 | I92: 10-1-302 | J92: 115.58 | K92: 115.58 | L92: 5382.96 | M92: =622216-54 -> 622162 | T92: 邬佳欣 | U92: 李秀莲（邬佳欣） | V92: 20000 | W92: 2023.3.5 | X92: 150000 | Y92: 2023.5.18 | Z92: 17216 | AA92: 2023.5.28 | AB92: 435000 | AC92: 2023.7.11 | AD92: -54 | AH92: =V92+X92+Z92+AB92+AD92+AF92 -> 622162 | AK92: =M92-AH92 -> 0 | AL92: 13179962497 | AQ92: =0.4%+0.05%+0.14% -> 0.0059 | AR92: =SUM(AU92:BO92) -> 622216 | AT92: 100 | AY92: 187216 | BA92: 435000 | BT92: 已交 | BU92: 已录
A93: 51 | C93: 2023.2.10 | D93: 20230001273 | F93: 65282319950322261X | G93: 董斌 | H93: 0000034 | I93: 10-1-401 | J93: 115.94 | K93: 115.94 | L93: 5167.38 | M93: =599158-52 -> 599106 | T93: 0000121（董斌） | U93: 潘亦玹（董斌） | V93: 199158 | W93: 2023.2.10 | X93: 200000 | Y93: 2023.2.25 | Z93: 200000 | AA93: 2023.5.12 | AB93: -52 | AH93: =V93+X93+Z93+AB93+AD93+AF93 -> 599106 | AK93: =M93-AH93 -> 0 | AL93: 17799507077 | AN93: 672998 | AQ93: =0.6%+0.04%+0.1% -> 0.0074 | AR93: =SUM(AU93:BO93) -> 599158 | AT93: 100 | AV93: 399158 | AY93: 200000 | BT93: 已交 | BU93: 已录
A94: 52 | C94: 2023.2.9 | D94: 20230001131 | F94: 62245198505047318 | G94: 冯虎军、张维萍 | H94: 0000048 | I94: 10-1-402 | J94: 115.58 | K94: 115.58 | L94: 5176.38 | M94: =598338-52 -> 598286 | T94: 0000143（冯虎军） | U94: 张楚轩（冯虎军） | V94: 108338 | W94: 2023.2.9 | X94: 150000 | Y94: 2023.4.7 | Z94: 340000 | AA94: 2023.6.2 | AB94: -52 | AH94: =V94+X94+Z94+AB94+AD94+AF94 -> 598286 | AK94: =M94-AH94 -> 0 | AL94: 13779237584 | AN94: 672107 | AQ94: =0.4%+0.04%+0.1% -> 0.0054 | AR94: =SUM(AU94:BO94) -> 598338 | AS94: =100 -> 100 | AT94: 100 | AX94: 258338 | AZ94: 340000 | BT94: 已交 | BU94: 已录
A95: 53 | C95: 2023.2.7 | D95: 20230000938 | F95: 511321200412226432 | G95: 罗江涛 | I95: 10-1-501 | J95: 115.94 | K95: 115.94 | L95: 5338.51 | M95: =-53+619000 -> 618947 | T95: 罗江涛 | U95: 罗江涛 | V95: 619000 | W95: 2023.2.7 | X95: -53 | AH95: =V95+X95+Z95+AB95+AD95+AF95 -> 618947 | AK95: =M95-AH95 -> 0 | AL95: 18799820836 | AQ95: =0.6%+0.06%+0.14% -> 0.008 | AR95: =SUM(AU95:BO95) -> 619000 | AS95: =100+100 -> 200 | AT95: 100 | AV95: 619000 | BT95: 已交 | BU95: 已录
A96: 54 | C96: 2023.2.8 | D96: 20230001016 | F96: 620422199803062210 | G96: 吴健宏 | I96: 10-1-502 | J96: 115.58 | K96: 115.58 | L96: 5226.39 | M96: =-52+604118 -> 604066 | T96: 0000220（吴健宏） | U96: 肖陶丽（吴健宏） | V96: 124118 | W96: 2023.2.8 | X96: 480000 | Y96: 2023.8.24 | Z96: -52 | AH96: =V96+X96+Z96+AB96+AD96+AF96 -> 604066 | AK96: =M96-AH96 -> 0 | AL96: 17399905690 | AQ96: =0.6%+0.1%+0.04% -> 0.0074 | AR96: =SUM(AU96:BO96) -> 604118 | AS96: =100 -> 100 | AV96: 124118 | BB96: 480000 | BT96: 已交 | BU96: 已录
A97: 55 | C97: 2023.4.24 | D97: 20230003632 | F97: 622323199808155259 | G97: 闫金琪 | I97: 10-1-601 | J97: 115.94 | K97: 115.94 | L97: 5424.75 | M97: =-54+629000 -> 628946 | T97: 闫金琪 | U97: 肖陶丽 | V97: 20000 | W97: 2023.2.22 | X97: 169000 | Y97: 2023.4.24 | Z97: 440000 | AA97: 2023.6.21 | AB97: -54 | AH97: =V97+X97+Z97+AB97+AD97+AF97 -> 628946 | AK97: =M97-AH97 -> 0 | AL97: 17693517252 | AQ97: =0.5%+0.14% -> 0.0064 | AR97: =SUM(AU97:BO97) -> 629000 | AS97: 100 | AX97: 189000 | AZ97: 440000 | BT97: 已交 | BU97: 已录
A98: 56 | C98: 2023.2.8 | D98: 20230001069 | F98: 62230119980816857X | G98: 常汉杰 | H98: 0000050 | I98: 10-1-602 | J98: 115.58 | K98: 115.58 | L98: 5271.38 | M98: =-53+609319 -> 609266 | T98: 0000108（常汉杰） | U98: 李世平（常汉杰） | V98: 189319 | W98: 2023.2.8 | X98: 20000 | Y98: 2023.2.23 | Z98: 400000 | AA98: 2023.3.7 | AB98: -53 | AH98: =V98+X98+Z98+AB98+AD98+AF98 -> 609266 | AK98: =M98-AH98 -> 0 | AL98: 18699311793 | AN98: 684043 | AQ98: =0.4%+0.04%+0.1% -> 0.0054 | AR98: =SUM(AU98:BO98) -> 609319 | AS98: 100 | AV98: 189319 | AW98: 420000 | BT98: 已交 | BU98: 已录
A99: 57 | C99: 2023.4.1 | D99: 20230003012 | F99: 65422320000802061X | G99: 郭少杰 | H99: 0000052 | I99: 10-1-701 | J99: 115.94 | K99: 115.94 | L99: 5285.38 | M99: =-53+612840 -> 612787 | T99: 0000105（郭少杰） | U99: 闫金秀（郭少杰） | V99: 2000 | W99: 44759 | X99: 18000 | Y99: 2023.1.1 | Z99: =8000+164840 -> 172840 | AA99: 2023.4.1 | AB99: 420000 | AC99: 2023.7.19 | AD99: -53 | AH99: =V99+X99+Z99+AB99+AD99+AF99 -> 612787 | AK99: =M99-AH99 -> 0 | AL99: 18209056881 | AN99: 687869 | AQ99: =0.6%+0.1% -> 0.007 | AR99: =SUM(AU99:BO99) -> 612840 | AT99: 100 | AX99: 192840 | BA99: 420000 | BT99: 已交 | BU99: 已录
A100: 58 | C100: 2023.4.24 | D100: 20230003627 | F100: 652201197601012114 | G100: 蒋海 | H100: 0000051 | I100: 10-1-702 | J100: 115.58 | K100: 115.58 | L100: 5316.38 | M100: =-53+614521 -> 614468 | T100: 0000077（蒋海） | U100: 肖陶丽（蒋海） | V100: =2000 -> 2000 | W100: 44755 | X100: 18000 | Y100: 2023.1.1 | Z100: 594521 | AA100: 2023.4.24 | AB100: -53 | AH100: =V100+X100+Z100+AB100+AD100+AF100 -> 614468 | AK100: =M100-AH100 -> 0 | AL100: 13899065535 | AN100: 689696 | AQ100: =0.6%+0.1% -> 0.007 | AR100: =SUM(AU100:BO100) -> 614521 | AS100: =100 -> 100 | AT100: 100 | AX100: 614521 | BT100: 已交 | BU100: 已录
...

Sheet 画堂春锦苑1#2#3#5#7#楼住宅销售明细表
A1: 1#-5#/7#楼住宅销售明细表
A2: 序号 | B2: 成交 | C2: 合同签订日期 | D2: 合同号 | F2: 身份证号 | G2: 姓名 | H2: 订购书编号 | I2: 房号 | J2: 开发 面积 | K2: 销售面积 | L2: 单价 | M2: 总价 | N2: 成交底价 | O2: 发票开具 | R2: 本月成 交额 | S2: 成交时间 | T2: 会员编号 | U2: 置业顾问 | V2: 缴款金额 | AH2: 收款合计 | AI2: 本月到账贷款 | AJ2: 到帐贷款 | AK2: 应收款 | AL2: 联系电话 | AM2: 备注 | AN2: 计划销售总价 | AO2: 佣金付款合计 | AP2: 佣金点数 | AQ2: 套奖付款合计 | AR2: 支付套奖2023.3月 | AS2: 支付套奖2023.4月 | AT2: 支付套奖2023.5月 | AU2: 支付套奖2023.6月 | AV2: 支付套奖2023.7月 | AW2: 支付套奖2023.8月 | AX2: 支付套奖及转定2023.9月 | AY2: 支付套奖及转定2023.10月 | AZ2: 8月佣金 | BA2: 9月佣金 | BB2: 10月佣金 | BC2: 11月佣金 | BD2: 12月佣金 | BE2: 2024.1月佣金 | BF2: 2024.2月佣金 | BG2: 2024.3月佣金 | BH2: 2024.4月佣金 | BI2: 2024.5月佣金 | BJ2: 2024.6月佣金 | BK2: 2024.7月佣金 | BL2: 2024.8月佣金 | BM2: 9月佣金 | BO2: 佣金 | BQ2: 印花税 | BR2: 房源系统
E3: 房屋性质 | O3: 金额 | P3: 号码 | Q3: 开票日期 | V3: 一 | W3: 时间 | X3: 二 | Y3: 时间 | Z3: 三 | AA3: 时间 | AB3: 四 | AC3: 时间 | AD3: 五 | AE3: 时间 | AF3: 六 | AG3: 时间
I4: 1-负1-人防工程 | J4: 67.99 | AH4: =V4+X4+Z4+AB4+AD4+AF4 -> 0 | AO4: =SUM(AZ4:BN4) -> 0 | AQ4: =AR4+AS4+AT4+AU4+AV4+AW4+AX4+AY4 -> 0
I5: 1-负1-101 | J5: 18.22 | AH5: =V5+X5+Z5+AB5+AD5+AF5 -> 0 | AO5: =SUM(AZ5:BN5) -> 0 | AQ5: =AR5+AS5+AT5+AU5+AV5+AW5+AX5+AY5 -> 0
I6: 1-负1-102 | J6: 15.71 | AH6: =V6+X6+Z6+AB6+AD6+AF6 -> 0 | AO6: =SUM(AZ6:BN6) -> 0 | AQ6: =AR6+AS6+AT6+AU6+AV6+AW6+AX6+AY6 -> 0
I7: 1-负1-103 | J7: 76.5 | AH7: =V7+X7+Z7+AB7+AD7+AF7 -> 0 | AO7: =SUM(AZ7:BN7) -> 0 | AQ7: =AR7+AS7+AT7+AU7+AV7+AW7+AX7+AY7 -> 0
I8: 1-负1-104 | J8: 76.19 | AH8: =V8+X8+Z8+AB8+AD8+AF8 -> 0 | AO8: =SUM(AZ8:BN8) -> 0 | AQ8: =AR8+AS8+AT8+AU8+AV8+AW8+AX8+AY8 -> 0
I9: 1-负1-105 | J9: 35.28 | AH9: =V9+X9+Z9+AB9+AD9+AF9 -> 0 | AO9: =SUM(AZ9:BN9) -> 0 | AQ9: =AR9+AS9+AT9+AU9+AV9+AW9+AX9+AY9 -> 0
I10: 1-负1-106 | J10: 18.22 | AH10: =V10+X10+Z10+AB10+AD10+AF10 -> 0 | AO10: =SUM(AZ10:BN10) -> 0 | AQ10: =AR10+AS10+AT10+AU10+AV10+AW10+AX10+AY10 -> 0
I11: 1-负1-201 | J11: 18.22 | AH11: =V11+X11+Z11+AB11+AD11+AF11 -> 0 | AO11: =SUM(AZ11:BN11) -> 0 | AQ11: =AR11+AS11+AT11+AU11+AV11+AW11+AX11+AY11 -> 0
I12: 1-负1-202 | J12: 35.28 | AH12: =V12+X12+Z12+AB12+AD12+AF12 -> 0 | AO12: =SUM(AZ12:BN12) -> 0 | AQ12: =AR12+AS12+AT12+AU12+AV12+AW12+AX12+AY12 -> 0
I13: 1-负1-203 | J13: 76.19 | AH13: =V13+X13+Z13+AB13+AD13+AF13 -> 0 | AO13: =SUM(AZ13:BN13) -> 0 | AQ13: =AR13+AS13+AT13+AU13+AV13+AW13+AX13+AY13 -> 0
I14: 1-负1-204 | J14: 76.19 | AH14: =V14+X14+Z14+AB14+AD14+AF14 -> 0 | AO14: =SUM(AZ14:BN14) -> 0 | AQ14: =AR14+AS14+AT14+AU14+AV14+AW14+AX14+AY14 -> 0
I15: 1-负1-205 | J15: 15.71 | AH15: =V15+X15+Z15+AB15+AD15+AF15 -> 0 | AO15: =SUM(AZ15:BN15) -> 0 | AQ15: =AR15+AS15+AT15+AU15+AV15+AW15+AX15+AY15 -> 0
... I19: 1-负1-303 | J19: 73.21 | AH19: =V19+X19+Z19+AB19+AD19+AF19 -> 0 | AO19: =SUM(AZ19:BN19) -> 0 | AQ19: =AR19+AS19+AT19+AU19+AV19+AW19+AX19+AY19 -> 0
A20: 1 | G20: 王茂德 退 | I20: 1-1-101 | J20: 119.31 | N20: 8442.5 | T20: 0000315 | U20: 李秀莲 | V20: =2000-2000 -> 0 | W20: 2023.11.6 | AH20: =V20+X20+Z20+AB20+AD20+AF20 -> 0 | AO20: =SUM(AZ20:BN20) -> 0 | AQ20: =AR20+AS20+AT20+AU20+AV20+AW20+AX20+AY20 -> 0
A21: 2 | C21: 2024.10.1 | D21: 20240005461 | F21: 500225198309096227 | G21: 邢冬梅 | H21: 0000702 | I21: 1-1-102 | J21: 119.13 | K21: 119.13 | L21: =M21/K21 -> 8226.3074 | M21: 980000 | N21: 8226.31 | R21: 380000 | S21: 2024.10.23 | U21: 刘思汉 | V21: 20000 | W21: 45536 | X21: 380000 | Y21: 2024.10.23 | AH21: =V21+X21+Z21+AB21+AD21+AF21 -> 400000 | AK21: =M21-AH21 -> 580000 | AL21: 13899014069 | AO21: =SUM(AZ21:BN21) -> 0 | AP21: =0.5%+0.04%+0.1% -> 0.0064 | AQ21: =AR21+AS21+AT21+AU21+AV21+AW21+AX21+AY21 -> 0
A22: 3 | I22: 1-1-201 | J22: 117.91 | N22: 5745.6 | AH22: =V22+X22+Z22+AB22+AD22+AF22 -> 0 | AO22: =SUM(AZ22:BN22) -> 0 | AQ22: =AR22+AS22+AT22+AU22+AV22+AW22+AX22+AY22 -> 0
A23: 4 | C23: 2024.10.3 | D23: 20240005733 | F23: 654223199807203433 | G23: 孙乾 | H23: 0000909 | I23: 1-1-202 | J23: 117.54 | K23: 117.54 | L23: =M23/K23 -> 5410.9239 | M23: 636000 | N23: 5410.92 | U23: 霍红霞 | V23: 20000 | W23: 2024.8.25 | X23: 72000 | Y23: 45550 | AH23: =V23+X23+Z23+AB23+AD23+AF23 -> 92000 | AK23: =M23-AH23 -> 544000 | AL23: 13279972119 | AM23: 无车位无礼品 | AO23: =SUM(AZ23:BN23) -> 0 | AP23: =0.7%+0.08% -> 0.0078 | AQ23: =AR23+AS23+AT23+AU23+AV23+AW23+AX23+AY23 -> 0
A24: 5 | C24: 2024.7.10 | D24: 20240003958 | F24: 410225199811126113 | G24: 张欣 | H24: 0000700 | I24: 1-1-301 | J24: 117.91 | K24: 117.91 | L24: 5784 | M24: 682000 | N24: 5784.07 | U24: 李秀莲 | V24: 10000 | W24: 2024.6.10 | X24: 200000 | Y24: 2024.7.10 | Z24: 472000 | AA24: 2024.8.2 | AH24: =V24+X24+Z24+AB24+AD24+AF24 -> 682000 | AK24: =M24-AH24 -> 0 | AL24: 17789135370 | AO24: =SUM(AZ24:BN24) -> 682000 | AP24: =0.7%+0.03%+0.08% -> 0.0081 | AQ24: =AR24+AS24+AT24+AU24+AV24+AW24+AX24+AY24 -> 0 | BK24: 210000 | BL24: 472000 | BQ24: 已交
A25: 6 | I25: 1-1-302 | J25: 117.54 | N25: 5815.88 | AH25: =V25+X25+Z25+AB25+AD25+AF25 -> 0 | AO25: =SUM(AZ25:BN25) -> 0 | AQ25: =AR25+AS25+AT25+AU25+AV25+AW25+AX25+AY25 -> 0
A26: 7 | I26: 1-1-401 | J26: 117.91 | N26: 5825.88 | AH26: =V26+X26+Z26+AB26+AD26+AF26 -> 0 | AO26: =SUM(AZ26:BN26) -> 0 | AQ26: =AR26+AS26+AT26+AU26+AV26+AW26+AX26+AY26 -> 0
A27: 8 | I27: 1-1-402 | J27: 117.54 | N27: 5845.88 | AH27: =V27+X27+Z27+AB27+AD27+AF27 -> 0 | AO27: =SUM(AZ27:BN27) -> 0 | AQ27: =AR27+AS27+AT27+AU27+AV27+AW27+AX27+AY27 -> 0
A28: 9 | C28: 45538 | D28: 20240005071 | F28: 622301200012132817 | G28: 张龙年 | H28: 0000957 | I28: 1-1-501 | J28: 117.91 | K28: 117.91 | L28: =M28/K28 -> 5549.9958 | M28: 654400 | N28: 5549.996 | R28: 375000 | S28: 2024.10.25 | U28: 霍红霞 | V28: 10000 | W28: 2024.8.18 | X28: 269400 | Y28: 45538 | Z28: 375000 | AA28: 2024.10.25 | AH28: =V28+X28+Z28+AB28+AD28+AF28 -> 654400 | AK28: =M28-AH28 -> 0 | AL28: 18095839597 | AM28: 无车位送3年物业费 | AO28: =SUM(AZ28:BN28) -> 279400 | AP28: =0.7%+0.08% -> 0.0078 | AQ28: =AR28+AS28+AT28+AU28+AV28+AW28+AX28+AY28 -> 0 | BM28: 279400 | BO28: =AP28*BM28 -> 2179.32 | BQ28: 已交
A29: 10 | I29: 1-1-502 | J29: 117.54 | N29: 5915.88 | AH29: =V29+X29+Z29+AB29+AD29+AF29 -> 0 | AO29: =SUM(AZ29:BN29) -> 0 | AQ29: =AR29+AS29+AT29+AU29+AV29+AW29+AX29+AY29 -> 100 | AY29: 100
A30: 11 | I30: 1-1-601 | J30: 117.91 | N30: 5960.88 | AH30: =V30+X30+Z30+AB30+AD30+AF30 -> 0 | AO30: =SUM(AZ30:BN30) -> 0 | AQ30: =AR30+AS30+AT30+AU30+AV30+AW30+AX30+AY30 -> 0
A31: 12 | F31: 652801199301216416 | G31: 石建基（暂未算业绩） | H31: 0000899 | I31: 1-1-602 | J31: 117.54 | K31: 117.54 | L31: 5980.88 | M31: 702993 | N31: 5980.88 | T31: 0000546 | U31: 王荣 | V31: 2000 | W31: 2024.1.5 | X31: 18000 | Y31: 2024.6.9 | AH31: =V31+X31+Z31+AB31+AD31+AF31 -> 20000 | AK31: =M31-AH31 -> 682993 | AL31: 13779689564 | AO31: =SUM(AZ31:BN31) -> 0 | AQ31: =AR31+AS31+AT31+AU31+AV31+AW31+AX31+AY31 -> 0
A32: 13 | I32: 1-1-701 | J32: 117.91 | N32: 6005.88 | AH32: =V32+X32+Z32+AB32+AD32+AF32 -> 0 | AO32: =SUM(AZ32:BN32) -> 0 | AQ32: =AR32+AS32+AT32+AU32+AV32+AW32+AX32+AY32 -> 0
A33: 14 | I33: 1-1-702 | J33: 117.54 | N33: 6025.88 | AH33: =V33+X33+Z33+AB33+AD33+AF33 -> 0 | AO33: =SUM(AZ33:BN33) -> 0 | AQ33: =AR33+AS33+AT33+AU33+AV33+AW33+AX33+AY33 -> 0
A34: 15 | I34: 1-1-801 | J34: 117.91 | N34: 6030.88 | AH34: =V34+X34+Z34+AB34+AD34+AF34 -> 0 | AO34: =SUM(AZ34:BN34) -> 0 | AQ34: =AR34+AS34+AT34+AU34+AV34+AW34+AX34+AY34 -> 0
A35: 16 | I35: 1-1-802 | J35: 117.54 | N35: 6050.88 | AH35: =V35+X35+Z35+AB35+AD35+AF35 -> 0 | AO35: =SUM(AZ35:BN35) -> 0 | AQ35: =AR35+AS35+AT35+AU35+AV35+AW35+AX35+AY35 -> 0
A36: 17 | F36: 652827199903260311 | G36: 朱俞合 | H36: 0000905 | I36: 1-1-901 | J36: 117.91 | K36: 117.91 | L36: =M36/K36 -> 6139.9118 | M36: 723957 | N36: 6055.88 | U36: 王荣 | V36: 20000 | W36: 2024.8.10 | AH36: =V36+X36+Z36+AB36+AD36+AF36 -> 20000 | AK36: =M36-AH36 -> 703957 | AL36: 18571641326 | AO36: =SUM(AZ36:BN36) -> 0 | AP36: =0.5%+0.02%+0.08% -> 0.006 | AQ36: =AR36+AS36+AT36+AU36+AV36+AW36+AX36+AY36 -> 0
A37: 18 | I37: 1-1-902 | J37: 117.54 | N37: 6075.88 | AH37: =V37+X37+Z37+AB37+AD37+AF37 -> 0 | AO37: =SUM(AZ37:BN37) -> 0 | AQ37: =AR37+AS37+AT37+AU37+AV37+AW37+AX37+AY37 -> 0
A38: 19 | I38: 1-1-1001 | J38: 117.91 | N38: 6075.88 | AH38: =V38+X38+Z38+AB38+AD38+AF38 -> 0 | AO38: =SUM(AZ38:BN38) -> 0 | AQ38: =AR38+AS38+AT38+AU38+AV38+AW38+AX38+AY38 -> 0
A39: 20 | I39: 1-1-1002 | J39: 117.54 | N39: 6095.88 | AH39: =V39+X39+Z39+AB39+AD39+AF39 -> 0 | AO39: =SUM(AZ39:BN39) -> 0 | AQ39: =AR39+AS39+AT39+AU39+AV39+AW39+AX39+AY39 -> 0
A40: 21 | C40: 45548 | D40: 20240005254 | F40: 652827199304170023 | G40: 刘雪薇 | H40: 0000958 | I40: 1-1-1101 | J40: 117.91 | K40: 117.91 | L40: =M40/K40 -> 6784.8359 | M40: 800000 | N40: 6784.835 | U40: 刘思汉 | V40: 20000 | W40: 2024.8.24 | X40: 100000 | Y40: 2024.9-13 | AH40: =V40+X40+Z40+AB40+AD40+AF40 -> 120000 | AK40: =M40-AH40 -> 680000 | AL40: 15840846835 | AM40: 无车位、送两年物业费 | AO40: =SUM(AZ40:BN40) -> 120000 | AP40: =0.4%+0.02%+0.08% -> 0.005 | AQ40: =AR40+AS40+AT40+AU40+AV40+AW40+AX40+AY40 -> 0 | BM40: 120000 | BO40: =AP40*BM40 -> 600
A41: 22 | I41: 1-1-1102 | J41: 117.54 | N41: 7122.5 | AH41: =V41+X41+Z41+AB41+AD41+AF41 -> 0 | AO41: =SUM(AZ41:BN41) -> 0 | AQ41: =AR41+AS41+AT41+AU41+AV41+AW41+AX41+AY41 -> 0
A42: 23 | I42: 1-2-101 | J42: 119.13 | N42: 8462.5 | AH42: =V42+X42+Z42+AB42+AD42+AF42 -> 0 | AO42: =SUM(AZ42:BN42) -> 0 | AQ42: =AR42+AS42+AT42+AU42+AV42+AW42+AX42+AY42 -> 0
A43: 24 | I43: 1-2-102 | J43: 118.93 | N43: 8432.5 | AH43: =V43+X43+Z43+AB43+AD43+AF43 -> 0 | AO43: =SUM(AZ43:BN43) -> 0 | AQ43: =AR43+AS43+AT43+AU43+AV43+AW43+AX43+AY43 -> 0
A44: 25 | I44: 1-2-201 | J44: 117.54 | N44: 5790.6 | AH44: =V44+X44+Z44+AB44+AD44+AF44 -> 0 | AO44: =SUM(AZ44:BN44) -> 0 | AQ44: =AR44+AS44+AT44+AU44+AV44+AW44+AX44+AY44 -> 0
A45: 26 | I45: 1-2-202 | J45: 117.54 | N45: 5735.6 | AH45: =V45+X45+Z45+AB45+AD45+AF45 -> 0 | AO45: =SUM(AZ45:BN45) -> 0 | AQ45: =AR45+AS45+AT45+AU45+AV45+AW45+AX45+AY45 -> 0
A46: 27 | I46: 1-2-301 | J46: 117.54 | N46: 5840.88 | AH46: =V46+X46+Z46+AB46+AD46+AF46 -> 0 | AO46: =SUM(AZ46:BN46) -> 0 | AQ46: =AR46+AS46+AT46+AU46+AV46+AW46+AX46+AY46 -> 0
A47: 28 | I47: 1-2-302 | J47: 117.54 | N47: 5785.88 | AH47: =V47+X47+Z47+AB47+AD47+AF47 -> 0 | AO47: =SUM(AZ47:BN47) -> 0 | AQ47: =AR47+AS47+AT47+AU47+AV47+AW47+AX47+AY47 -> 0
A48: 29 | I48: 1-2-401 | J48: 117.54 | N48: 5870.88 | AH48: =V48+X48+Z48+AB48+AD48+AF48 -> 0 | AO48: =SUM(AZ48:BN48) -> 0 | AQ48: =AR48+AS48+AT48+AU48+AV48+AW48+AX48+AY48 -> 0
A49: 30 | I49: 1-2-402 | J49: 117.54 | N49: 5815.88 | AH49: =V49+X49+Z49+AB49+AD49+AF49 -> 0 | AO49: =SUM(AZ49:BN49) -> 0 | AQ49: =AR49+AS49+AT49+AU49+AV49+AW49+AX49+AY49 -> 0
A50: 31 | C50: 2024.10.1 | D50: 20240005506 | F50: 41272320001120551X | G50: 李尚 | H50: 0000713 | I50: 1-2-501 | J50: 117.54 | K50: 117.54 | L50: =M50/K50 -> 5785.2646 | M50: 680000 | N50: 5785.265 | R50: 140000 | S50: 2024.10.1 | U50: 张玉琴 | V50: 110000 | W50: 2024.9.21 | X50: 140000 | Y50: 2024.10.1 | AH50: =V50+X50+Z50+AB50+AD50+AF50 -> 250000 | AK50: =M50-AH50 -> 430000 | AL50: 18233138794 | AM50: 无物业费15000商业抵用券 | AO50: =SUM(AZ50:BN50) -> 0 | AP50: =0.4%+0.02%+0.1% -> 0.0052 | AQ50: =AR50+AS50+AT50+AU50+AV50+AW50+AX50+AY50 -> 0
A51: 32 | C51: 2024.7.13 | D51: 20240003996 | F51: 620121199711245316 | G51: 张志鹏 | I51: 1-2-502 | J51: 117.54 | K51: 117.54 | L51: =M51/K51 -> 5938.4039 | M51: 698000 | N51: 5885.88 | R51: 58000 | S51: 2024.10.14 | U51: 李福晴 | V51: 142000 | W51: 2024.7.13 | X51: 58000 | Y51: 2024.10.14 | AH51: =V51+X51+Z51+AB51+AD51+AF51 -> 200000 | AK51: =M51-AH51 -> 498000 | AL51: 19180421997 | AO51: =SUM(AZ51:BN51) -> 0 | AP51: =0.7%+0.04%+0.08% -> 0.0082 | AQ51: =AR51+AS51+AT51+AU51+AV51+AW51+AX51+AY51 -> 0
A52: 33 | G52: 覃华见 | I52: 1-2-601 | J52: 117.54 | N52: 6005.88 | T52: 0000545 | U52: 米云鹤 | V52: 2000 | W52: 2023.12.30 | AH52: =V52+X52+Z52+AB52+AD52+AF52 -> 2000 | AO52: =SUM(AZ52:BN52) -> 0 | AQ52: =AR52+AS52+AT52+AU52+AV52+AW52+AX52+AY52 -> 0
A53: 34 | I53: 1-2-602 | J53: 117.54 | N53: 5950.88 | AH53: =V53+X53+Z53+AB53+AD53+AF53 -> 0 | AO53: =SUM(AZ53:BN53) -> 0 | AQ53: =AR53+AS53+AT53+AU53+AV53+AW53+AX53+AY53 -> 0
A54: 35 | C54: 2024.10.1 | D54: 20240005501 | F54: 62272319991204071X | G54: 李江成 | H54: 0000715 | I54: 1-2-701 | J54: 117.54 | K54: 117.54 | L54: =M54/K54 -> 5819.2956 | M54: 684000 | N54: 5819.295 | R54: =67000+217000 -> 284000 | S54: 2024.10.1 | U54: 闫金秀 | V54: 20000 | W54: 2024.9.21 | X54: 217000 | Y54: 2024.10.1 | Z54: 67000 | AA54: 2024.10.10 | AH54: =V54+X54+Z54+AB54+AD54+AF54 -> 304000 | AK54: =M54-AH54 -> 380000 | AL54: 15026057540 | AO54: =SUM(AZ54:BN54) -> 0 | AP54: =0.6%+0.1% -> 0.007 | AQ54: =AR54+AS54+AT54+AU54+AV54+AW54+AX54+AY54 -> 0
A55: 36 | C55: 2024.10.1 | D55: 20240005494 | F55: 610122197106064934 | G55: 王新峰 | I55: 1-2-702 | J55: 117.54 | K55: 117.54 | L55: 5650 | M55: 664101 | N55: 5650 | R55: =150000+164101 -> 314101 | S55: 2024.10.1 | U55: 霍红霞 | V55: 20000 | W55: 2024.9.21 | X55: =150000+164101 -> 314101 | Y55: 2024.10.1 | AH55: =V55+X55+Z55+AB55+AD55+AF55 -> 334101 | AK55: =M55-AH55 -> 330000 | AL55: 18106436811 | AM55: 2年物业费 | AO55: =SUM(AZ55:BN55) -> 0 | AP55: =0.7%+0.1% -> 0.008 | AQ55: =AR55+AS55+AT55+AU55+AV55+AW55+AX55+AY55 -> 0
A56: 37 | I56: 1-2-801 | J56: 117.54 | N56: 6075.88 | AH56: =V56+X56+Z56+AB56+AD56+AF56 -> 0 | AO56: =SUM(AZ56:BN56) -> 0 | AQ56: =AR56+AS56+AT56+AU56+AV56+AW56+AX56+AY56 -> 0
A57: 38 | I57: 1-2-802 | J57: 117.54 | N57: 6020.88 | AH57: =V57+X57+Z57+AB57+AD57+AF57 -> 0 | AO57: =SUM(AZ57:BN57) -> 0 | AQ57: =AR57+AS57+AT57+AU57+AV57+AW57+AX57+AY57 -> 0
A58: 39 | C58: 2024.10.3 | D58: 20240005759 | F58: 622301199806022817 | G58: 张生财 | H58: 0000731 | I58: 1-2-901 | J58: 117.54 | K58: 117.54 | L58: 5878.85 | M58: 691000 | N58: 5878.85 | R58: =311000+10000 -> 321000 | S58: 2024.10.1 | U58: 肖陶丽 | V58: 10000 | W58: 2024.10.1 | X58: 311000 | Y58: 2024.10.3 | AH58: =V58+X58+Z58+AB58+AD58+AF58 -> 321000 | AK58: =M58-AH58 -> 370000 | AL58: 18699662558 | AO58: =SUM(AZ58:BN58) -> 0 | AP58: =0.6%+0.1% -> 0.007 | AQ58: =AR58+AS58+AT58+AU58+AV58+AW58+AX58+AY58 -> 0
A59: 40 | I59: 1-2-902 | J59: 117.54 | N59: 6045.88 | AH59: =V59+X59+Z59+AB59+AD59+AF59 -> 0 | AO59: =SUM(AZ59:BN59) -> 0 | AQ59: =AR59+AS59+AT59+AU59+AV59+AW59+AX59+AY59 -> 0
A60: 41 | I60: 1-2-1001 | J60: 117.54 | N60: 6120.88 | AH60: =V60+X60+Z60+AB60+AD60+AF60 -> 0 | AO60: =SUM(AZ60:BN60) -> 0 | AQ60: =AR60+AS60+AT60+AU60+AV60+AW60+AX60+AY60 -> 0
A61: 42 | I61: 1-2-1002 | J61: 117.54 | N61: 6065.88 | AH61: =V61+X61+Z61+AB61+AD61+AF61 -> 0 | AO61: =SUM(AZ61:BN61) -> 0 | AQ61: =AR61+AS61+AT61+AU61+AV61+AW61+AX61+AY61 -> 0
A62: 43 | I62: 1-2-1101 | J62: 117.54 | N62: 7147.5 | AH62: =V62+X62+Z62+AB62+AD62+AF62 -> 0 | AO62: =SUM(AZ62:BN62) -> 0 | AQ62: =AR62+AS62+AT62+AU62+AV62+AW62+AX62+AY62 -> 0
A63: 44 | I63: 1-2-1102 | J63: 117.54 | N63: 7092.5 | AH63: =V63+X63+Z63+AB63+AD63+AF63 -> 0 | AO63: =SUM(AZ63:BN63) -> 0 | AQ63: =AR63+AS63+AT63+AU63+AV63+AW63+AX63+AY63 -> 0
A64: 45 | I64: 1-3-101 | J64: 118.93 | N64: 7795.5 | AH64: =V64+X64+Z64+AB64+AD64+AF64 -> 0 | AO64: =SUM(AZ64:BN64) -> 0 | AQ64: =AR64+AS64+AT64+AU64+AV64+AW64+AX64+AY64 -> 0
A65: 46 | I65: 1-3-102 | J65: 119.5 | N65: 7382.5 | AH65: =V65+X65+Z65+AB65+AD65+AF65 -> 0 | AO65: =SUM(AZ65:BN65) -> 0 | AQ65: =AR65+AS65+AT65+AU65+AV65+AW65+AX65+AY65 -> 0
A66: 47 | I66: 1-3-201 | J66: 117.54 | N66: 5725.6 | AH66: =V66+X66+Z66+AB66+AD66+AF66 -> 0 | AO66: =SUM(AZ66:BN66) -> 0 | AQ66: =AR66+AS66+AT66+AU66+AV66+AW66+AX66+AY66 -> 0
A67: 48 | E67: 抵账江通海 | I67: 1-3-202 | J67: 117.91 | N67: 5690.6 | AH67: =V67+X67+Z67+AB67+AD67+AF67 -> 0 | AO67: =SUM(AZ67:BN67) -> 0 | AQ67: =AR67+AS67+AT67+AU67+AV67+AW67+AX67+AY67 -> 0
A68: 49 | I68: 1-3-301 | J68: 117.54 | N68: 5775.88 | AH68: =V68+X68+Z68+AB68+AD68+AF68 -> 0 | AO68: =SUM(AZ68:BN68) -> 0 | AQ68: =AR68+AS68+AT68+AU68+AV68+AW68+AX68+AY68 -> 0
A69: 50 | I69: 1-3-302 | J69: 117.91 | N69: 5740.88 | AH69: =V69+X69+Z69+AB69+AD69+AF69 -> 0 | AO69: =SUM(AZ69:BN69) -> 0 | AQ69: =AR69+AS69+AT69+AU69+AV69+AW69+AX69+AY69 -> 0
A70: 51 | I70: 1-3-401 | J70: 117.54 | N70: 5805.88 | AH70: =V70+X70+Z70+AB70+AD70+AF70 -> 0 | AO70: =SUM(AZ70:BN70) -> 0 | AQ70: =AR70+AS70+AT70+AU70+AV70+AW70+AX70+AY70 -> 0
A71: 52 | I71: 1-3-402 | J71: 117.91 | N71: 5770.88 | AH71: =V71+X71+Z71+AB71+AD71+AF71 -> 0 | AO71: =SUM(AZ71:BN71) -> 0 | AQ71: =AR71+AS71+AT71+AU71+AV71+AW71+AX71+AY71 -> 0
A72: 53 | I72: 1-3-501 | J72: 117.54 | N72: 5875.88 | AH72: =V72+X72+Z72+AB72+AD72+AF72 -> 0 | AO72: =SUM(AZ72:BN72) -> 0 | AQ72: =AR72+AS72+AT72+AU72+AV72+AW72+AX72+AY72 -> 0
A73: 54 | I73: 1-3-502 | J73: 117.91 | N73: 5840.88 | AH73: =V73+X73+Z73+AB73+AD73+AF73 -> 0 | AO73: =SUM(AZ73:BN73) -> 0 | AQ73: =AR73+AS73+AT73+AU73+AV73+AW73+AX73+AY73 -> 0
A74: 55 | I74: 1-3-601 | J74: 117.54 | N74: 5940.88 | AH74: =V74+X74+Z74+AB74+AD74+AF74 -> 0 | AO74: =SUM(AZ74:BN74) -> 0 | AQ74: =AR74+AS74+AT74+AU74+AV74+AW74+AX74+AY74 -> 0
A75: 56 | I75: 1-3-602 | J75: 117.91 | N75: 5905.88 | AH75: =V75+X75+Z75+AB75+AD75+AF75 -> 0 | AO75: =SUM(AZ75:BN75) -> 0 | AQ75: =AR75+AS75+AT75+AU75+AV75+AW75+AX75+AY75 -> 0
A76: 57 | I76: 1-3-701 | J76: 117.54 | N76: 5985.88 | AH76: =V76+X76+Z76+AB76+AD76+AF76 -> 0 | AO76: =SUM(AZ76:BN76) -> 0 | AQ76: =AR76+AS76+AT76+AU76+AV76+AW76+AX76+AY76 -> 0
A77: 58 | I77: 1-3-702 | J77: 117.91 | N77: 5950.88 | AH77: =V77+X77+Z77+AB77+AD77+AF77 -> 0 | AO77: =SUM(AZ77:BN77) -> 0 | AQ77: =AR77+AS77+AT77+AU77+AV77+AW77+AX77+AY77 -> 0
A78: 59 | I78: 1-3-801 | J78: 117.54 | N78: 6010.88 | AH78: =V78+X78+Z78+AB78+AD78+AF78 -> 0 | AO78: =SUM(AZ78:BN78) -> 0 | AQ78: =AR78+AS78+AT78+AU78+AV78+AW78+AX78+AY78 -> 0
A79: 60 | I79: 1-3-802 | J79: 117.91 | N79: 5975.88 | AH79: =V79+X79+Z79+AB79+AD79+AF79 -> 0 | AO79: =SUM(AZ79:BN79) -> 0 | AQ79: =AR79+AS79+AT79+AU79+AV79+AW79+AX79+AY79 -> 0
... A85: 66 | I85: 1-3-1102 | J85: 117.91 | N85: 7047.5 | AH85: =V85+X85+Z85+AB85+AD85+AF85 -> 0 | AO85: =SUM(AZ85:BN85) -> 0 | AQ85: =AR85+AS85+AT85+AU85+AV85+AW85+AX85+AY85 -> 0
I86: 2-负1-101 | J86: 275.94 | AH86: =V86+X86+Z86+AB86+AD86+AF86 -> 0 | AO86: =SUM(AZ86:BN86) -> 0 | AQ86: =AR86+AS86+AT86+AU86+AV86+AW86+AX86+AY86 -> 0
I87: 2-负1-102 | J87: 35.22 | AH87: =V87+X87+Z87+AB87+AD87+AF87 -> 0 | AO87: =SUM(AZ87:BN87) -> 0 | AQ87: =AR87+AS87+AT87+AU87+AV87+AW87+AX87+AY87 -> 0
I88: 2-负1-103 | J88: 34.37 | AH88: =V88+X88+Z88+AB88+AD88+AF88 -> 0 | AO88: =SUM(AZ88:BN88) -> 0 | AQ88: =AR88+AS88+AT88+AU88+AV88+AW88+AX88+AY88 -> 0
I89: 2-负1-104 | J89: 34.71 | AH89: =V89+X89+Z89+AB89+AD89+AF89 -> 0 | AO89: =SUM(AZ89:BN89) -> 0 | AQ89: =AR89+AS89+AT89+AU89+AV89+AW89+AX89+AY89 -> 0
I90: 2-负1-105 | J90: 29.37 | AH90: =V90+X90+Z90+AB90+AD90+AF90 -> 0 | AO90: =SUM(AZ90:BN90) -> 0 | AQ90: =AR90+AS90+AT90+AU90+AV90+AW90+AX90+AY90 -> 0
I91: 2-负1-106 | J91: 20.09 | AH91: =V91+X91+Z91+AB91+AD91+AF91 -> 0 | AO91: =SUM(AZ91:BN91) -> 0 | AQ91: =AR91+AS91+AT91+AU91+AV91+AW91+AX91+AY91 -> 0
I92: 2-负1-107 | J92: 15.74 | AH92: =V92+X92+Z92+AB92+AD92+AF92 -> 0 | AO92: =SUM(AZ92:BN92) -> 0 | AQ92: =AR92+AS92+AT92+AU92+AV92+AW92+AX92+AY92 -> 0
I93: 2-负1-108 | J93: 13.71 | AH93: =V93+X93+Z93+AB93+AD93+AF93 -> 0 | AO93: =SUM(AZ93:BN93) -> 0 | AQ93: =AR93+AS93+AT93+AU93+AV93+AW93+AX93+AY93 -> 0
I94: 2-负1-109 | J94: 16.75 | AH94: =V94+X94+Z94+AB94+AD94+AF94 -> 0 | AO94: =SUM(AZ94:BN94) -> 0 | AQ94: =AR94+AS94+AT94+AU94+AV94+AW94+AX94+AY94 -> 0
I95: 2-负1-110 | J95: 9.62 | AH95: =V95+X95+Z95+AB95+AD95+AF95 -> 0 | AO95: =SUM(AZ95:BN95) -> 0 | AQ95: =AR95+AS95+AT95+AU95+AV95+AW95+AX95+AY95 -> 0
I96: 2-负1-111工具间1 | J96: 17.99 | AH96: =V96+X96+Z96+AB96+AD96+AF96 -> 0 | AO96: =SUM(AZ96:BN96) -> 0 | AQ96: =AR96+AS96+AT96+AU96+AV96+AW96+AX96+AY96 -> 0
I97: 2-负1-112工具间2 | J97: 65.33 | AH97: =V97+X97+Z97+AB97+AD97+AF97 -> 0 | AO97: =SUM(AZ97:BN97) -> 0 | AQ97: =AR97+AS97+AT97+AU97+AV97+AW97+AX97+AY97 -> 0
... I100: 2-负1-115（配电间1 为多栋建筑服务） | J100: 64.08 | AH100: =V100+X100+Z100+AB100+AD100+AF100 -> 0 | AO100: =SUM(AZ100:BN100) -> 0 | AQ100: =AR100+AS100+AT100+AU100+AV100+AW100+AX100+AY100 -> 0
A101: 67 | C101: 2024.4.21 | D101: 20240002219 | F101: 230221196303020045 | G101: 张凤云、宋宝才 王成 退 | H101: 0000881 | I101: 2-1-101 | J101: 102.67 | K101: 102.67 | L101: 4967.37 | M101: 510000 | N101: 4895 | U101: 米云鹤 刘宁宁 | V101: =10000-10000 -> 0 | W101: 2024.1.1 | X101: 10000 | Y101: 2024.3.25 | Z101: 143000 | AA101: 2024.4.21 | AB101: 357000 | AC101: 2024.5.21 | AH101: =V101+X101+Z101+AB101+AD101+AF101 -> 510000 | AK101: =M101-AH101 -> 0 | AL101: 18799828687 | AO101: =SUM(AZ101:BN101) -> 510000 | AP101: =0.7%+0.04%+0.12% -> 0.0086 | AQ101: =AR101+AS101+AT101+AU101+AV101+AW101+AX101+AY101 -> 0 | BH101: 153000 | BI101: 357000 | BQ101: 已交 | BR101: 已录 | BV101: =BT101-BU101 -> 0
A102: 68 | I102: 2-1-102 | J102: 86.14 | N102: 4925 | AH102: =V102+X102+Z102+AB102+AD102+AF102 -> 0 | AO102: =SUM(AZ102:BN102) -> 0 | AQ102: =AR102+AS102+AT102+AU102+AV102+AW102+AX102+AY102 -> 0
A103: 69 | I103: 2-1-103 | J103: 153.46 | N103: 4905 | AH103: =V103+X103+Z103+AB103+AD103+AF103 -> 0 | AO103: =SUM(AZ103:BN103) -> 0 | AQ103: =AR103+AS103+AT103+AU103+AV103+AW103+AX103+AY103 -> 0
A104: 70 | C104: 45416 | D104: 20240002551 | F104: 652825199506153018 | G104: 肖鹏 | H104: 0001086 | I104: 2-1-201 | J104: 115.78 | K104: 115.78 | L104: 5052.7 | M104: 585000 | N104: 4925 | U104: 肖陶丽 | V104: 20000 | W104: 2024.4.6 | X104: =115000+170000 -> 285000 | Y104: 2024.4.11 | Z104: 280000 | AA104: 2024.5.22 | AH104: =V104+X104+Z104+AB104+AD104+AF104 -> 585000 | AK104: =M104-AH104 -> 0 | AL104: 19999463937 | AO104: =SUM(AZ104:BN104) -> 585000 | AP104: =0.7%+0.12% -> 0.0082 | AQ104: =AR104+AS104+AT104+AU104+AV104+AW104+AX104+AY104 -> 0 | BI104: 585000 | BQ104: 已交 | BR104: 已录
A105: 71 | G105: 杨荣 | I105: 2-1-202 | J105: 86.14 | K105: 86.14 | L105: 4875.78 | M105: 420000 | N105: 4875.78 | U105: 赵江龙 | V105: 30000 | W105: 2024.3.28 | AH105: =V105+X105+Z105+AB105+AD105+AF105 -> 30000 | AK105: =M105-AH105 -> 390000 | AO105: =SUM(AZ105:BN105) -> 0 | AP105: =0.4%+0.12% -> 0.0052 | AQ105: =AR105+AS105+AT105+AU105+AV105+AW105+AX105+AY105 -> 0
A106: 72 | C106: 2024.6.12 | D106: 20240003446 | F106: 411627200003176439 | G106: 陶志 | H106: 0000898 | I106: 2-1-203 | J106: 153.46 | K106: 153.46 | L106: 5035 | M106: 772671 | N106: 4935 | U106: 王荣 | V106: 10000 | W106: 2024.6.3 | X106: 112671 | Y106: 2024.6.12 | Z106: 650000 | AA106: 2024.6.26 | AH106: =V106+X106+Z106+AB106+AD106+AF106 -> 772671 | AK106: =M106-AH106 -> 0 | AL106: 18139079120 | AO106: =SUM(AZ106:BN106) -> 772671 | AP106: =0.5%+0.02%+0.08% -> 0.006 | AQ106: =AR106+AS106+AT106+AU106+AV106+AW106+AX106+AY106 -> 0 | BJ106: 772671 | BQ106: 已交 | BR106: 已录
A107: 73 | F107: 610123196607095538 | G107: 张高红 | H107: 0000651 | I107: 2-1-301 | J107: 115.78 | K107: 115.78 | L107: 5068 | M107: 586773 | N107: 4968 | T107: 0000543 | U107: 连阵阵 | V107: 2000 | W107: 2023.12.29 | X107: 18000 | Y107: 2023.12.30 | Z107: 20000 | AA107: 2024.8.5 | AB107: 47773 | AC107: 45550 | AH107: =V107+X107+Z107+AB107+AD107+AF107 -> 87773 | AK107: =M107-AH107 -> 499000 | AL107: 15099483259 | AO107: =SUM(AZ107:BN107) -> 0 | AP107: =0.4%+0.02%+0.08% -> 0.005 | AQ107: =AR107+AS107+AT107+AU107+AV107+AW107+AX107+AY107 -> 0 | BQ107: 已交
A108: 74 | C108: 2024.4.3 | D108: 20240001879 | F108: 652826196004041123 | G108: 刘玉珍 | H108: 0000879 | I108: 2-1-302 | J108: 86.14 | K108: 86.14 | L108: 5026.7 | M108: 433000 | N108: 4998 | U108: 闫金秀 | V108: 10000 | W108: 2024.3.25 | X108: 83000 | Y108: 2024.4.3 | Z108: 340000 | AA108: 2024.4.17 | AH108: =V108+X108+Z108+AB108+AD108+AF108 -> 433000 | AK108: =M108-AH108 -> 0 | AL108: 19199168756 | AO108: =SUM(AZ108:BN108) -> 433000 | AP108: =0.6%+0.12% -> 0.0072 | AQ108: =AR108+AS108+AT108+AU108+AV108+AW108+AX108+AY108 -> 0 | BH108: 433000 | BQ108: 已交 | BR108: 已录
A109: 75 | C109: 2024.1.12 | D109: 20240000294 | F109: 620523199911102015 | G109: 牛蹬鹏 | H109: 0001042 | I109: 2-1-303 | J109: 153.46 | K109: 153.46 | L109: 5000 | M109: 767300 | N109: 4978 | U109: 霍红霞 | V109: 20000 | W109: 2024.1.6 | X109: 132300 | Y109: 2024.1.12 | Z109: 39000 | AA109: 2024.1.22 | AB109: 576000 | AC109: 2024.3.11 | AH109: =V109+X109+Z109+AB109+AD109+AF109 -> 767300 | AK109: =M109-AH109 -> 0 | AL109: 17881704475 | AO109: =SUM(AZ109:BN109) -> 767300 | AP109: =0.7%+0.04%+0.12% -> 0.0086 | AQ109: =AR109+AS109+AT109+AU109+AV109+AW109+AX109+AY109 -> 0 | BE109: 191300 | BG109: 576000 | BQ109: 已交 | BR109: 已录
A110: 76 | C110: 2024.3.2 | D110: 20240001102 | F110: 652825199109031527 | G110: 李丹、王进 | H110: 0001058 | I110: 2-1-401 | J110: 115.78 | K110: 115.78 | L110: =M110/K110 -> 5095.8715 | M110: 590000 | N110: 5004 | U110: 李秀莲 | V110: 10000 | W110: 2024.2.21 | X110: 108000 | Y110: 2024.3.2 | Z110: 472000 | AA110: 2024.3.14 | AH110: =V110+X110+Z110+AB110+AD110+AF110 -> 590000 | AK110: =M110-AH110 -> 0 | AL110: 13667567161 | AO110: =SUM(AZ110:BN110) -> 590000 | AP110: =0.7%+0.05%+0.14% -> 0.0089 | AQ110: =AR110+AS110+AT110+AU110+AV110+AW110+AX110+AY110 -> 0 | BG110: 590000 | BQ110: 已交 | BR110: 已录
...

Sheet 画堂春锦苑8#楼明细表
A1: 8#楼住宅销售明细表
A2: 序号 | B2: 成交 | C2: 合同签订日期 | D2: 合同号 | F2: 身份证号 | G2: 姓名 | H2: 订购书编号 | I2: 房号 | J2: 开发 面积 | K2: 销售面积 | L2: 单价 | M2: 总价 | N2: 成交底价 | O2: 发票开具 | R2: 本月成 交额 | S2: 成交时间 | T2: 会员编号 | U2: 置业顾问 | V2: 缴款金额 | AH2: 收款合计 | AI2: 本月到账贷款 | AJ2: 到帐贷款 | AK2: 应收款 | AL2: 联系电话 | AM2: 备注 | AN2: 计划销售总价 | AO2: 佣金付款合计 | AP2: 佣金点数 | AQ2: 2024.5月佣金 | AR2: 2024.6月佣金 | AS2: 2024.7月佣金 | AT2: 2024.8月佣金 | AU2: 2024.9月佣金 | AW2: 佣金 | AY2: 印花税 | AZ2: 房源系统
E3: 房屋性质 | O3: 金额 | P3: 号码 | Q3: 开票日期 | V3: 一 | W3: 时间 | X3: 二 | Y3: 时间 | Z3: 三 | AA3: 时间 | AB3: 四 | AC3: 时间 | AD3: 五 | AE3: 时间 | AF3: 六 | AG3: 时间
A4: 1 | C4: 45434 | D4: 20240003043 | F4: 320322196903045629 | G4: 陈爱玲、杨艳梨 成交 | H4: 0000863 | I4: 8-1-101 | J4: 150.19 | K4: 150.19 | L4: 8200 | M4: =L4*K4 -> 1231558 | N4: 8200 | U4: 连阵阵 | V4: 20000 | W4: 2024.5.18 | X4: 351558 | Y4: 2024.5.22 | Z4: 860000 | AA4: 2024.6.25 | AH4: =V4+X4+Z4+AB4+AD4+AF4 -> 1231558 | AK4: =M4-AH4 -> 0 | AL4: 15199933931 | AO4: =SUM(AQ4:AV4) -> 1231558 | AP4: =0.7%+0.03%+0.08% -> 0.0081 | AR4: 1231558 | AY4: 已交 | AZ4: 已录
A5: 2 | C5: 45516 | D5: 20240004628 | F5: 410181199802267518 | G5: 周枫 | H5: 0000953 | I5: 8-1-102 | J5: 122.87 | K5: 122.87 | L5: =M5/K5 -> 7894.5227 | M5: 970000 | N5: 7894.52 | U5: 李秀莲 | V5: 20000 | W5: 2024.7.30 | X5: 250000 | Y5: 2024.8.12 | Z5: 700000 | AA5: 2024.9.23 | AH5: =V5+X5+Z5+AB5+AD5+AF5 -> 970000 | AK5: =M5-AH5 -> 0 | AL5: 15599750213 | AM5: 不要车位，无家装 | AO5: =SUM(AQ5:AV5) -> 970000 | AP5: =0.5%+0.02%+0.08% -> 0.006 | AT5: 270000 | AU5: 700000 | AW5: =AP5*AU5 -> 4200 | AY5: 已交
A6: 3 | I6: 8-1-201 | J6: 148.64 | N6: 5769.83 | AH6: =V6+X6+Z6+AB6+AD6+AF6 -> 0 | AK6: =M6-AH6 -> 0 | AO6: =SUM(AQ6:AV6) -> 0
A7: 4 | I7: 8-1-202 | J7: 139.33 | N7: 5784.75 | AH7: =V7+X7+Z7+AB7+AD7+AF7 -> 0 | AO7: =SUM(AQ7:AV7) -> 0
A8: 5 | C8: 2024.10.18 | D8: 20240006190 | F8: 652822198312080021 | G8: 周小艳 衡澳 要退 | H8: 任成48.8万转 | I8: 8-1-301 | J8: 148.64 | K8: 148.64 | L8: 5824.48 | M8: =377751+488000 -> 865751 | N8: 5824.48 | R8: 377751 | S8: 2024.10.18 | U8: 王荣 | V8: 2000 | W8: 45560 | X8: 377751 | Y8: 2024.10.18 | Z8: 488000 | AA8: 2024.10.18 | AH8: =V8+X8+Z8+AB8+AD8+AF8 -> 867751 | AK8: =M8-AH8 -> -2000 | AL8: 16609961005 | AO8: =SUM(AQ8:AV8) -> 0
A9: 6 | F9: 622825197604263312 | G9: 李海军 | H9: 0001103 | I9: 8-1-302 | J9: 139.33 | K9: 139.33 | L9: 5839.41 | M9: 813605 | N9: 5839.41 | T9: 0000554 | U9: 米云鹤 | X9: 20000 | Y9: 2024.4.27 | Z9: 224605 | AA9: 2024.5.3 | AB9: 569000 | AC9: 2024.8.29 | AH9: =V9+X9+Z9+AB9+AD9+AF9 -> 813605 | AK9: =M9-AH9 -> 0 | AL9: 18909968952 | AO9: =SUM(AQ9:AV9) -> 813605 | AP9: =0.7%+0.03%+0.12% -> 0.0085 | AT9: 813605
A10: 7 | C10: 2024.10.1 | D10: 20240005546 | F10: 411381200007113031 | G10: 赵建设 | I10: 8-1-401 | J10: 148.64 | K10: 148.64 | L10: 5657.21 | M10: 840888 | N10: 5657.21 | R10: 190888 | S10: 2024.10.1 | U10: 王荣 | V10: 20000 | W10: 45551 | X10: 190888 | Y10: 2024.10.1 | AH10: =V10+X10+Z10+AB10+AD10+AF10 -> 210888 | AK10: =M10-AH10 -> 630000 | AL10: 18699610532 | AO10: =SUM(AQ10:AV10) -> 0 | AP10: =0.6%+0.05%+0.1% -> 0.0075
A11: 8 | C11: 45472 | D11: 20240003715 | F11: 211282199906013016 | G11: 钟正 | H11: 0000868 | I11: 8-1-402 | J11: 139.33 | K11: 139.33 | L11: 5600 | M11: 780248 | N11: 5600 | U11: 霍红霞 | V11: 20000 | W11: 2024.6.17 | X11: 10000 | Y11: 2024.6.29 | Z11: 126248 | AA11: 2024.7.1 | AB11: 624000 | AC11: 2024.8.23 | AH11: =V11+X11+Z11+AB11+AD11+AF11 -> 780248 | AK11: =M11-AH11 -> 0 | AL11: 17641032589 | AM11: 不要车位，没有家装大礼包 | AO11: =SUM(AQ11:AV11) -> 780248 | AP11: =0.7%+0.08% -> 0.0078 | AS11: 156248 | AT11: 624000 | AY11: 已交 | AZ11: 已录
A12: 9 | C12: 45416 | D12: 20240002559 | F12: 652823199205292214 | G12: 沈慧 | H12: 0000851 | I12: 8-1-501 | J12: 148.64 | K12: 148.64 | L12: 5897.806 | M12: 876650 | N12: 5897.806 | U12: 刘思汉 | V12: 20000 | W12: 2024.5.1 | X12: 121650 | Y12: 2024.5.4 | Z12: 145000 | AA12: 2024.7.15 | AB12: 590000 | AC12: 2024.8.22 | AH12: =V12+X12+Z12+AB12+AD12+AF12 -> 876650 | AK12: =M12-AH12 -> 0 | AL12: 19199200131 | AO12: =SUM(AQ12:AV12) -> 876650 | AP12: =0.7%+0.02%+0.12% -> 0.0084 | AS12: 286650 | AT12: 590000 | AY12: 已交
A13: 10 | C13: 45472 | D13: 20240003716 | F13: 620422197512035117 | G13: 刘冠宇 | H13: 0000890 | I13: 8-1-502 | J13: 139.33 | K13: 139.33 | L13: 5946.36 | M13: 828507 | N13: 5946.36 | U13: 霍红霞 | V13: 20000 | W13: 2024.5.18 | X13: 33507 | Y13: 2024.6.29 | Z13: 70000 | AA13: 2024.7.1 | AB13: 185000 | AC13: 2024.7.4 | AD13: 520000 | AE13: 2024.8.1 | AH13: =V13+X13+Z13+AB13+AD13+AF13 -> 828507 | AK13: =M13-AH13 -> 0 | AL13: 13999021450 | AO13: =SUM(AQ13:AV13) -> 828507 | AP13: =0.7%+0.08% -> 0.0078 | AS13: 308507 | AT13: 520000 | AY13: 已交 | AZ13: 已录
A14: 11 | F14: 652301198608256410 | G14: 王明利 | I14: 8-1-601 | J14: 148.64 | K14: 148.64 | L14: =M14/K14 -> 5965.7966 | M14: 886756 | N14: 5965.795 | U14: 王荣 | V14: 5000 | W14: 2024.7.5 | X14: 15000 | Y14: 2024.9.9 | AH14: =V14+X14+Z14+AB14+AD14+AF14 -> 20000 | AK14: =M14-AH14 -> 866756 | AL14: 19990288970 | AM14: 无家装 | AO14: =SUM(AQ14:AX14) -> 0 | AP14: =0.7%+0.02%+0.08% -> 0.008
A15: 12 | C15: 45416 | D15: 20240002527 | F15: 622323198712053149 | G15: 马玲玲 | H15: 0001107 | I15: 8-1-602 | J15: 139.33 | K15: 139.33 | L15: =M15/K15 -> 5978.6119 | M15: 833000 | N15: 5978.61 | U15: 刘思汉 | V15: 20000 | W15: 2024.4.28 | X15: 233000 | Y15: 2024.5.4 | Z15: 580000 | AA15: 2024.6.21 | AH15: =V15+X15+Z15+AB15+AD15+AF15 -> 833000 | AK15: =M15-AH15 -> 0 | AL15: 15299350690 | AO15: =SUM(AQ15:AV15) -> 833000 | AP15: =0.7%+0.02%+0.12% -> 0.0084 | AQ15: 253000 | AR15: 580000 | AY15: 已交 | AZ15: 已录
A16: 13 | C16: 45493 | D16: 20240004168 | F16: 411528199804103315 | G16: 姚俊伟 | I16: 8-1-701 | J16: 148.64 | K16: 148.64 | L16: =M16/K16 -> 5948.0826 | M16: 884123 | N16: 5948.08 | U16: 米云鹤 | V16: 169123 | W16: 2024.7.20 | X16: 65000 | Y16: 2024.8.2 | Z16: 650000 | AA16: 45537 | AH16: =V16+X16+Z16+AB16+AD16+AF16 -> 884123 | AK16: =M16-AH16 -> 0 | AL16: 18742865669 | AM16: 无家装 | AO16: =SUM(AQ16:AV16) -> 884123 | AP16: =0.7%+0.03%+0.08% -> 0.0081 | AT16: 234123 | AU16: 650000 | AW16: =AP16*AU16 -> 5265 | AY16: 已交
A17: 14 | C17: 2024.10.1 | D17: 20240005557 | F17: 500102199703291367 | G17: 周瑶 | I17: 8-1-702 | J17: 139.33 | K17: 139.33 | L17: 5892.34 | M17: 820980 | N17: 6000 | O17: 破底不提佣 | R17: =180000+980 -> 180980 | S17: 2024.10.1 | U17: 刘宁宁 | V17: 20000 | W17: 2024.7.15 | X17: =180000+980 -> 180980 | Y17: 2024.10.1 | AH17: =V17+X17+Z17+AB17+AD17+AF17 -> 200980 | AK17: =M17-AH17 -> 620000 | AL17: 15684853588 | AM17: 无家装 | AO17: =SUM(AQ17:AX17) -> 0 | AP17: =0.4%+0.03%+0.08% -> 0.0051
A18: 15 | C18: 2024.10.26 | D18: 20240005654 | F18: 411503199406183316 | G18: 张明旺 | H18: 0000710 | I18: 8-1-801 | J18: 148.64 | K18: 148.64 | L18: 5853.07 | M18: 870000 | N18: 5853.07 | R18: 850000 | S18: 2024.10.2 | U18: 肖陶丽 | V18: 20000 | W18: 2024.9.20 | X18: 850000 | Y18: 2024.10.2 | AH18: =V18+X18+Z18+AB18+AD18+AF18 -> 870000 | AK18: =M18-AH18 -> 0 | AL18: 17337600520 | AO18: =SUM(AQ18:AV18) -> 0 | AP18: =0.6%+0.1% -> 0.007
A19: 16 | C19: 45493 | D19: 20240004164 | F19: 610327199901231895 | G19: 张宏博 | H19: 0000853 | I19: 8-1-802 | J19: 139.33 | K19: 139.33 | L19: 6091.36 | M19: 848710 | N19: 6091.36 | R19: 678000 | S19: 2024.10.10 | T19: 0000556 | U19: 刘宁宁 | V19: 2000 | W19: 2024.4.17 | X19: 8000 | Y19: 2024.5.2 | Z19: 96710 | AA19: 2024.7.20 | AB19: 64000 | AC19: 2024.8.28 | AD19: 678000 | AE19: 2024.10.10 | AH19: =V19+X19+Z19+AB19+AD19+AF19 -> 848710 | AK19: =M19-AH19 -> 0 | AL19: 18893377659 | AO19: =SUM(AQ19:AV19) -> 170710 | AP19: =0.5%+0.02%+0.08% -> 0.006 | AT19: 170710 | AY19: 已交
A20: 17 | C20: 45540 | D20: 20240005098 | F20: 652201199906156513 | G20: 吴金涛 | H20: 0000935 | I20: 8-1-901 | J20: 148.64 | K20: 148.64 | L20: =M20/K20 -> 5920.3445 | M20: 880000 | N20: 5920.345 | R20: 682000 | S20: 2024.10.10 | U20: 刘宁宁 | V20: 20000 | W20: 2024.8.16 | X20: 178000 | Y20: 45540 | Z20: 682000 | AA20: 2024.10.10 | AH20: =V20+X20+Z20+AB20+AD20+AF20 -> 880000 | AK20: =M20-AH20 -> 0 | AL20: 13119023002 | AM20: 有车位无礼品 | AO20: =SUM(AQ20:AV20) -> 198000 | AP20: =0.4%+0.02%+0.08% -> 0.005 | AU20: 198000 | AW20: =AP20*AU20 -> 990 | AY20: 已交
A21: 18 | C21: 45428 | D21: 20240002913 | F21: 652801198710241618 | G21: 李鹏 | H21: 0001102 | I21: 8-1-902 | J21: 139.33 | K21: 139.33 | L21: 6120.28 | M21: 852739 | N21: 6120.28 | T21: 0000552 | U21: 米云鹤 | V21: 2000 | W21: 2024.4.13 | X21: 18000 | Y21: 2024.4.27 | Z21: =2739+120000 -> 122739 | AA21: 45428 | AB21: 510000 | AC21: 2024.6.20 | AD21: 200000 | AE21: 2024.7.12 | AH21: =V21+X21+Z21+AB21+AD21+AF21 -> 852739 | AK21: =M21-AH21 -> 0 | AL21: 17699690006 | AO21: =SUM(AQ21:AV21) -> 852739 | AP21: =0.7%+0.03%+0.12% -> 0.0085 | AR21: 652739 | AS21: 200000 | AY21: 已交 | AZ21: 已录
A22: 19 | C22: 2024.10.4 | D22: 20240005780 | F22: 652829199703170013 | G22: 那木巴图 | H22: 0000928 | I22: 8-1-1001 | J22: 148.64 | K22: 148.64 | L22: 5747.09 | M22: 854247 | N22: 6127.09 | O22: 破底不提佣 | R22: 334247 | S22: 2024.10.4 | U22: 赵江龙 | V22: 20000 | W22: 45543 | X22: 334247 | Y22: 2024.10.4 | AH22: =V22+X22+Z22+AB22+AD22+AF22 -> 354247 | AK22: =M22-AH22 -> 500000 | AL22: 18999002531 | AM22: 2年物业费 | AO22: =SUM(AQ22:AV22) -> 0 | AP22: =0.5%+0.1% -> 0.006
A23: 20 | C23: 45477 | D23: 20240003839 | F23: 512922197201065726 | G23: 何林华 | H23: 0001110 | I23: 8-1-1002 | J23: 139.33 | K23: 139.33 | L23: =M23/K23 -> 6142.0225 | M23: 855768 | N23: 6142.02 | T23: 0000559 | U23: 肖陶丽 | X23: 20000 | Y23: 2024.4.28 | Z23: =135768+50000 -> 185768 | AA23: 2024.7.4 | AB23: 650000 | AC23: 2024.7.16 | AH23: =V23+X23+Z23+AB23+AD23+AF23 -> 855768 | AK23: =M23-AH23 -> 0 | AL23: 18799806032 | AO23: =SUM(AQ23:AV23) -> 855768 | AP23: =0.7%+0.12% -> 0.0082 | AS23: 855768 | AY23: 已交 | AZ23: 已录
A24: 21 | I24: 8-1-1101 | J24: 148.64 | N24: 7167.6 | AH24: =V24+X24+Z24+AB24+AD24+AF24 -> 0 | AO24: =SUM(AQ24:AV24) -> 0
A25: 22 | I25: 8-1-1102 | J25: 139.33 | N25: 7151.6 | AH25: =V25+X25+Z25+AB25+AD25+AF25 -> 0 | AO25: =SUM(AQ25:AV25) -> 0
A26: 23 | I26: 8-2-101 | J26: 101.56 | N26: 8254.6 | AH26: =V26+X26+Z26+AB26+AD26+AF26 -> 0 | AO26: =SUM(AQ26:AV26) -> 0
A27: 24 | C27: 2024.11.6 | D27: 20240006475 | F27: 65280119530405053X | G27: 何自将 胡胜国 退 | H27: 0000724 | I27: 8-2-102 | J27: 119.74 | K27: 119.74 | L27: 8267.91 | M27: 972289 | N27: 8235.6 | U27: 刘思汉 | V27: 20000 | W27: 45561 | AH27: =V27+X27+Z27+AB27+AD27+AF27 -> 20000 | AK27: =M27-AH27 -> 952289 | AL27: 13899071228 | AO27: =SUM(AQ27:AV27) -> 0 | AP27: =0.7%+0.05%+0.1% -> 0.0085
A28: 25 | I28: 8-2-201 | J28: 117.84 | N28: 5778.23 | AH28: =V28+X28+Z28+AB28+AD28+AF28 -> 0 | AO28: =SUM(AQ28:AV28) -> 0
A29: 26 | I29: 8-2-202 | J29: 117.84 | N29: 5759.23 | AH29: =V29+X29+Z29+AB29+AD29+AF29 -> 0 | AO29: =SUM(AQ29:AV29) -> 0
A30: 27 | F30: 652801197309194523 | G30: 屈淑红 | H30: 0000927 | I30: 8-2-301 | J30: 117.84 | K30: 117.84 | L30: 5685.68 | M30: 670000 | N30: 5685.675 | U30: 米云鹤 | V30: 20000 | W30: 45543 | AH30: =V30+X30+Z30+AB30+AD30+AF30 -> 20000 | AK30: =M30-AH30 -> 650000 | AL30: 15352763799 | AO30: =SUM(AQ30:AV30) -> 0 | AP30: =0.4%+0.02%+0.1% -> 0.0052
A31: 28 | C31: 2024.10.1 | D31: 20240005587 | F31: 652801198907010514 | G31: 吕超 | I31: 8-2-302 | J31: 117.84 | K31: 117.84 | L31: 5600.81 | M31: 660000 | N31: 5600.816 | R31: 130000 | S31: 2024.10.1 | U31: 刘宁宁 | V31: 10000 | W31: 45542 | X31: 130000 | Y31: 2024.10.1 | AH31: =V31+X31+Z31+AB31+AD31+AF31 -> 140000 | AK31: =M31-AH31 -> 520000 | AL31: 18997601601 | AM31: 送冰箱 | AO31: =SUM(AQ31:AV31) -> 0 | AP31: =0.4%+0.02%+0.1% -> 0.0052
A32: 29 | I32: 8-2-401 | J32: 117.84 | N32: 5865.49 | AH32: =V32+X32+Z32+AB32+AD32+AF32 -> 0 | AO32: =SUM(AQ32:AV32) -> 0
A33: 30 | B33: 1 | G33: 陈祖柏 | I33: 8-2-402 | J33: 117.84 | K33: 117.84 | N33: 5846.49 | R33: 20000 | S33: 2024.10.13 | V33: 20000 | W33: 2024.10.13 | AH33: =V33+X33+Z33+AB33+AD33+AF33 -> 20000 | AK33: =M33-AH33 -> -20000 | AO33: =SUM(AQ33:AV33) -> 0
A34: 31 | C34: 45414 | D34: 20240002496 | F34: 620523199702013796 | G34: 谢斌 | H34: 0000869 | I34: 8-2-501 | J34: 117.84 | K34: 117.84 | L34: 5939.84 | M34: 699951 | N34: 5939.84 | U34: 米云鹤 | V34: 20000 | W34: 2024.3.26 | X34: 76951 | Y34: 2024.5.2 | Z34: 53000 | AA34: 2024.6.13 | AB34: 550000 | AC34: 2024.7.3 | AH34: =V34+X34+Z34+AB34+AD34+AF34 -> 699951 | AK34: =M34-AH34 -> 0 | AL34: 15276466926 | AO34: =SUM(AQ34:AV34) -> 699951 | AP34: =0.7%+0.03%+0.12% -> 0.0085 | AR34: 149951 | AS34: 550000 | AY34: 已交 | AZ34: 已录
A35: 32 | C35: 45415 | D35: 20240002507 | F35: 622301200011213316 | G35: 严海云 | H35: 0001109 | I35: 8-2-502 | J35: 117.84 | K35: 117.84 | L35: 5920.84 | M35: 697712 | N35: 5920.84 | R35: 558000 | S35: 2024.10.16 | T35: 0000558 | U35: 赵江龙 | V35: 2000 | W35: 2024.4.19 | X35: 18000 | Y35: 2024.4.27 | Z35: 119712 | AA35: 2024.5.3 | AB35: 558000 | AC35: 2024.10.16 | AH35: =V35+X35+Z35+AB35+AD35+AF35 -> 697712 | AK35: =M35-AH35 -> 0 | AL35: 18193556127 | AO35: =SUM(AQ35:AV35) -> 139712 | AP35: =0.4%+0.12% -> 0.0052 | AQ35: 139712 | AY35: 已交 | AZ35: 已录
A36: 33 | G36: 杨华 | I36: 8-2-601 | J36: 117.84 | K36: 117.84 | L36: =M36/K36 -> 5982.6884 | M36: 705000 | N36: 5982.69 | U36: 霍红霞 | V36: 2000 | W36: 2024.2.14 | X36: 18000 | Y36: 2024.4.27 | Z36: 335000 | AA36: 2024.5.4 | AB36: 50000 | AC36: 2024.7.26 | AD36: 50000 | AE36: 2024.8.13 | AF36: 50000 | AG36: 45545 | AH36: =V36+X36+Z36+AB36+AD36+AF36 -> 505000 | AK36: =M36-AH36 -> 200000 | AL36: 15099978299 | AO36: =SUM(AQ36:AX36) -> 0 | AP36: =0.7%+0.12% -> 0.0082
A37: 34 | C37: 45539 | D37: 20240005079 | F37: 622727199705102629 | G37: 李互生 | H37: 0000935 | I37: 8-2-602 | J37: 117.84 | K37: 117.84 | L37: =M37/K37 -> 5689.7573 | M37: 670481 | N37: 5689.76 | U37: 李福晴 | V37: 20000 | W37: 2024.7.17 | X37: 80000 | Y37: 2024.8.28 | Z37: 40481 | AA37: 45539 | AH37: =V37+X37+Z37+AB37+AD37+AF37 -> 140481 | AK37: =M37-AH37 -> 530000 | AL37: 17393381950 | AM37: 不要车位无家装送冰箱 | AO37: =SUM(AQ37:AX37) -> 141631.94 | AP37: =0.7%+0.04%+0.08% -> 0.0082 | AU37: 140480 | AW37: =AP37*AU37 -> 1151.936
A38: 35 | C38: 2024.10.3 | D38: 20240005742 | F38: 652801196810200064 | G38: 尹桂云 | I38: 8-2-701 | J38: 117.84 | K38: 117.84 | L38: 5770.54 | M38: 680000 | N38: 6057.67 | O38: 破底不提佣 | R38: 660000 | S38: 2024.10.3 | U38: 霍红霞 | V38: 20000 | W38: 2024.8.22 | X38: 660000 | Y38: 2024.10.3 | AH38: =V38+X38+Z38+AB38+AD38+AF38 -> 680000 | AK38: =M38-AH38 -> 0 | AL38: 18999006655 | AO38: =SUM(AQ38:AV38) -> 0 | AP38: =0.7%+0.08% -> 0.0078
A39: 36 | F39: 320322199002164026 | G39: 周真真 | H39: 0000933 | I39: 8-2-702 | J39: 117.84 | K39: 117.84 | L39: =M39/K39 -> 5855.3971 | M39: 690000 | N39: 5855.4 | U39: 刘宁宁 | V39: 24000 | W39: 2024.6.15 | X39: 36000 | Y39: 2024.8.23 | Z39: 580000 | AA39: 45549 | AH39: =V39+X39+Z39+AB39+AD39+AF39 -> 640000 | AK39: =M39-AH39 -> 50000 | AL39: 18160282158 | AM39: 没有家装大礼包 | AO39: =SUM(AQ39:AX39) -> 0 | AP39: =0.5%+0.02%+0.08% -> 0.006
A40: 37 | C40: 45511 | D40: 20240004552 | F40: 62232619961220373X | G40: 韩磊 | H40: 0000901 | I40: 8-2-801 | J40: 117.84 | K40: 117.84 | L40: =M40/K40 -> 5984.8354 | M40: 705253 | N40: 5984.835 | U40: 王荣 | V40: 20000 | W40: 2024.7.25 | X40: 285253 | Y40: 2024.8.7 | Z40: 400000 | AA40: 45549 | AH40: =V40+X40+Z40+AB40+AD40+AF40 -> 705253 | AK40: =M40-AH40 -> 0 | AL40: 17361568014 | AM40: 无家装 | AO40: =SUM(AQ40:AV40) -> 705253 | AP40: =0.7%+0.02%+0.08% -> 0.008 | AT40: 305253 | AU40: 400000 | AW40: =AP40*AU40 -> 3200 | AY40: 已交
A41: 38 | C41: 45477 | D41: 20240003855 | F41: 320321198210303026 | G41: 刘美丽 | H41: 0000698 | I41: 8-2-802 | J41: 117.84 | K41: 117.84 | L41: 5900 | M41: =L41*K41 -> 695256 | N41: 5900 | U41: 王荣 | V41: 5000 | W41: 2024.6.9 | X41: 140256 | Y41: 2024.7.4 | Z41: 550000 | AA41: 2024.7.16 | AH41: =V41+X41+Z41+AB41+AD41+AF41 -> 695256 | AK41: =M41-AH41 -> 0 | AL41: 18709962570 | AM41: 没有家装大礼包 | AO41: =SUM(AQ41:AV41) -> 695256 | AP41: =0.5%+0.02%+0.08% -> 0.006 | AS41: 695256 | AY41: 已交 | AZ41: 已录
A42: 39 | G42: 涂建伟 | I42: 8-2-901 | J42: 117.84 | K42: 117.84 | L42: 5982.69 | M42: 705000 | N42: 5982.69 | U42: 连阵阵 | V42: 150000 | W42: 45542 | AH42: =V42+X42+Z42+AB42+AD42+AF42 -> 150000 | AK42: =M42-AH42 -> 555000 | AO42: =SUM(AQ42:AV42) -> 0 | AP42: =0.5%+0.02%+0.1% -> 0.0062
A43: 40 | C43: 2024.10.1 | D43: 20240005482 | F43: 412724198606296429 | G43: 任风丽 | H43: 0000926 | I43: 8-2-902 | J43: 117.84 | K43: 117.84 | L43: 5685.67 | M43: 670000 | N43: 5685.675 | R43: 200000 | S43: 2024.10.24 | U43: 霍红霞 | V43: 20000 | W43: 45543 | X43: 450000 | Y43: 45552 | Z43: 200000 | AA43: 2024.10.24 | AH43: =V43+X43+Z43+AB43+AD43+AF43 -> 670000 | AK43: =M43-AH43 -> 0 | AL43: 18299824155 | AO43: =SUM(AQ43:AV43) -> 0 | AP43: =0.7%+0.1% -> 0.008
A44: 41 | I44: 8-2-1001 | J44: 117.84 | N44: 6135.49 | AH44: =V44+X44+Z44+AB44+AD44+AF44 -> 0 | AO44: =SUM(AQ44:AV44) -> 0
A45: 42 | I45: 8-2-1002 | J45: 117.84 | N45: 6116.49 | AH45: =V45+X45+Z45+AB45+AD45+AF45 -> 0 | AO45: =SUM(AQ45:AV45) -> 0
A46: 43 | I46: 8-2-1101 | J46: 117.84 | N46: 7141.6 | AH46: =V46+X46+Z46+AB46+AD46+AF46 -> 0 | AO46: =SUM(AQ46:AV46) -> 0
A47: 44 | I47: 8-2-1102 | J47: 117.84 | N47: 7124.6 | AH47: =V47+X47+Z47+AB47+AD47+AF47 -> 0 | AO47: =SUM(AQ47:AV47) -> 0
A48: 45 | I48: 8-3-101 | J48: 119.74 | N48: 8239.6 | AH48: =V48+X48+Z48+AB48+AD48+AF48 -> 0 | AO48: =SUM(AQ48:AV48) -> 0
A49: 46 | I49: 8-3-102 | J49: 101.56 | N49: 8220.6 | AH49: =V49+X49+Z49+AB49+AD49+AF49 -> 0 | AO49: =SUM(AQ49:AV49) -> 0
A50: 47 | I50: 8-3-201 | J50: 117.84 | N50: 5763.23 | AH50: =V50+X50+Z50+AB50+AD50+AF50 -> 0 | AO50: =SUM(AQ50:AV50) -> 0
A51: 48 | I51: 8-3-202 | J51: 117.84 | N51: 5744.23 | AH51: =V51+X51+Z51+AB51+AD51+AF51 -> 0 | AO51: =SUM(AQ51:AV51) -> 0
A52: 49 | B52: 1 | C52: 2024.10.8 | D52: 20240005944 | F52: 142729198504114213 | G52: 孙帅 | H52: 0000736 | I52: 8-3-301 | J52: 117.84 | K52: 117.84 | L52: 5500 | M52: 648120 | N52: 5500 | R52: =120120+10000 -> 130120 | S52: 2024.10.5 | U52: 刘思汉 | V52: 10000 | W52: 2024.10.5 | X52: 120120 | Y52: 2024.10.8 | AH52: =V52+X52+Z52+AB52+AD52+AF52 -> 130120 | AK52: =M52-AH52 -> 518000 | AL52: 13199710158 | AM52: 1年物业费 | AO52: =SUM(AQ52:AV52) -> 0
A53: 50 | I53: 8-3-302 | J53: 117.84 | N53: 5798.89 | AH53: =V53+X53+Z53+AB53+AD53+AF53 -> 0 | AO53: =SUM(AQ53:AV53) -> 0
A54: 51 | I54: 8-3-401 | J54: 117.84 | N54: 5850.49 | AH54: =V54+X54+Z54+AB54+AD54+AF54 -> 0 | AO54: =SUM(AQ54:AV54) -> 0
A55: 52 | I55: 8-3-402 | J55: 117.84 | N55: 5831.49 | AH55: =V55+X55+Z55+AB55+AD55+AF55 -> 0 | AO55: =SUM(AQ55:AV55) -> 0
A56: 53 | C56: 2024.8.7 | D56: 20240004547 | F56: 65282919771223152X | G56: 宏格尔 | H56: 0000904 | I56: 8-3-501 | J56: 117.84 | K56: 117.84 | L56: =M56/K56 -> 5770.5363 | M56: 680000 | N56: 5770.535 | R56: 420000 | S56: 2024.10.10 | U56: 李秀莲 | V56: 10000 | W56: 2024.7.28 | X56: 250000 | Y56: 2024.5.19 | Z56: 420000 | AA56: 2024.10.10 | AH56: =V56+X56+Z56+AB56+AD56+AF56 -> 680000 | AK56: =M56-AH56 -> 0 | AL56: 13199729933 | AM56: 无家装送冰箱 | AO56: =SUM(AQ56:AV56) -> 260000 | AP56: =0.5%+0.02%+0.08% -> 0.006 | AT56: 260000
A57: 54 | I57: 8-3-502 | J57: 117.84 | N57: 5905.84 | AH57: =V57+X57+Z57+AB57+AD57+AF57 -> 0 | AK57: =M57-AH57 -> 0 | AO57: =SUM(AQ57:AV57) -> 0
A58: 55 | B58: 1 | F58: 511324198103174527 | G58: 吕双菊 | H58: 0000745 | I58: 8-3-601 | J58: 117.84 | K58: 117.84 | L58: 5855 | M58: 690000 | N58: 5993.76 | O58: 破底不提佣 | R58: 20000 | S58: 2024.10.26 | U58: 霍红霞 | V58: 20000 | W58: 2024.10.26 | AH58: =V58+X58+Z58+AB58+AD58+AF58 -> 20000 | AK58: =M58-AH58 -> 670000 | AL58: 13667539298 | AO58: =SUM(AQ58:AV58) -> 0
A59: 56 | C59: 2024.10.4 | D59: 20240005722 | F59: 62242619891225314X | G59: 田雪莉 | H59: 0000728 | I59: 8-3-602 | J59: 117.84 | K59: 117.84 | L59: 5770.54 | M59: 680000 | N59: 5770.54 | R59: =510000+150000 -> 660000 | S59: 2024.10.4 | U59: 赵江龙 | V59: 20000 | W59: 45564 | X59: 150000 | Y59: 2024.10.4 | Z59: 510000 | AA59: 2024.10.18 | AH59: =V59+X59+Z59+AB59+AD59+AF59 -> 680000 | AK59: =M59-AH59 -> 0 | AL59: 13565064892 | AO59: =SUM(AQ59:AV59) -> 0 | AP59: =0.5%+0.1% -> 0.006
A60: 57 | B60: 1 | C60: 2024.10.5 | D60: 20240005923 | F60: 220702200103041218 | G60: 刘然 | I60: 8-3-701 | J60: 117.84 | K60: 117.84 | L60: 6000 | M60: 707040 | N60: 6000 | R60: =320000+87040 -> 407040 | S60: 2024.10.5 | V60: 87040 | W60: 2024.10.5 | X60: 320000 | Y60: 2024.10.29 | AH60: =V60+X60+Z60+AB60+AD60+AF60 -> 407040 | AK60: =M60-AH60 -> 300000 | AL60: 18196293503 | AM60: 6年物业费15000商业抵用券 | AO60: =SUM(AQ60:AV60) -> 0
A61: 58 | I61: 8-3-702 | J61: 117.84 | N61: 6023.67 | AH61: =V61+X61+Z61+AB61+AD61+AF61 -> 0 | AO61: =SUM(AQ61:AV61) -> 0
A62: 59 | B62: 1 | C62: 2024.10.26 | D62: 20240006294 | F62: 622226197310300513 | G62: 杨俊涛 | I62: 8-3-801 | J62: 117.84 | K62: 117.84 | L62: 5914.8 | M62: 697000 | N62: 6069.84 | O62: 破底不提佣 | R62: =20000+97000 -> 117000 | S62: 2024.10.26 | V62: =20000+97000 -> 117000 | W62: 2024.10.26 | AH62: =V62+X62+Z62+AB62+AD62+AF62 -> 117000 | AK62: =M62-AH62 -> 580000 | AL62: 18699501864 | AO62: =SUM(AQ62:AV62) -> 0
A63: 60 | I63: 8-3-802 | J63: 117.84 | N63: 6050.84 | AH63: =V63+X63+Z63+AB63+AD63+AF63 -> 0 | AO63: =SUM(AQ63:AV63) -> 0
A64: 61 | C64: 2024.10.1 | D64: 20240005540 | F64: 410425199511206016 | G64: 程文豪 | I64: 8-3-901 | J64: 117.84 | K64: 117.84 | L64: 5855.4 | M64: 690000 | N64: 5855.4 | R64: 124000 | S64: 2024.10.1 | U64: 王荣 | V64: 20000 | W64: 45551 | X64: 124000 | Y64: 2024.10.1 | AH64: =V64+X64+Z64+AB64+AD64+AF64 -> 144000 | AK64: =M64-AH64 -> 546000 | AL64: 18196233306 | AO64: =SUM(AQ64:AV64) -> 0 | AP64: =0.6%+0.05%+0.1% -> 0.0075
A65: 62 | B65: 1 | C65: 2024.10.1 | D65: 20240005552 | F65: 650104197504243334 | G65: 石海江 | I65: 8-3-902 | J65: 117.84 | K65: 117.84 | L65: 6079.76 | M65: 716438 | N65: 6079.76 | R65: =250000+20000 -> 270000 | S65: 2024.10.1 | T65: 0000557 | U65: 李秀莲 | V65: 2000 | W65: 2024.4.17 | X65: 20000 | Y65: 2024.10.1 | Z65: 250000 | AA65: 2024.10.17 | AH65: =V65+X65+Z65+AB65+AD65+AF65 -> 272000 | AK65: =M65-AH65 -> 444438 | AL65: 19990286738 | AM65: 6年物业费15000商业抵用券 | AO65: =SUM(AQ65:AV65) -> 0
A66: 63 | I66: 8-3-1001 | J66: 117.84 | N66: 6120.49 | AH66: =V66+X66+Z66+AB66+AD66+AF66 -> 0 | AO66: =SUM(AQ66:AV66) -> 0
A67: 64 | I67: 8-3-1002 | J67: 117.84 | N67: 6101.49 | AH67: =V67+X67+Z67+AB67+AD67+AF67 -> 0 | AO67: =SUM(AQ67:AV67) -> 0
A68: 65 | I68: 8-3-1101 | J68: 117.84 | N68: 7126.6 | AH68: =V68+X68+Z68+AB68+AD68+AF68 -> 0 | AO68: =SUM(AQ68:AV68) -> 0
A69: 66 | I69: 8-3-1102 | J69: 117.84 | N69: 7109.6 | AH69: =V69+X69+Z69+AB69+AD69+AF69 -> 0 | AO69: =SUM(AQ69:AV69) -> 0
AO70: =SUM(AQ70:AV70) -> 0
A71: 合计 | J71: =SUM(J4:J70) -> 8308.96 | K71: =SUM(K4:K70) -> 5171.2 | M71: =SUM(M4:M70) -> 30523070 | O71: =SUM(O4:O70) -> 0 | R71: =SUM(R4:R70) -> 7010026 | V71: =SUM(V4:V70) -> 1039163 | X71: =SUM(X4:X70) -> 6136161 | Z71: =SUM(Z4:Z70) -> 8389263 | AB71: =SUM(AB4:AB70) -> 4350000 | AD71: =SUM(AD4:AD70) -> 1448000 | AF71: =SUM(AF4:AF70) -> 50000 | AH71: =SUM(AH4:AH70) -> 21412587 | AI71: =SUM(AI4:AI70) -> 0 | AJ71: =SUM(AJ4:AJ70) -> 0 | AK71: =SUM(AK4:AK70) -> 9110483 | AO71: =SUM(AO4:AO70) -> 11936712 | AQ71: =SUM(AQ4:AQ70) -> 392712 | AR71: =SUM(AR4:AR70) -> 2614248 | AS71: =SUM(AS4:AS70) -> 3052429 | AT71: =SUM(AT4:AT70) -> 3787691 | AU71: =SUM(AU4:AU70) -> 2088480 | AV71: =SUM(AV4:AV70) -> 0 | AW71: =SUM(AW4:AW70) -> 14806.936
Q73: 会费
Q74: 144以下 | R74: 4575140
Q75: 144以上 | R75: =2434886+488000 -> 2922886 | S75: 任成48.8万转
Q76: 144以下会费转预收

Sheet 画堂春锦苑住宅4#6#
A1: 8#楼住宅销售明细表
A2: 序号 | B2: 成交 | C2: 合同签订日期 | D2: 合同号 | F2: 身份证号 | G2: 姓名 | H2: 订购书编号 | I2: 房号 | J2: 开发 面积 | K2: 销售面积 | L2: 单价 | M2: 总价 | N2: 成交底价 | O2: 发票开具 | R2: 本月成 交额 | S2: 成交时间 | T2: 会员编号 | U2: 置业顾问 | V2: 缴款金额 | AH2: 收款合计 | AI2: 本月到账贷款 | AJ2: 到帐贷款 | AK2: 应收款 | AL2: 联系电话 | AM2: 备注 | AN2: 计划销售总价 | AO2: 佣金付款合计 | AP2: 佣金点数 | AQ2: 2024.5月佣金 | AR2: 2024.6月佣金 | AS2: 2024.7月佣金 | AU2: 佣金 | AW2: 印花税 | AX2: 房源系统
E3: 房屋性质 | O3: 金额 | P3: 号码 | Q3: 开票日期 | V3: 一 | W3: 时间 | X3: 二 | Y3: 时间 | Z3: 三 | AA3: 时间 | AB3: 四 | AC3: 时间 | AD3: 五 | AE3: 时间 | AF3: 六 | AG3: 时间
I4: 4-负1-101 | J4: 72.03 | AH4: =V4+X4+Z4+AB4+AD4+AF4 -> 0
A5: 1 | I5: 4-负1-102 | J5: 71.26 | AH5: =V5+X5+Z5+AB5+AD5+AF5 -> 0
I6: 4-负1-103 | J6: 50.87 | AH6: =V6+X6+Z6+AB6+AD6+AF6 -> 0
I7: 4-负1-104 | J7: 71.71 | AH7: =V7+X7+Z7+AB7+AD7+AF7 -> 0
I8: 4-负1-105 | J8: 71.71 | AH8: =V8+X8+Z8+AB8+AD8+AF8 -> 0
I9: 4-负1-106 | J9: 72.01 | AH9: =V9+X9+Z9+AB9+AD9+AF9 -> 0
I10: 4-负1-107 | J10: 48.19 | AH10: =V10+X10+Z10+AB10+AD10+AF10 -> 0
I11: 4-负1-108 | J11: 32.2 | AH11: =V11+X11+Z11+AB11+AD11+AF11 -> 0
I12: 4-负1-109 | J12: 47.09 | AH12: =V12+X12+Z12+AB12+AD12+AF12 -> 0
I13: 4-负1-110 | J13: 47.09 | AH13: =V13+X13+Z13+AB13+AD13+AF13 -> 0
I14: 4-负1-111 | J14: 48.17 | AH14: =V14+X14+Z14+AB14+AD14+AF14 -> 0
I15: 4-负1-112 | J15: 32.22 | AH15: =V15+X15+Z15+AB15+AD15+AF15 -> 0
I16: 4-负1-113 | J16: 32.2 | AH16: =V16+X16+Z16+AB16+AD16+AF16 -> 0
I17: 4-负1-114 | J17: 48.19 | AH17: =V17+X17+Z17+AB17+AD17+AF17 -> 0
A18: 1 | F18: 32032219691227567X | G18: 许振双 | I18: 4-1-101 | J18: 129.06 | K18: 129.06 | L18: 8601 | M18: 1110045 | N18: 8300.31 | U18: 连阵阵 | V18: 2000 | W18: 2024.4.1 | AH18: =V18+X18+Z18+AB18+AD18+AF18 -> 2000 | AK18: =M18-AH18 -> 1108045 | AM18: 6年物业费15000商业抵用券
A19: 2 | I19: 4-1-102 | J19: 109.7 | N19: 8525.31 | AH19: =V19+X19+Z19+AB19+AD19+AF19 -> 0
A20: 3 | I20: 4-1-201 | J20: 126.91 | N20: 5783.41 | AH20: =V20+X20+Z20+AB20+AD20+AF20 -> 0
A21: 4 | I21: 4-1-202 | J21: 126.5 | N21: 5774.41 | AH21: =V21+X21+Z21+AB21+AD21+AF21 -> 0
A22: 5 | I22: 4-1-301 | J22: 126.91 | N22: 5833.69 | AH22: =V22+X22+Z22+AB22+AD22+AF22 -> 0
A23: 6 | I23: 4-1-302 | J23: 126.5 | N23: 5824.69 | AH23: =V23+X23+Z23+AB23+AD23+AF23 -> 0
A24: 7 | I24: 4-1-401 | J24: 126.91 | N24: 5863.69 | AH24: =V24+X24+Z24+AB24+AD24+AF24 -> 0
A25: 8 | I25: 4-1-402 | J25: 126.5 | N25: 5854.69 | AH25: =V25+X25+Z25+AB25+AD25+AF25 -> 0
A26: 9 | I26: 4-1-501 | J26: 126.91 | N26: 5933.69 | AH26: =V26+X26+Z26+AB26+AD26+AF26 -> 0
A27: 10 | I27: 4-1-502 | J27: 126.5 | N27: 5924.69 | AH27: =V27+X27+Z27+AB27+AD27+AF27 -> 0
A28: 11 | C28: 2024.10.2 | D28: 20240005637 | F28: 654124199804033310 | G28: 张福英 | H28: 0000733 | I28: 4-1-601 | J28: 126.91 | K28: 126.91 | L28: 5862.3 | M28: 743985 | N28: 5998.69 | O28: 破底不提佣 | R28: 119985 | S28: 2024.10.2 | U28: 刘宁宁 | V28: 10000 | W28: 45560 | X28: 119985 | Y28: 2024.10.2 | AH28: =V28+X28+Z28+AB28+AD28+AF28 -> 129985 | AK28: =M28-AH28 -> 614000 | AL28: 15899017992 | AP28: =0.4%+0.02%+0.1% -> 0.0052
A29: 12 | I29: 4-1-602 | J29: 126.5 | N29: 5989.69 | AH29: =V29+X29+Z29+AB29+AD29+AF29 -> 0
A30: 13 | B30: 1 | F30: 411024198107010749 | G30: 石绘芳 | I30: 4-1-701 | J30: 126.91 | K30: 126.91 | N30: 6043.69 | R30: =88769+10000+20000 -> 118769 | S30: 202410.6 | U30: 张玉琴 | V30: 20000 | W30: 2024.10.6 | X30: =88769+10000 -> 98769 | Y30: 2024.10.26 | AH30: =V30+X30+Z30+AB30+AD30+AF30 -> 118769 | AK30: =M30-AH30 -> -118769 | AL30: 15299355759
A31: 14 | I31: 4-1-702 | J31: 126.5 | N31: 6034.69 | AH31: =V31+X31+Z31+AB31+AD31+AF31 -> 0
A32: 15 | I32: 4-1-801 | J32: 126.91 | N32: 6068.69 | AH32: =V32+X32+Z32+AB32+AD32+AF32 -> 0
A33: 16 | I33: 4-1-802 | J33: 126.5 | N33: 6059.69 | AH33: =V33+X33+Z33+AB33+AD33+AF33 -> 0
A34: 17 | I34: 4-1-901 | J34: 126.91 | N34: 6093.69 | AH34: =V34+X34+Z34+AB34+AD34+AF34 -> 0
A35: 18 | I35: 4-1-902 | J35: 126.5 | N35: 6084.69 | AH35: =V35+X35+Z35+AB35+AD35+AF35 -> 0
A36: 19 | I36: 4-1-1001 | J36: 126.91 | N36: 6113.69 | AH36: =V36+X36+Z36+AB36+AD36+AF36 -> 0
A37: 20 | I37: 4-1-1002 | J37: 126.5 | N37: 6104.69 | AH37: =V37+X37+Z37+AB37+AD37+AF37 -> 0
A38: 21 | I38: 4-1-1101 | J38: 126.91 | N38: 7139.31 | AH38: =V38+X38+Z38+AB38+AD38+AF38 -> 0
A39: 22 | I39: 4-1-1102 | J39: 126.5 | N39: 7129.31 | AH39: =V39+X39+Z39+AB39+AD39+AF39 -> 0
A40: 23 | I40: 4-2-101 | J40: 128.65 | N40: 7705.31 | AH40: =V40+X40+Z40+AB40+AD40+AF40 -> 0
A41: 24 | I41: 4-2-102 | J41: 109.7 | N41: 8525.31 | AH41: =V41+X41+Z41+AB41+AD41+AF41 -> 0
A42: 25 | I42: 4-2-201 | J42: 126.5 | N42: 5765.41 | AH42: =V42+X42+Z42+AB42+AD42+AF42 -> 0
... A83: 66 | I83: 4-3-1102 | J83: 126.91 | N83: 7069.31 | AH83: =V83+X83+Z83+AB83+AD83+AF83 -> 0
I84: 6-负1-101 | J84: 78.68 | AH84: =V84+X84+Z84+AB84+AD84+AF84 -> 0
I85: 6-负1-102 | J85: 78.15 | AH85: =V85+X85+Z85+AB85+AD85+AF85 -> 0
I86: 6-负1-103 | J86: 78.15 | AH86: =V86+X86+Z86+AB86+AD86+AF86 -> 0
I87: 6-负1-104 | J87: 78.52 | AH87: =V87+X87+Z87+AB87+AD87+AF87 -> 0
I88: 6-负1-105 | J88: 104.31 | AH88: =V88+X88+Z88+AB88+AD88+AF88 -> 0
I89: 6-负1-106 | J89: 85.91 | AH89: =V89+X89+Z89+AB89+AD89+AF89 -> 0
I90: 6-负1-107 | J90: 21.19 | AH90: =V90+X90+Z90+AB90+AD90+AF90 -> 0
I91: 6-负1-108 | J91: 15.97 | AH91: =V91+X91+Z91+AB91+AD91+AF91 -> 0
I92: 6-负1-109 | J92: 29.72 | AH92: =V92+X92+Z92+AB92+AD92+AF92 -> 0
I93: 6-负1-110 | J93: 29.65 | AH93: =V93+X93+Z93+AB93+AD93+AF93 -> 0
I94: 6-负1-111 | J94: 15.52 | AH94: =V94+X94+Z94+AB94+AD94+AF94 -> 0
I95: 6-负1-112 | J95: 19.57 | AH95: =V95+X95+Z95+AB95+AD95+AF95 -> 0
... I101: 6-负1-118 | J101: 19.2 | AH101: =V101+X101+Z101+AB101+AD101+AF101 -> 0
A102: 1 | I102: 6-1-101 | J102: 123.68 | N102: 8231.43 | AH102: =V102+X102+Z102+AB102+AD102+AF102 -> 0
A103: 2 | I103: 6-1-102 | J103: 123.1 | N103: 8250.43 | AH103: =V103+X103+Z103+AB103+AD103+AF103 -> 0
A104: 3 | I104: 6-1-201 | J104: 134.8 | N104: 5755.06 | AH104: =V104+X104+Z104+AB104+AD104+AF104 -> 0
A105: 4 | I105: 6-1-202 | J105: 133.94 | N105: 5774.06 | AH105: =V105+X105+Z105+AB105+AD105+AF105 -> 0
A106: 5 | I106: 6-1-301 | J106: 134.8 | N106: 5809.72 | AH106: =V106+X106+Z106+AB106+AD106+AF106 -> 0
A107: 6 | I107: 6-1-302 | J107: 133.94 | N107: 5828.72 | AH107: =V107+X107+Z107+AB107+AD107+AF107 -> 0
A108: 7 | I108: 6-1-401 | J108: 134.8 | N108: 5842.32 | AH108: =V108+X108+Z108+AB108+AD108+AF108 -> 0
A109: 8 | I109: 6-1-402 | J109: 133.94 | N109: 5861.32 | AH109: =V109+X109+Z109+AB109+AD109+AF109 -> 0
A110: 9 | I110: 6-1-501 | J110: 134.8 | N110: 5916.67 | AH110: =V110+X110+Z110+AB110+AD110+AF110 -> 0
A111: 10 | I111: 6-1-502 | J111: 133.94 | N111: 5935.67 | AH111: =V111+X111+Z111+AB111+AD111+AF111 -> 0
A112: 11 | I112: 6-1-601 | J112: 134.8 | N112: 5985.59 | AH112: =V112+X112+Z112+AB112+AD112+AF112 -> 0
A113: 12 | I113: 6-1-602 | J113: 133.94 | N113: 6004.59 | AH113: =V113+X113+Z113+AB113+AD113+AF113 -> 0
... A141: 40 | I141: 6-2-902 | J141: 134.8 | N141: 6124.59 | AH141: =V141+X141+Z141+AB141+AD141+AF141 -> 0
A142: 41 | B142: 1 | C142: 2024.10.3 | D142: 20240005755 | F142: 152827200102063913 | G142: 张炜 | I142: 6-2-1001 | J142: 133.94 | K142: 133.94 | L142: 6141.32 | M142: 822569 | N142: 6141.32 | R142: =114569+20000 -> 134569 | S142: 2024.10.1 | U142: 李秀莲 | V142: 20000 | W142: 2024.10.1 | X142: 114569 | Y142: 2024.10.3 | AH142: =V142+X142+Z142+AB142+AD142+AF142 -> 134569 | AK142: =M142-AH142 -> 688000 | AL142: 13171242535 | AM142: 6年物业费15000商业抵用券
A143: 42 | I143: 6-2-1002 | J143: 134.8 | N143: 6146.32 | AH143: =V143+X143+Z143+AB143+AD143+AF143 -> 0
A144: 43 | I144: 6-2-1101 | J144: 133.94 | N144: 7147.43 | AH144: =V144+X144+Z144+AB144+AD144+AF144 -> 0
A145: 44 | I145: 6-2-1102 | J145: 134.8 | N145: 7152.43 | AH145: =V145+X145+Z145+AB145+AD145+AF145 -> 0
A146: 45 | B146: 1 | C146: 2024.10.5 | D146: 20240005848 | F146: 610523198304022017 | G146: 王磊 成交 李宜璇 王小红 退 | I146: 6-3-101 | J146: 145.95 | K146: 145.95 | L146: 8300 | M146: 1211385 | N146: 8300 | R146: =210000+21385 -> 231385 | S146: 2024.10.5 | V146: 2000 | W146: 2024.9.1 | X146: 21385 | Y146: 2024.10.5 | Z146: 210000 | AA146: 2024.10.10 | AH146: =V146+X146+Z146+AB146+AD146+AF146 -> 233385 | AK146: =M146-AH146 -> 978000 | AL146: 13579039210 | AM146: 6年物业费15000商业抵用券
A147: 46 | I147: 6-3-102 | J147: 157.36 | N147: 8283.43 | AH147: =V147+X147+Z147+AB147+AD147+AF147 -> 0
A148: 47 | I148: 6-3-201 | J148: 162.14 | N148: 5795.58 | AH148: =V148+X148+Z148+AB148+AD148+AF148 -> 0
A149: 48 | I149: 6-3-202 | J149: 174.32 | N149: 5780.66 | AH149: =V149+X149+Z149+AB149+AD149+AF149 -> 0
A150: 49 | I150: 6-3-301 | J150: 162.14 | N150: 5850.24 | AH150: =V150+X150+Z150+AB150+AD150+AF150 -> 0
A151: 50 | I151: 6-3-302 | J151: 174.32 | N151: 5835.31 | AH151: =V151+X151+Z151+AB151+AD151+AF151 -> 0
A152: 51 | I152: 6-3-401 | J152: 162.14 | N152: 5882.85 | AH152: =V152+X152+Z152+AB152+AD152+AF152 -> 0
A153: 52 | I153: 6-3-402 | J153: 174.32 | N153: 5867.92 | AH153: =V153+X153+Z153+AB153+AD153+AF153 -> 0
A154: 53 | I154: 6-3-501 | J154: 162.14 | N154: 5957.19 | AH154: =V154+X154+Z154+AB154+AD154+AF154 -> 0
A155: 54 | I155: 6-3-502 | J155: 174.32 | N155: 5942.27 | AH155: =V155+X155+Z155+AB155+AD155+AF155 -> 0
A156: 55 | I156: 6-3-601 | J156: 162.14 | N156: 6026.11 | AH156: =V156+X156+Z156+AB156+AD156+AF156 -> 0
A157: 56 | I157: 6-3-602 | J157: 174.32 | N157: 6011.18 | AH157: =V157+X157+Z157+AB157+AD157+AF157 -> 0
A158: 57 | I158: 6-3-701 | J158: 162.14 | N158: 6075.02 | AH158: =V158+X158+Z158+AB158+AD158+AF158 -> 0
... A167: 66 | I167: 6-3-1102 | J167: 174.32 | N167: 7118.43 | AH167: =V167+X167+Z167+AB167+AD167+AF167 -> 0
A168: =66+66 -> 132 | J168: =SUM(J4:J167) -> 19425.76 | K168: =SUM(K4:K167) -> 662.77 | M168: =SUM(M4:M167) -> 3887984 | R168: =SUM(R4:R167) -> 604708 | V168: =SUM(V4:V167) -> 54000 | X168: =SUM(X4:X167) -> 354708 | Z168: =SUM(Z4:Z167) -> 210000 | AB168: =SUM(AB4:AB167) -> 0 | AD168: =SUM(AD4:AD167) -> 0 | AF168: =SUM(AF4:AF167) -> 0 | AH168: =SUM(AH4:AH167) -> 618708 | AI168: =SUM(AI4:AI167) -> 0 | AJ168: =SUM(AJ4:AJ167) -> 0 | AK168: =SUM(AK4:AK167) -> 3269276
Q169: 会费转预收 | R169: 2000 | S169: 收4-1-101 许振双 购房款(诚意金排号费转房款8-1-101)
Q170: 144平以下 | R170: =R169+373323 -> 375323
Q171: 144平以上 | R171: 231385

Sheet 画堂春锦苑商业16#19#
A1: 8#楼住宅销售明细表
A2: 序号 | B2: 成交 | C2: 合同签订日期 | D2: 合同号 | F2: 身份证号 | G2: 姓名 | H2: 订购书编号 | I2: 房号 | J2: 开发 面积 | K2: 销售面积 | L2: 单价 | M2: 总价 | N2: 成交底价 | O2: 发票开具 | R2: 本月成 交额 | S2: 成交时间 | T2: 会员编号 | U2: 置业顾问 | V2: 缴款金额 | AH2: 收款合计 | AI2: 本月到账贷款 | AJ2: 到帐贷款 | AK2: 应收款 | AL2: 联系电话 | AM2: 备注 | AN2: 计划销售总价 | AO2: 佣金付款合计 | AP2: 佣金点数 | AQ2: 2024.5月佣金 | AR2: 2024.6月佣金 | AS2: 2024.7月佣金 | AU2: 佣金 | AW2: 印花税 | AX2: 房源系统
E3: 房屋性质 | O3: 金额 | P3: 号码 | Q3: 开票日期 | V3: 一 | W3: 时间 | X3: 二 | Y3: 时间 | Z3: 三 | AA3: 时间 | AB3: 四 | AC3: 时间 | AD3: 五 | AE3: 时间 | AF3: 六 | AG3: 时间
A4: 1 | G4: 郭莉莉 | I4: 16-1层01 | J4: 84 | R4: 2000 | S4: 2024.10.1 | T4: 0000240 | U4: 霍红霞 | V4: 2000 | W4: 2024.10.1 | AH4: =V4+X4+Z4+AB4+AD4+AF4 -> 2000 | AI4: =V4+X4+Z4+AB4+AD4+AF4 -> 2000
A5: 2 | G5: 李玲 | I5: 16-1层02 | J5: 51.88 | R5: 5000 | S5: 2024.10.12 | T5: 0000243 | U5: 米云鹤 | V5: 5000 | W5: 2024.10.12 | AH5: =V5+X5+Z5+AB5+AD5+AF5 -> 5000 | AI5: =V5+X5+Z5+AB5+AD5+AF5 -> 5000
A6: 3 | I6: 16-1层03 | J6: 104.47 | AH6: =V6+X6+Z6+AB6+AD6+AF6 -> 0 | AI6: =V6+X6+Z6+AB6+AD6+AF6 -> 0
A7: 4 | I7: 16-1层04 | J7: 51.88 | AH7: =V7+X7+Z7+AB7+AD7+AF7 -> 0 | AI7: =V7+X7+Z7+AB7+AD7+AF7 -> 0
A8: 5 | I8: 16-1层05 | J8: 51.88 | AH8: =V8+X8+Z8+AB8+AD8+AF8 -> 0 | AI8: =V8+X8+Z8+AB8+AD8+AF8 -> 0
A9: 6 | G9: 薛勇 | I9: 16-1层06 | J9: 50.63 | R9: 2000 | S9: 2024.10.7 | T9: 0000242 | V9: 2000 | W9: 2024.10.7 | AH9: =V9+X9+Z9+AB9+AD9+AF9 -> 2000 | AI9: =V9+X9+Z9+AB9+AD9+AF9 -> 2000
A10: 7 | I10: 16-1层07 | J10: 60.51 | AH10: =V10+X10+Z10+AB10+AD10+AF10 -> 0 | AI10: =V10+X10+Z10+AB10+AD10+AF10 -> 0
A11: 8 | I11: 16-1层08 | J11: 51.88 | AH11: =V11+X11+Z11+AB11+AD11+AF11 -> 0 | AI11: =V11+X11+Z11+AB11+AD11+AF11 -> 0
A12: 9 | I12: 16-1层09 | J12: 51.88 | AH12: =V12+X12+Z12+AB12+AD12+AF12 -> 0 | AI12: =V12+X12+Z12+AB12+AD12+AF12 -> 0
A13: 10 | I13: 16-1层10 | J13: 64.43 | AH13: =V13+X13+Z13+AB13+AD13+AF13 -> 0 | AI13: =V13+X13+Z13+AB13+AD13+AF13 -> 0
A14: 11 | I14: 16-1层11 | J14: 91.75 | AH14: =V14+X14+Z14+AB14+AD14+AF14 -> 0 | AI14: =V14+X14+Z14+AB14+AD14+AF14 -> 0
A15: 12 | I15: 16-1层12 | J15: 65.19 | AH15: =V15+X15+Z15+AB15+AD15+AF15 -> 0 | AI15: =V15+X15+Z15+AB15+AD15+AF15 -> 0
A16: 13 | I16: 16-1层13 | J16: 65.19 | AH16: =V16+X16+Z16+AB16+AD16+AF16 -> 0 | AI16: =V16+X16+Z16+AB16+AD16+AF16 -> 0
A17: 14 | I17: 16-1层14 | J17: 65.19 | AH17: =V17+X17+Z17+AB17+AD17+AF17 -> 0 | AI17: =V17+X17+Z17+AB17+AD17+AF17 -> 0
A18: 15 | I18: 16-1层15 | J18: 65.19 | AH18: =V18+X18+Z18+AB18+AD18+AF18 -> 0 | AI18: =V18+X18+Z18+AB18+AD18+AF18 -> 0
A19: 16 | I19: 16-1层16 | J19: 90.63 | AH19: =V19+X19+Z19+AB19+AD19+AF19 -> 0 | AI19: =V19+X19+Z19+AB19+AD19+AF19 -> 0
A20: 17 | I20: 16-1层17 | J20: 92.25 | AH20: =V20+X20+Z20+AB20+AD20+AF20 -> 0 | AI20: =V20+X20+Z20+AB20+AD20+AF20 -> 0
A21: 18 | G21: 郭亚坤 | I21: 16-1层18 | J21: 65.96 | R21: 5000 | S21: 2024.10.1 | T21: 0000241 | U21: 刘宁宁 | V21: 5000 | W21: 2024.10.1 | AH21: =V21+X21+Z21+AB21+AD21+AF21 -> 5000 | AI21: =V21+X21+Z21+AB21+AD21+AF21 -> 5000
A22: 19 | I22: 16-2层01 | J22: 103.39 | AH22: =V22+X22+Z22+AB22+AD22+AF22 -> 0 | AI22: =V22+X22+Z22+AB22+AD22+AF22 -> 0
A23: 20 | I23: 16-2层02 | J23: 63.86 | AH23: =V23+X23+Z23+AB23+AD23+AF23 -> 0 | AI23: =V23+X23+Z23+AB23+AD23+AF23 -> 0
A24: 21 | I24: 16-2层03 | J24: 128.59 | AH24: =V24+X24+Z24+AB24+AD24+AF24 -> 0 | AI24: =V24+X24+Z24+AB24+AD24+AF24 -> 0
A25: 22 | I25: 16-2层04 | J25: 63.86 | AH25: =V25+X25+Z25+AB25+AD25+AF25 -> 0 | AI25: =V25+X25+Z25+AB25+AD25+AF25 -> 0
A26: 23 | I26: 16-2层05 | J26: 63.86 | AH26: =V26+X26+Z26+AB26+AD26+AF26 -> 0 | AI26: =V26+X26+Z26+AB26+AD26+AF26 -> 0
A27: 24 | I27: 16-2层06 | J27: 63.86 | AH27: =V27+X27+Z27+AB27+AD27+AF27 -> 0 | AI27: =V27+X27+Z27+AB27+AD27+AF27 -> 0
A28: 25 | I28: 16-2层07 | J28: 74.5 | AH28: =V28+X28+Z28+AB28+AD28+AF28 -> 0 | AI28: =V28+X28+Z28+AB28+AD28+AF28 -> 0
A29: 26 | I29: 16-2层08 | J29: 76.02 | AH29: =V29+X29+Z29+AB29+AD29+AF29 -> 0 | AI29: =V29+X29+Z29+AB29+AD29+AF29 -> 0
A30: 27 | I30: 16-2层09 | J30: 63.86 | AH30: =V30+X30+Z30+AB30+AD30+AF30 -> 0 | AI30: =V30+X30+Z30+AB30+AD30+AF30 -> 0
A31: 28 | I31: 16-2层10 | J31: 63.86 | AH31: =V31+X31+Z31+AB31+AD31+AF31 -> 0 | AI31: =V31+X31+Z31+AB31+AD31+AF31 -> 0
A32: 29 | I32: 16-2层11 | J32: 79.3 | AH32: =V32+X32+Z32+AB32+AD32+AF32 -> 0 | AI32: =V32+X32+Z32+AB32+AD32+AF32 -> 0
A33: 30 | I33: 16-2层12 | J33: 207.02 | AH33: =V33+X33+Z33+AB33+AD33+AF33 -> 0 | AI33: =V33+X33+Z33+AB33+AD33+AF33 -> 0
... A40: 37 | I40: 16-3层01 | J40: 1015.88 | AH40: =V40+X40+Z40+AB40+AD40+AF40 -> 0 | AI40: =V40+X40+Z40+AB40+AD40+AF40 -> 0
A41: 38 | G41: 李瑾、冯红、田凯文、公维海、张芸绮、李明 | I41: 19-1层01 | J41: 43.28 | V41: 100000 | W41: 2024.6.19 | X41: =100000+100000+200000+2450000+200000+400000 -> 3450000 | Y41: 2024.7.12 | Z41: 550000 | AA41: 2024.8.15 | AH41: =V41+X41+Z41+AB41+AD41+AF41 -> 4100000 | AI41: =V41+X41+Z41+AB41+AD41+AF41 -> 4100000
A42: 39 | I42: 19-1层02 | J42: 44.3 | AH42: =V42+X42+Z42+AB42+AD42+AF42 -> 0 | AI42: =V42+X42+Z42+AB42+AD42+AF42 -> 0
A43: 40 | I43: 19-1层03 | J43: 42.77 | AH43: =V43+X43+Z43+AB43+AD43+AF43 -> 0 | AI43: =V43+X43+Z43+AB43+AD43+AF43 -> 0
A44: 41 | I44: 19-1层04 | J44: 42.77 | AH44: =V44+X44+Z44+AB44+AD44+AF44 -> 0 | AI44: =V44+X44+Z44+AB44+AD44+AF44 -> 0
A45: 42 | I45: 19-1层05 | J45: 42.77 | AH45: =V45+X45+Z45+AB45+AD45+AF45 -> 0 | AI45: =V45+X45+Z45+AB45+AD45+AF45 -> 0
A46: 43 | I46: 19-1层06 | J46: 48.88 | AH46: =V46+X46+Z46+AB46+AD46+AF46 -> 0 | AI46: =V46+X46+Z46+AB46+AD46+AF46 -> 0
A47: 44 | I47: 19-1层07 | J47: 42.77 | AH47: =V47+X47+Z47+AB47+AD47+AF47 -> 0 | AI47: =V47+X47+Z47+AB47+AD47+AF47 -> 0
A48: 45 | I48: 19-1层08 | J48: 42.77 | AH48: =V48+X48+Z48+AB48+AD48+AF48 -> 0 | AI48: =V48+X48+Z48+AB48+AD48+AF48 -> 0
A49: 46 | I49: 19-1层09 | J49: 42.77 | AH49: =V49+X49+Z49+AB49+AD49+AF49 -> 0 | AI49: =V49+X49+Z49+AB49+AD49+AF49 -> 0
A50: 47 | I50: 19-1层10 | J50: 43.28 | AH50: =V50+X50+Z50+AB50+AD50+AF50 -> 0 | AI50: =V50+X50+Z50+AB50+AD50+AF50 -> 0
A51: 48 | I51: 19-1层11 | J51: 43.28 | AH51: =V51+X51+Z51+AB51+AD51+AF51 -> 0 | AI51: =V51+X51+Z51+AB51+AD51+AF51 -> 0
A52: 49 | I52: 19-1层12 | J52: 42.77 | AH52: =V52+X52+Z52+AB52+AD52+AF52 -> 0 | AI52: =V52+X52+Z52+AB52+AD52+AF52 -> 0
A53: 50 | I53: 19-1层13 | J53: 42.77 | AH53: =V53+X53+Z53+AB53+AD53+AF53 -> 0 | AI53: =V53+X53+Z53+AB53+AD53+AF53 -> 0
... A64: 61 | I64: 19-2层04 | J64: 216.85 | AH64: =V64+X64+Z64+AB64+AD64+AF64 -> 0 | AI64: =V64+X64+Z64+AB64+AD64+AF64 -> 0
A65: 合计 | J65: =SUM(J4:J64) -> 5805.62 | M65: =SUM(M4:M64) -> 0 | R65: =SUM(R4:R64) -> 14000 | V65: =SUM(V4:V64) -> 114000 | X65: =SUM(X4:X64) -> 3450000 | Z65: =SUM(Z4:Z64) -> 550000 | AB65: =SUM(AB4:AB64) -> 0 | AD65: =SUM(AD4:AD64) -> 0 | AF65: =SUM(AF4:AF64) -> 0 | AH65: =SUM(AH4:AH64) -> 4114000 | AI65: =SUM(AI4:AI64) -> 4114000 | AJ65: =SUM(AJ4:AJ64) -> 0 | AK65: =SUM(AK4:AK64) -> 0

Sheet 画堂春锦一期10#17#楼楼面积差核减
B1: 房屋资料 | F1: 客户资料 | M1: 房屋资料 | Q1: 客户资料
A2: 序号 | B2: 房号 | C2: 面积 | D2: 实测面积 | E2: 面积差 | F2: 姓名 | G2: 房款 | L2: 序号 | M2: 房号 | N2: 面积 | O2: 实测面积 | P2: 面积差 | Q2: 姓名 | R2: 房款
G3: 单价 | H3: 原房价 | J3: 应退款 | R3: 单价 | S3: 原房价 | U3: 应退款
A4: 1 | B4: 10-1-101 | C4: 117.51 | D4: 117.5 | E4: -0.01 | F4: 徐铮 | G4: 8050 | H4: 945956 | J4: =E4*G4 -> -80.5 | L4: 1 | M4: 17-3层02 | N4: 572.65 | O4: 569.14 | P4: -3.51 | Q4: 李志鹏 | R4: 7000 | S4: 4008550 | U4: =P4*R4 -> -24570
A5: 2 | B5: 10-1-201 | C5: 115.95 | D5: 115.94 | E5: -0.01 | F5: 姚璐 | G5: 6190.71 | H5: 717813 | J5: =E5*G5 -> -61.9071
A6: 3 | B6: 10-1-202 | C6: 115.59 | D6: 115.58 | E6: -0.01 | F6: 赵大峰 | G6: 5600 | H6: 647304 | J6: =E6*G6 -> -56
A7: 4 | B7: 10-1-301 | C7: 115.95 | D7: 115.94 | E7: -0.01 | F7: 程乐 | G7: 5373.61 | H7: 623070 | J7: =E7*G7 -> -53.7361
A8: 5 | B8: 10-1-302 | C8: 115.59 | D8: 115.58 | E8: -0.01 | F8: 邬佳欣 | G8: 5382.96 | H8: 622216 | J8: =E8*G8 -> -53.8296
A9: 6 | B9: 10-1-401 | C9: 115.95 | D9: 115.94 | E9: -0.01 | F9: 董斌 | G9: 5167.38 | H9: 599158 | J9: =E9*G9 -> -51.6738
A10: 7 | B10: 10-1-402 | C10: 115.59 | D10: 115.58 | E10: -0.01 | F10: 冯虎军 | G10: 5176.38 | H10: 598338 | J10: =E10*G10 -> -51.7638
A11: 8 | B11: 10-1-501 | C11: 115.95 | D11: 115.94 | E11: -0.01 | F11: 罗江涛 | G11: 5338.51 | H11: 619000 | J11: =E11*G11 -> -53.3851
A12: 9 | B12: 10-1-502 | C12: 115.59 | D12: 115.58 | E12: -0.01 | F12: 吴健宏 | G12: 5226.385 | H12: 604118 | J12: =E12*G12 -> -52.26385
A13: 10 | B13: 10-1-601 | C13: 115.95 | D13: 115.94 | E13: -0.01 | F13: 闫金琪 | G13: 5424.75 | H13: 629000 | J13: =E13*G13 -> -54.2475
A14: 11 | B14: 10-1-602 | C14: 115.59 | D14: 115.58 | E14: -0.01 | F14: 常汉杰 | G14: 5271.38 | H14: 609319 | J14: =E14*G14 -> -52.7138
A15: 12 | B15: 10-1-701 | C15: 115.95 | D15: 115.94 | E15: -0.01 | F15: 郭少杰 | G15: 5285.38 | H15: 612840 | J15: =E15*G15 -> -52.8538
A16: 13 | B16: 10-1-702 | C16: 115.59 | D16: 115.58 | E16: -0.01 | F16: 蒋海 | G16: 5316.385 | H16: 614521 | J16: =E16*G16 -> -53.16385
... A55: 52 | B55: 10-3-1102 | C55: 151.49 | D55: 151.48 | E55: -0.01 | F55: 热米拉·阿不都音 | G55: 6230 | H55: 943783 | J55: =E55*G55 -> -62.3
A57: 合计 | E57: =SUM(E4:E56) -> -0.52 | J57: =SUM(J4:J56) -> -2913.9445

Sheet 画堂春锦苑一期未开票收入明细
B1: 合同签订日期 | C1: 合同号 | D1: 身份证号 | E1: 姓名 | H1: 房号 | I1: 开发 面积 | J1: 销售面积 | K1: 单价 | L1: 总价
N2: 不含税收入 | O2: 税金
C3: 未签合同按收款金额报 | E3: 巩红卫 | H3: 9-1-101 | I3: 149.84 | J3: 149.84 | L3: 20000 | N3: =L3/1.09 -> 18348.624 | O3: =L3-N3 -> 1651.3761
A4: 1 | B4: 2023.2.11 | C4: 20230001464 | D4: 652801198804051612 | E4: 王将龙、张辉 | H4: 9-1-102 | I4: 140.29 | J4: 140.29 | K4: 7863 | L4: 1103100 | N4: =L4/1.09 -> 1012018.3 | O4: =L4-N4 -> 91081.651
A5: 2 | B5: 2023.6.6 | C5: 20230004789 | D5: 622224199806125030 | E5: 张振华 | H5: 9-1-201 | I5: 146.97 | J5: 146.97 | K5: 5270 | L5: 774532 | N5: =L5/1.09 -> 710579.82 | O5: =L5-N5 -> 63952.183
A6: 3 | B6: 2023.8.6 | C6: 20230006624 | D6: 652801198308076116 | E6: 李杨 | H6: 9-1-202 | I6: 137.77 | J6: 137.77 | K6: 5334.97 | L6: 735000 | N6: =L6/1.09 -> 674311.93 | O6: =L6-N6 -> 60688.073
A7: 4 | B7: 2023.2.20 | C7: 20230001743 | D7: 65282319860301002X | E7: 吴莎莎 | H7: 9-1-301 | I7: 146.97 | J7: 146.97 | K7: 5245.55 | L7: 770939 | N7: =L7/1.09 -> 707283.49 | O7: =L7-N7 -> 63655.514
A8: 5 | B8: 2023.2.10 | C8: 20230001404 | D8: 513027197708045621 | E8: 曾丽萍、胡卿 | H8: 9-1-302 | I8: 137.77 | J8: 137.77 | K8: 5140.96 | L8: 708270 | N8: =L8/1.09 -> 649788.99 | O8: =L8-N8 -> 58481.009
A9: 6 | B9: 2023.2.11 | C9: 20230001431 | D9: 652828199308011528 | E9: 李燕燕 | H9: 9-1-401 | I9: 146.97 | J9: 146.97 | K9: 5300 | L9: 778941 | N9: =L9/1.09 -> 714624.77 | O9: =L9-N9 -> 64316.229
A10: 7 | B10: 2023.2.5 | C10: 20230000706 | D10: 652827199606182038 | E10: 方建成 | H10: 9-1-402 | I10: 137.77 | J10: 137.77 | K10: 5320 | L10: 732936 | N10: =L10/1.09 -> 672418.35 | O10: =L10-N10 -> 60517.651
A11: 8 | B11: 2023.2.10 | C11: 20230001400 | D11: 41140319960308061X | E11: 刘桂芝、陈浩 | H11: 9-1-501 | I11: 146.97 | J11: 146.97 | K11: 5208.96 | L11: 765561 | N11: =L11/1.09 -> 702349.54 | O11: =L11-N11 -> 63211.459
A12: 9 | B12: 2023.4.30 | C12: 20230003790 | D12: 652801199105080013 | E12: 余泽华 | H12: 9-1-502 | I12: 137.77 | J12: 137.77 | K12: 5421.94 | L12: 746980 | N12: =L12/1.09 -> 685302.75 | O12: =L12-N12 -> 61677.248
A13: 10 | B13: 2023.6 | C13: 20230004864 | D13: 610502199911101019 | E13: 谷镇江 | H13: 9-1-601 | I13: 146.97 | J13: 146.97 | K13: 5877.2266 | L13: 863776 | N13: =L13/1.09 -> 792455.05 | O13: =L13-N13 -> 71320.954
A14: 11 | B14: 2023.3.6 | C14: 20230000730 | D14: 130281199911135336 | E14: 赵敬泽 | H14: 9-1-602 | I14: 137.77 | J14: 137.77 | K14: 5265.96 | L14: 725492 | N14: =L14/1.09 -> 665588.99 | O14: =L14-N14 -> 59903.009
A15: 12 | B15: 2023.2.5 | C15: 20230000725 | D15: 652823199412240521 | E15: 张洁 | H15: 9-1-701 | I15: 146.97 | J15: 146.97 | K15: 5298.97 | L15: 778789 | N15: =L15/1.09 -> 714485.32 | O15: =L15-N15 -> 64303.679
A16: 13 | B16: 2023.1.6 | C16: 20230000142 | D16: 650103198805195514 | E16: 贺飞 | H16: 9-1-702 | I16: 137.77 | J16: 137.77 | K16: 5310.96 | L16: 731691 | N16: =L16/1.09 -> 671276.15 | O16: =L16-N16 -> 60414.853
A17: 14 | B17: 2023.3.7 | C17: 20230000953 | D17: 650107198311200016 | E17: 胡勇、王丹风 | H17: 9-1-801 | I17: 146.97 | J17: 146.97 | K17: 5323.96 | L17: 782463 | N17: =L17/1.09 -> 717855.96 | O17: =L17-N17 -> 64607.037
A18: 15 | B18: 2023.2.10 | C18: 20230001308 | D18: 41128219990719803X | E18: 原奥拓 | H18: 9-1-802 | I18: 137.77 | J18: 137.77 | K18: 5335.96 | L18: 735136 | N18: =L18/1.09 -> 674436.7 | O18: =L18-N18 -> 60699.303
A19: 16 | B19: 2023.4.10 | C19: 20230003229 | D19: 620121196609240531 | E19: 王贤 | H19: 9-1-901 | I19: 146.97 | J19: 146.97 | K19: 5368.96 | L19: 789076 | N19: =L19/1.09 -> 723922.94 | O19: =L19-N19 -> 65153.064
A20: 17 | B20: 2023.2.9 | C20: 20230001243 | D20: 411627199609016418 | E20: 任文森 | H20: 9-1-902 | I20: 137.77 | J20: 137.77 | K20: 5380.96 | L20: 741335 | N20: =L20/1.09 -> 680123.85 | O20: =L20-N20 -> 61211.147
A21: 18 | B21: 2023.2.9 | C21: 20230001161 | D21: 652826199901091116 | E21: 黄豪 | H21: 9-1-1001 | I21: 146.97 | J21: 146.97 | K21: 5388.96 | L21: 792016 | N21: =L21/1.09 -> 726620.18 | O21: =L21-N21 -> 65395.817
A22: 19 | B22: 2023.1.7 | C22: 20230000170 | D22: 652322198710153532 | E22: 李乐 | H22: 9-1-1002 | I22: 137.77 | J22: 137.77 | K22: 5351 | L22: 737202 | N22: =L22/1.09 -> 676332.11 | O22: =L22-N22 -> 60869.89
A23: 20 | B23: 2023.6.17 | C23: 20230005171 | D23: 652827199002141446 | E23: 王霞、蔡国锋 | H23: 9-1-1101 | I23: 146.97 | J23: 146.97 | K23: 6443.5 | L23: 947000 | N23: =L23/1.09 -> 868807.34 | O23: =L23-N23 -> 78192.661
A24: 21 | B24: 2023.2.10 | C24: 20230001343 | D24: 650121197901080838 | E24: 蔡俊 | H24: 9-1-1102 | I24: 137.77 | J24: 137.77 | K24: 6520 | L24: 898260 | N24: =L24/1.09 -> 824091.74 | O24: =L24-N24 -> 74168.257
A25: 22 | B25: 2023.10.5 | C25: 20230008632 | D25: 654126199301130517 | E25: 哈尔肯 | H25: 9-2-101 | I25: 140.29 | J25: 140.29 | K25: 7860 | L25: 1102679 | N25: =L25/1.09 -> 1011632.1 | O25: =L25-N25 -> 91046.89
... A31: 28 | B31: 2023.2.11 | C31: 20230001440 | D31: 652801199607011616 | E31: 王鹏伟 | H31: 9-2-401 | I31: 137.77 | J31: 137.77 | K31: 137.77 | L31: 728681 | N31: =L31/1.09 -> 668514.68 | O31: =L31-N31 -> 60166.321
A32: 29 | B32: 2023.2.11 | C32: 20230001507 | D32: 652801199208086127 | E32: 阿依努尔·艾比布拉 海提甫江·托乎提 | H32: 9-2-402 | I32: 138.26 | J32: 138.26 | K32: 5268.63 | L32: 728441 | N32: =L32/1.09 -> 668294.5 | O32: =L32-N32 -> 60146.505
A33: 30 | B33: 2023.2.9 | C33: 20230001147 | D33: 652828199506072022 | E33: 陶婧、屈疆龙 | H33: 9-2-501 | I33: 137.77 | J33: 137.77 | K33: 5220 | L33: 719159 | N33: =L33/1.09 -> 659778.9 | O33: =L33-N33 -> 59380.101
A34: 31 | B34: 2023.2.7 | C34: 20230000826 | D34: 622301198909022815 | E34: 张生祥、杨静 | H34: 9-2-502 | I34: 138.26 | J34: 138.26 | K34: 5194.96 | L34: 718256 | N34: =L34/1.09 -> 658950.46 | O34: =L34-N34 -> 59305.541
A35: 32 | B35: 2023.5.7 | C35: 20230003918 | D35: 652824199310030028 | E35: 排日阿依·库德来提 | H35: 9-2-601 | I35: 137.77 | J35: 137.77 | K35: 5259.96 | L35: 724665 | N35: =L35/1.09 -> 664830.28 | O35: =L35-N35 -> 59834.725
A36: 33 | B36: 2023.3.20 | C36: 20230002636 | D36: 622326198402150014 | E36: 李学德 | H36: 9-2-602 | I36: 138.26 | J36: 138.26 | K36: 5238.96 | L36: 724477 | N36: =L36/1.09 -> 664657.8 | O36: =L36-N36 -> 59819.202
A37: 34 | B37: 2023.2.11 | C37: 20230001427 | D37: 620321199802120317 | E37: 祁世权 | H37: 9-2-701 | I37: 137.77 | J37: 137.77 | K37: 5304.96 | L37: 730865 | N37: =L37/1.09 -> 670518.35 | O37: =L37-N37 -> 60346.651
A38: 35 | B38: 2023.2.8 | C38: 20230001033 | D38: 652301199712106417 | E38: 袁泽 | H38: 9-2-702 | I38: 138.26 | J38: 138.26 | K38: 5284.96 | L38: 730699 | N38: =L38/1.09 -> 670366.06 | O38: =L38-N38 -> 60332.945
A39: 36 | B39: 2023.2.10 | C39: 20230001384 | D39: 412326199605102712 | E39: 代永涛 | H39: 9-2-801 | I39: 137.77 | J39: 137.77 | K39: 5329.96 | L39: 734309 | N39: =L39/1.09 -> 673677.98 | O39: =L39-N39 -> 60631.018
A40: 37 | B40: 2023.6.29 | C40: 20230005434 | D40: 622621199201013 | E40: 丁晓琴 | H40: 9-2-802 | I40: 138.26 | J40: 138.26 | K40: 5309.96 | L40: 734155 | N40: =L40/1.09 -> 673536.7 | O40: =L40-N40 -> 60618.303
A41: 38 | B41: 2023.2.5 | C41: 20230000663 | D41: 620422199604200852 | E41: 贾康 | H41: 9-2-901 | I41: 137.77 | J41: 137.77 | K41: 5374.96 | L41: 740509 | N41: =L41/1.09 -> 679366.06 | O41: =L41-N41 -> 61142.945
A42: 39 | B42: 2023.2.8 | C42: 20230001030 | D42: 622224199601023014 | E42: 刘志辉 | H42: 9-2-902 | I42: 138.26 | J42: 138.26 | K42: 5354.96 | L42: 740377 | N42: =L42/1.09 -> 679244.95 | O42: =L42-N42 -> 61132.046
A43: 40 | B43: 2023.2.8 | C43: 20230001002 | D43: 652825196806160021 | E43: 张梦圆、张金玲 | H43: 9-2-1001 | I43: 137.77 | J43: 137.77 | K43: 5538.22 | L43: 763000 | N43: =L43/1.09 -> 700000 | O43: =L43-N43 -> 63000
A44: 41 | B44: 2023.2.11 | C44: 20230001567 | D44: 14220219850929237X | E44: 陈义 | H44: 9-2-1002 | I44: 138.26 | J44: 138.26 | K44: 5520.02 | L44: 763198 | N44: =L44/1.09 -> 700181.65 | O44: =L44-N44 -> 63016.349
A45: 42 | B45: 2023.11.19 | C45: 20230009766 | D45: 652401199902210035 | E45: 韩林 | H45: 9-2-1101 | I45: 137.77 | J45: 137.77 | K45: 6482 | L45: 893025 | N45: =L45/1.09 -> 819288.99 | O45: =L45-N45 -> 73736.009
A46: 43 | B46: 2023.3.31 | C46: 20230002981 | D46: 652801199207070027 | E46: 王林培 | H46: 9-2-1102 | I46: 138.26 | J46: 138.26 | K46: 6609 | L46: 913760 | N46: =L46/1.09 -> 838311.93 | O46: =L46-N46 -> 75448.073
A47: 44 | B47: 2023.4.7 | C47: 20230003140 | D47: 652801197708111633 | E47: 徐铮 | H47: 10-1-101 | I47: 117.5 | J47: 117.5 | K47: 8050 | L47: 945875 | N47: =L47/1.09 -> 867775.23 | O47: =L47-N47 -> 78099.771
A48: 45 | B48: 45520 | C48: 20240004715 | D48: 422822198809032540 | E48: 姚璐 | H48: 10-1-201 | I48: 115.94 | J48: 115.94 | K48: 6190.7107 | L48: 717751 | N48: =L48/1.09 -> 658487.16 | O48: =L48-N48 -> 59263.844
A49: 46 | B49: 2023.6.9 | C49: 20230004693 | D49: 652801197501211637 | E49: 赵大峰 | H49: 10-1-202 | I49: 115.58 | J49: 115.58 | K49: 5600 | L49: 647248 | N49: =L49/1.09 -> 593805.5 | O49: =L49-N49 -> 53442.495
A50: 47 | B50: 2023.5 | C50: 20230005310 | D50: 65420198906100074 | E50: 程乐 | H50: 10-1-301 | I50: 115.94 | J50: 115.94 | K50: 5373.61 | L50: 623016 | N50: =L50/1.09 -> 571574.31 | O50: =L50-N50 -> 51441.688
A51: 48 | B51: 2023.5.28 | C51: 20230004501 | D51: 511324200001032069 | E51: 邬佳欣 | H51: 10-1-302 | I51: 115.58 | J51: 115.58 | K51: 5382.96 | L51: 622162 | N51: =L51/1.09 -> 570790.83 | O51: =L51-N51 -> 51371.174
A52: 49 | B52: 2023.2.10 | C52: 20230001273 | D52: 65282319950322261X | E52: 董斌 | H52: 10-1-401 | I52: 115.94 | J52: 115.94 | K52: 5167.38 | L52: 599106 | N52: =L52/1.09 -> 549638.53 | O52: =L52-N52 -> 49467.468
A53: 50 | B53: 2023.2.9 | C53: 20230001131 | D53: 62245198505047318 | E53: 冯虎军、张维萍 | H53: 10-1-402 | I53: 115.58 | J53: 115.58 | K53: 5176.38 | L53: 598286 | N53: =L53/1.09 -> 548886.24 | O53: =L53-N53 -> 49399.761
A54: 51 | B54: 2023.2.7 | C54: 20230000938 | D54: 511321200412226432 | E54: 罗江涛 | H54: 10-1-501 | I54: 115.94 | J54: 115.94 | K54: 5338.51 | L54: 618947 | N54: =L54/1.09 -> 567841.28 | O54: =L54-N54 -> 51105.716
A55: 52 | B55: 2023.2.8 | C55: 20230001016 | D55: 620422199803062210 | E55: 吴健宏 | H55: 10-1-502 | I55: 115.58 | J55: 115.58 | K55: 5226.39 | L55: 604066 | N55: =L55/1.09 -> 554188.99 | O55: =L55-N55 -> 49877.009
A56: 53 | B56: 2023.4.24 | C56: 20230003632 | D56: 622323199808155259 | E56: 闫金琪 | H56: 10-1-601 | I56: 115.94 | J56: 115.94 | K56: 5424.75 | L56: 628946 | N56: =L56/1.09 -> 577014.68 | O56: =L56-N56 -> 51931.321
A57: 54 | B57: 2023.2.8 | C57: 20230001069 | D57: 62230119980816857X | E57: 常汉杰 | H57: 10-1-602 | I57: 115.58 | J57: 115.58 | K57: 5271.38 | L57: 609266 | N57: =L57/1.09 -> 558959.63 | O57: =L57-N57 -> 50306.367
A58: 55 | B58: 2023.4.1 | C58: 20230003012 | D58: 65422320000802061X | E58: 郭少杰 | H58: 10-1-701 | I58: 115.94 | J58: 115.94 | K58: 5285.38 | L58: 612787 | N58: =L58/1.09 -> 562189.91 | O58: =L58-N58 -> 50597.092
A59: 56 | B59: 2023.4.24 | C59: 20230003627 | D59: 652201197601012114 | E59: 蒋海 | H59: 10-1-702 | I59: 115.58 | J59: 115.58 | K59: 5316.38 | L59: 614468 | N59: =L59/1.09 -> 563732.11 | O59: =L59-N59 -> 50735.89
A60: 57 | B60: 2023.2.10 | C60: 20230001361 | D60: 652829199405200319 | E60: 赵宝成 | H60: 10-1-801 | I60: 115.94 | J60: 115.94 | K60: 5412.4 | L60: 627514 | N60: =L60/1.09 -> 575700.92 | O60: =L60-N60 -> 51813.083
A61: 58 | B61: 2023.2.6 | C61: 20230000787 | D61: 652826197610011439 | E61: 马学礼 | H61: 10-1-802 | I61: 115.58 | J61: 115.58 | K61: 5341.38 | L61: 617357 | N61: =L61/1.09 -> 566382.57 | O61: =L61-N61 -> 50974.431
A62: 59 | B62: 2023.2.9 | C62: 20230001189 | D62: 510304197211016111 | E62: 黄腾、黄泽君、钟丽萍 | H62: 10-1-901 | I62: 115.94 | J62: 115.94 | K62: 5377.38 | L62: 623454 | N62: =L62/1.09 -> 571976.15 | O62: =L62-N62 -> 51477.853
... A70: 67 | B70: 2023.8.9 | C70: 20230006724 | D70: 654224200001060412 | E70: 蒋佳熹 | H70: 10-2-201 | I70: 115.58 | J70: 115.58 | K70: 5680 | L70: 656494 | N70: =L70/1.09 -> 602288.07 | O70: =L70-N70 -> 54205.927
A71: 68 | B71: 2023.6 | C71: 20230005301 | D71: 652824199601300016 | E71: 萨拉木·伊力 | H71: 10-2-202 | I71: 115.58 | J71: 115.58 | K71: 5623.32 | L71: 649944 | N71: =L71/1.09 -> 596278.9 | O71: =L71-N71 -> 53665.101
A72: 69 | B72: 2023.5.2 | C72: 20230003813 | D72: 622223199212064617 | E72: 陈辉明 | H72: 10-2-301 | I72: 115.58 | J72: 115.58 | K72: 5363.79 | L72: 619946 | N72: =L72/1.09 -> 568757.8 | O72: =L72-N72 -> 51188.202
A73: 70 | B73: 2023.2.6 | C73: 20230000839 | D73: 411425198806060970 | E73: 赵东雷、崔丽 | H73: 10-2-302 | I73: 115.58 | J73: 115.58 | K73: 5284.66 | L73: 610801 | N73: =L73/1.09 -> 560367.89 | O73: =L73-N73 -> 50433.11
A74: 71 | B74: 2023.2.5 | C74: 20230000683 | D74: 650300196907235719 | E74: 逯顺全 | H74: 10-2-401 | I74: 115.58 | J74: 115.58 | K74: 5182.38 | L74: 598980 | N74: =L74/1.09 -> 549522.94 | O74: =L74-N74 -> 49457.064
A75: 72 | B75: 2023.2.28 | C75: 20230002094 | D75: 654125199705115579 | E75: 王坤 | H75: 10-2-402 | I75: 115.58 | J75: 115.58 | K75: 5380 | L75: 621820 | N75: =L75/1.09 -> 570477.06 | O75: =L75-N75 -> 51342.936
A76: 73 | B76: 2023.2.9 | C76: 20230001152 | D76: 652827198810020947 | E76: 巴音查汗、乔龙 | H76: 10-2-501 | I76: 115.58 | J76: 115.58 | K76: 5232.38 | L76: 604759 | N76: =L76/1.09 -> 554824.77 | O76: =L76-N76 -> 49934.229
A77: 74 | B77: 2023.4.5 | C77: 20230003103 | D77: 622426199208211119 622426199301021141 | E77: 刘彦平、孙芮 | H77: 10-2-502 | I77: 115.58 | J77: 115.58 | K77: 5238.39 | L77: 605453 | N77: =L77/1.09 -> 555461.47 | O77: =L77-N77 -> 49991.532
A78: 75 | B78: 2023.2.7 | C78: 20230000967 | D78: 622827199702182518 | E78: 张春波 | H78: 10-2-601 | I78: 115.58 | J78: 115.58 | K78: 5277.38 | L78: 609960 | N78: =L78/1.09 -> 559596.33 | O78: =L78-N78 -> 50363.67
A79: 76 | B79: 2023.2.6 | C79: 20230000768 | D79: 62242619940184812 | E79: 吴彦良 | H79: 10-2-602 | I79: 115.58 | J79: 115.58 | K79: 5283.38 | L79: 610653 | N79: =L79/1.09 -> 560232.11 | O79: =L79-N79 -> 50420.89
A80: 77 | B80: 2023.2.11 | C80: 20230001457 | D80: 622322199606201871 | E80: 薛维仓 | H80: 10-2-701 | I80: 115.58 | J80: 115.58 | K80: 5452.23 | L80: 630168 | N80: =L80/1.09 -> 578135.78 | O80: =L80-N80 -> 52032.22
A81: 78 | B81: 2023.2.6 | C81: 20230000811 | D81: 652801198912021613 | E81: 职啸晨 | H81: 10-2-702 | I81: 115.58 | J81: 115.58 | K81: 5328.38 | L81: 615855 | N81: =L81/1.09 -> 565004.59 | O81: =L81-N81 -> 50850.413
A82: 79 | B82: 2023.3 | C82: 20230001701 | D82: 632821199110181013 | E82: 王振兴 | H82: 10-2-801 | I82: 115.58 | J82: 115.58 | K82: 5347.38 | L82: 618051 | N82: =L82/1.09 -> 567019.27 | O82: =L82-N82 -> 51031.734
A83: 80 | B83: 2023.2.9 | C83: 20230001118 | D83: 62232219990303001X | E83: 王诺 | H83: 10-2-802 | I83: 115.58 | J83: 115.58 | K83: 5353.38 | L83: 618743 | N83: =L83/1.09 -> 567654.13 | O83: =L83-N83 -> 51088.872
A84: 81 | B84: 2023.2.10 | C84: 20230001276 | D84: 652827199211063819 | E84: 蒋利军、何亚军 | H84: 10-2-901 | I84: 115.58 | J84: 115.58 | K84: 5392.38 | L84: 623251 | N84: =L84/1.09 -> 571789.91 | O84: =L84-N84 -> 51461.092
A85: 82 | B85: 2023.2.8 | C85: 20230001043 | D85: 620123198706117713 | E85: 孙燕黎 | H85: 10-2-902 | I85: 115.58 | J85: 115.58 | K85: 5398.38 | L85: 623945 | N85: =L85/1.09 -> 572426.61 | O85: =L85-N85 -> 51518.394
A86: 83 | B86: 2023.2.9 | C86: 20230001164 | D86: 620522199611094475 | E86: 张辉军 | H86: 10-2-1001 | I86: 115.58 | J86: 115.58 | K86: 5549.78 | L86: 641445 | N86: =L86/1.09 -> 588481.65 | O86: =L86-N86 -> 52963.349
A87: 84 | B87: 2023.4.28 | C87: 20230003749 | D87: 652801197004281683 | E87: 张灵霞、刘敬涛 | H87: 10-2-1002 | I87: 115.58 | J87: 115.58 | K87: 5500 | L87: 635690 | N87: =L87/1.09 -> 583201.83 | O87: =L87-N87 -> 52488.165
A88: 85 | B88: 2023.2.8 | C88: 20230001057 | D88: 652801197511222225 | E88: 杜海燕、吴晓军 | H88: 10-2-1101 | I88: 115.58 | J88: 115.58 | K88: 6572.42 | L88: 759640 | N88: =L88/1.09 -> 696917.43 | O88: =L88-N88 -> 62722.569
A89: 86 | B89: 2023.2.7 | C89: 20230000895 | D89: 65010719861220001X | E89: 宋哲、李晨晖 | H89: 10-2-1102 | I89: 115.58 | J89: 115.58 | K89: 6630.42 | L89: 766344 | N89: =L89/1.09 -> 703067.89 | O89: =L89-N89 -> 63276.11
A90: 87 | B90: 2023.2.6 | C90: 202300000774 | D90: 13043019941102151X | E90: 刘钦 | H90: 10-3-101 | I90: 143.33 | J90: 143.33 | K90: 7857 | L90: 1126144 | N90: =L90/1.09 -> 1033159.6 | O90: =L90-N90 -> 92984.367
A91: 88 | B91: 2023.2.8 | C91: 20230001006 | D91: 652201197808182110 | E91: 郭天林 | H91: 10-3-201 | I91: 142.14 | J91: 142.14 | K91: 5086.1 | L91: 722938 | N91: =L91/1.09 -> 663245.87 | O91: =L91-N91 -> 59692.128
A92: 89 | B92: 2023.5.15 | C92: 20230004123 | D92: 510921199508202810 | E92: 刘柯 | H92: 10-3-202 | I92: 151.48 | J92: 151.48 | K92: 5319.74 | L92: 795835 | N92: =L92/1.09 -> 730123.85 | O92: =L92-N92 -> 65711.147
A93: 90 | B93: 2023.2.11 | C93: 20230001471 | D93: 652325199808103617 | E93: 李义明 | H93: 10-3-301 | I93: 142.14 | J93: 142.14 | K93: 5136.38 | L93: 730085 | N93: =L93/1.09 -> 669802.75 | O93: =L93-N93 -> 60282.248
A94: 91 | B94: 2023.4.26 | C94: 20230003708 | D94: 622723199008203832 | E94: 刘小刚、张彩娥 | H94: 10-3-302 | I94: 151.48 | J94: 151.48 | K94: 5313.88 | L94: 804947 | N94: =L94/1.09 -> 738483.49 | O94: =L94-N94 -> 66463.514
A95: 92 | B95: 2023.2.6 | C95: 20230000803 | D95: 652801197710293720 | E95: 李佳芮、仝森 | H95: 10-3-401 | I95: 142.14 | J95: 142.14 | K95: 5166.38 | L95: 734350 | N95: =L95/1.09 -> 673715.6 | O95: =L95-N95 -> 60634.404
A96: 93 | B96: 2023.3.15 | C96: 20230002472 | D96: 652322199701103511 | E96: 穆亚东 | H96: 10-3-402 | I96: 151.48 | J96: 151.48 | K96: 5329.57 | L96: 802844 | N96: =L96/1.09 -> 736554.13 | O96: =L96-N96 -> 66289.872
A97: 94 | B97: 2023.11.10 | C97: 20230009580 | D97: 622201198904107814 | E97: 刘素涵 | H97: 10-3-501 | I97: 142.14 | J97: 142.14 | K97: 5944.84 | L97: 845000 | N97: =L97/1.09 -> 775229.36 | O97: =L97-N97 -> 69770.642
A98: 95 | B98: 2023.3.26 | C98: 20230002805 | D98: 622726199301081351 | E98: 邵鹏飞 | H98: 10-3-502 | I98: 151.48 | J98: 151.48 | K98: 5360 | L98: 811932 | N98: =L98/1.09 -> 744891.74 | O98: =L98-N98 -> 67040.257
A99: 96 | B99: 2023.2.8 | C99: 20230001038 | D99: 622323198610063418 | E99: 闫鹏忠、张艳梅 | H99: 10-3-601 | I99: 142.14 | J99: 142.14 | K99: 5261.38 | L99: 747853 | N99: =L99/1.09 -> 686103.67 | O99: =L99-N99 -> 61749.33
A100: 97 | B100: 2023.2.10 | C100: 20230001396 | D100: 412721199908133 | E100: 张昊 | H100: 10-3-602 | I100: 151.48 | J100: 151.48 | K100: 5175.37 | L100: 783965 | N100: =L100/1.09 -> 719233.94 | O100: =L100-N100 -> 64731.055
A101: 98 | B101: 2023.2.9 | C101: 20230001256 | D101: 652828199312020320 | E101: 王晓惠 | H101: 10-3-701 | I101: 142.14 | J101: 142.14 | K101: 5306.38 | L101: 754249 | N101: =L101/1.09 -> 691971.56 | O101: =L101-N101 -> 62277.44
A102: 99 | B102: 2023.2.11 | C102: 20230001540 | D102: 411424200209231376 | E102: 崔丽、陈士豪 | H102: 10-3-702 | I102: 151.48 | J102: 151.48 | K102: 5412.09 | L102: 819825 | N102: =L102/1.09 -> 752133.03 | O102: =L102-N102 -> 67691.972
A103: 100 | B103: 2023.2.10 | C103: 20230001409 | D103: 652801199607263418 | E103: 史锐 | H103: 10-3-801 | I103: 142.14 | J103: 142.14 | K103: 5331.38 | L103: 757803 | N103: =L103/1.09 -> 695232.11 | O103: =L103-N103 -> 62570.89
A104: 101 | B104: 2023.2.25 | C104: 20230001886 | D104: 622825199504060912 | E104: 彭立刚 | H104: 10-3-802 | I104: 151.48 | J104: 151.48 | K104: 5460 | L104: 827080 | N104: =L104/1.09 -> 758788.99 | O104: =L104-N104 -> 68291.009
A105: 102 | B105: 2023.3.15 | C105: 20230002447 | D105: 652827199007230333 | E105: 杨龙、贾晏平、田东华 | H105: 10-3-901 | I105: 142.14 | J105: 142.14 | K105: 5376.38 | L105: 764199 | N105: =L105/1.09 -> 701100 | O105: =L105-N105 -> 63099
A106: 103 | B106: 2023.2.25 | C106: 20230001880 | D106: 652801196612301614 | E106: 许德宏 | H106: 10-3-902 | I106: 151.48 | J106: 151.48 | K106: 5550 | L106: 840714 | N106: =L106/1.09 -> 771297.25 | O106: =L106-N106 -> 69416.752
A107: 104 | B107: 2023.2.5 | C107: 20230000675 | D107: 622424199011095270 | E107: 何文斌 | H107: 10-3-1001 | I107: 142.14 | J107: 142.14 | K107: 5396.38 | L107: 767042 | N107: =L107/1.09 -> 703708.26 | O107: =L107-N107 -> 63333.743
A108: 105 | B108: 2023.6.7 | C108: 20230004799 | D108: 211321199710254291 | E108: 张明旭 | H108: 10-3-1002 | I108: 151.48 | J108: 151.48 | K108: 5617.27 | L108: 850904 | N108: =L108/1.09 -> 780645.87 | O108: =L108-N108 -> 70258.128
A109: 106 | B109: 2023.2.7 | C109: 20230000863 | D109: 650107198712280029 | E109: 李菲辉 | H109: 10-3-1101 | I109: 142.14 | J109: 142.14 | K109: 6246.42 | L109: 887866 | N109: =L109/1.09 -> 814555.96 | O109: =L109-N109 -> 73310.037
A110: 107 | B110: 2023.5.19 | C110: 20230004274 | D110: 650104198206090725 | E110: 热米拉·阿不都音 阿德里江·阿里甫 | H110: 10-3-1102 | I110: 151.48 | J110: 151.48 | K110: 6230 | L110: 943721 | N110: =L110/1.09 -> 865799.08 | O110: =L110-N110 -> 77921.917
A111: 108 | B111: 2023.2.9 | C111: 20230001252 | D111: 652801199404281624 | E111: 周丹妮、郭耀文 | H111: 11-1-101 | I111: 107.8 | J111: 107.8 | K111: 7961 | L111: 858196 | N111: =L111/1.09 -> 787335.78 | O111: =L111-N111 -> 70860.22
A112: 109 | B112: 2023.5.29 | C112: 20230004510 | D112: 652801197410153929 | E112: 李晓兰 | H112: 11-1-102 | I112: 107.62 | J112: 107.62 | K112: 8000 | L112: 860960 | N112: =L112/1.09 -> 789871.56 | O112: =L112-N112 -> 71088.44
...

Sheet Sheet3

Sheet Sheet1

Sheet 销售费率计算表
A1: 画堂春锦销售费率
A2: 年 | B2: 月 | C2: 提成 | D2: 套奖 | E2: 基本工资 | F2: 社保（企业） | G2: 已结算费用明细 | H2: 计佣回款金额 | J2: 创智源
A3: 2022 | B3: 7 | E3: 76171 | G3: =C3+D3+E3+F3 -> 76171
B4: 8 | D4: 20233 | E4: 130081 | G4: =C4+D4+E4+F4 -> 150314
B5: 9 | E5: 51634.78 | G5: =C5+D5+E5+F5 -> 51634.78
B6: 10 | E6: 44850 | F6: 10486.46 | G6: =C6+D6+E6+F6 -> 55336.46
B7: 11 | E7: 44850 | F7: 10486.46 | G7: =C7+D7+E7+F7 -> 55336.46
B8: 12 | E8: 115936.67 | F8: =74852.8+2382.24+11429.05+487.5+1905.12 -> 91056.71 | G8: =C8+D8+E8+F8 -> 206993.38
A9: 2023 | B9: 1 | E9: 86064.3 | F9: 19126.88 | G9: =C9+D9+E9+F9 -> 105191.18 | H9: 1217345
B10: 2 | C10: 156309 | D10: 34200 | E10: 86216 | F10: 19126.88 | G10: =C10+D10+E10+F10 -> 295851.88 | H10: 23244883
B11: 3 | C11: 71499.75 | D11: 10700 | E11: 75000 | F11: 23938.45 | G11: =C11+D11+E11+F11 -> 181138.2 | H11: 11104011 | I11: 0.02 | J11: =H11*I11 -> 222080.22
B12: 4 | C12: 66046.51 | D12: 5100 | E12: 88732 | F12: 25135.39 | G12: =C12+D12+E12+F12 -> 185013.9 | H12: 9615172 | I12: 0.02 | J12: =H12*I12 -> 192303.44
B13: 5 | G13: =C13+D13+E13+F13 -> 0
B14: 6 | G14: =C14+D14+E14+F14 -> 0
B15: 7 | G15: =C15+D15+E15+F15 -> 0
B16: 8 | G16: =C16+D16+E16+F16 -> 0
B17: 9 | G17: =C17+D17+E17+F17 -> 0
B18: 10 | G18: =C18+D18+E18+F18 -> 0
B19: 11 | G19: =C19+D19+E19+F19 -> 0
B20: 12 | G20: =C20+D20+E20+F20 -> 0
G21: =C21+D21+E21+F21 -> 0
A22: 合计 | C22: =SUM(C3:C21) -> 293855.26 | D22: =SUM(D3:D21) -> 70233 | E22: =SUM(E3:E21) -> 799535.75 | F22: =SUM(F3:F21) -> 199357.23 | G22: =SUM(G3:G21) -> 1362981.2 | H22: =SUM(H3:H21) -> 45181411 | I22: 销售费率占比 | J22: =G22/H22 -> 0.030166859

Sheet Sheet11
